Workbook

Sheet Смета по ФЕР 421пр (12гр.)
A1: =Source!B1 -> АтомСмета
B3: "СОГЛАСОВАНО" | H3: "УТВЕРЖДАЮ"
B6: =CONCATENATE("______________________ ", IF(Source!AL12<>"", Source!AL12, "")) -> ______________________ | H6: =CONCATENATE("______________________ ", IF(Source!AH12<>"", Source!AH12, "")) -> ______________________
B7: "_____"________________ 2023 г. | H7: "_____"________________ 2023 г.
A10: =CONCATENATE( "Наименование редакции сметных нормативов: ", Source!CQ12) -> Наименование редакции сметных нормативов: ГОСУДАРСТВЕННЫЕ СМЕТНЫЕ НОРМАТИВЫ (ФЕР-2020), утвержденные приказами Минстроя России от 26 декабря 2019 г. № 876/пр (в редакции приказов Минстроя РФ от 30 марта 2020 г. № 172/пр, от 1 июня 2020 г. № 294/пр, от 30 июня 2020 г. № 352/пр, от 20 октября 2020 г. № 636/пр, от 9 февраля 2021 г. № 51/пр, от 24 мая 2021 г. № 321/пр, от 24 июня 2021 г. № 408/пр, от 14 октября 2021 № 746/пр, от 20 декабря 2021 № 962/пр) | CP10: =CONCATENATE( "Наименование редакции сметных нормативов: ", Source!CQ12) -> Наименование редакции сметных нормативов: ГОСУДАРСТВЕННЫЕ СМЕТНЫЕ НОРМАТИВЫ (ФЕР-2020), утвержденные приказами Минстроя России от 26 декабря 2019 г. № 876/пр (в редакции приказов Минстроя РФ от 30 марта 2020 г. № 172/пр, от 1 июня 2020 г. № 294/пр, от 30 июня 2020 г. № 352/пр, от 20 октября 2020 г. № 636/пр, от 9 февраля 2021 г. № 51/пр, от 24 мая 2021 г. № 321/пр, от 24 июня 2021 г. № 408/пр, от 14 октября 2021 № 746/пр, от 20 декабря 2021 № 962/пр)
A12: Наименование программного продукта: Программа для ЭВМ «Программа: «АтомСмета» версия 11»
B16: (наименование стройки)
B18: =IF(Source!G12<>"Новый объект", Source!G12, "") -> Системы автоматической установки аэрозольного пожаротушения, автоматической пожарной сигнализации | CN18: =IF(Source!G12<>"Новый объект", Source!G12, "") -> Системы автоматической установки аэрозольного пожаротушения, автоматической пожарной сигнализации
B19: (наименование объекта капитального строительства)
B21: =CONCATENATE( "ЛОКАЛЬНАЯ СМЕТА № ", Source!F20, " ",Source!CM20) -> ЛОКАЛЬНАЯ СМЕТА №
B23: =IF(Source!G20<>"Новая локальная смета", Source!G20, "")
B24: (наименование конструктивного решения)
A27: Составлен | C27: Базисно-индексным | D27: методом
A29: Основание | C29: 1
C30: (проектная и (или) иная техническая документация)
A32: Составлена в ценах IV квартал 2021 года (1.01.2000)
A34: Сметная стоимость | C34: =C37+C38+C39+C40 -> 5402.356 | D34: =D37+D38+D39+D40 -> 737.08623 | F34: тыс. руб.
G35: Средства на оплату труда
B36: в том числе: | G36: рабочих | I36: =ROUND((ROUND(SUM(R47:R747)*Source!C539, 0)+ROUND(SUM(S47:S747)*Source!K539, 0)+ROUND(SUM(T47:T747)*Source!I539, 0))/1000, 6) -> 791.302 | J36: =ROUND((SUM(Q47:Q747))/1000, 6) -> 34.40003 | K36: тыс. руб.
B37: строительных работ | C37: =ROUND((ROUND(SUM(AN47:AN747)*Source!C539, 0)+ROUND(SUM(AR47:AR747)*Source!L539, 0))/1000, 6) -> 285.255 | D37: =ROUND((SUM(AN47:AN747)+SUM(AR47:AR747))/1000, 6) -> 26.5107 | F37: тыс. руб. | G37: Нормативные затраты труда рабочих | J37: =Source!P462 -> 2967.7063 | K37: чел.-ч.
B38: монтажных работ | C38: =ROUND((ROUND(SUM(AX47:AX747)*Source!C539, 0)+ROUND(SUM(BB47:BB747)*Source!L539, 0))/1000, 6) -> 992.124 | D38: =ROUND((SUM(AX47:AX747)+SUM(BB47:BB747))/1000, 6) -> 92.20487 | F38: тыс. руб. | G38: Нормативные затраты труда машинистов | J38: =Source!P463 -> 19.67517 | K38: чел.-ч.
B39: оборудования | C39: =ROUND((ROUND(SUM(BH47:BH747)*Source!H539, 0)+ROUND(SUM(BI47:BI747)*Source!L539, 0))/1000, 6) -> 2822.055 | D39: =ROUND((SUM(BH47:BH747)+SUM(BI47:BI747))/1000, 6) -> 579.47746 | F39: тыс. руб. | G39: Расчетный измеритель
B40: прочих затрат | C40: =ROUND((ROUND(SUM(BM47:BM747)*Source!I539, 0)+ROUND(SUM(BN47:BN747)*Source!K539, 0)+ROUND(SUM(BO47:BO747)*Source!H539, 0)+ROUND(SUM(BP47:BP747)*Source!L539, 0))/1000, 6) -> 1302.922 | D40: =ROUND((SUM(BM47:BM747)+SUM(BN47:BN747)+SUM(BO47:BO747)+SUM(BP47:BP747))/1000, 6) -> 38.8932 | F40: тыс. руб. | G40: конструктивного решения | I40: =Source!I20 -> 0 | J40: =Source!H20
A42: № п/п | B42: Обоснование | C42: Наименование работ и затрат | D42: Единица измерения | E42: Количество | H42: Сметная стоимость в базисном уровне цен (в текущем уровне цен (гр.8) для ресурсов, отсутствующих в СНБ), руб. | K42: Индексы | L42: Сметная стоимость в текущем уровне цен, руб.
E45: на единицу | F45: коэффициенты | G45: всего с учетом коэффициентов | H45: на единицу | I45: коэффициенты | J45: всего
A46: 1 | B46: 2 | C46: 3 | D46: 4 | E46: 5 | F46: 6 | G46: 7 | H46: 8 | I46: 9 | J46: 10 | K46: 11 | L46: 12
A48: Раздел: Автоматическая установка аэрозольного пожаротушения
A50: Подраздел: Монтажные работы
A51: 1 | B51: =Source!F33 -> м11-05-001-01 | C51: Механизм исполнительный, масса: до 20 кг Поправки к: ЭМ )*1,35; ОТм )*1,35; ОТ )*1,35; ЗТ )*1,35; ЗТм )*1,35 | D51: =Source!H33 -> ШТ | E51: =Source!K33 -> 28 | G51: =Source!I33 -> 28 | AG51: =Source!X33 -> 250.72 | AH51: =Source!X33 -> 250.72 | AI51: =Source!Y33 -> 128.15 | AJ51: =Source!Y33 -> 128.15 | AS51: =IF(Source!BI33<=1,AH51, 0) -> 0 | AT51: =IF(Source!BI33<=1,AJ51, 0) -> 0 | BC51: =IF(Source!BI33=2,AH51, 0) -> 250.72 | BD51: =IF(Source!BI33=2,AJ51, 0) -> 128.15
B52: =Source!EO33 -> Поправка: Мет.421/пр 04.08.20 Пр.10 Т.3 п. 1.2 | C52: =Source!CN33 -> Поправка: Мет.421/пр 04.08.20 Пр.10 Т.3 п. 1.2 Наименование: Производство ремонтно-строительных работ осуществляется в помещениях эксплуатируемого объекта капитального строительства без остановки рабочего процесса, при этом: в зоне производства ремонтно-строительных работ имеются действующее технологическое или лабораторное оборудование, мебель и иные загромождающие помещения предметы
B53: 1 | C53: ОТ | H53: =Source!AO33 -> 4.44 | I53: =ROUND(1.35,7) -> 1.35 | J53: =ROUND(Source!AF33*Source!I33, 2) -> 167.83
B54: 3 | C54: ЭМ | H54: =Source!AM33 -> 29.85 | I54: =ROUND(1.35,7) -> 1.35 | J54: =ROUND(Source!AD33*Source!I33, 2) -> 1128.33
B55: 2 | C55: в т.ч. ОТм | H55: =Source!AN33 -> 2.93 | I55: =ROUND(1.35,7) -> 1.35 | J55: =ROUND(Source!AE33*Source!I33, 2) -> 110.75
B56: 4 | C56: М | H56: =Source!AL33 -> 8.33 | J56: =ROUND(Source!AC33*Source!I33, 2) -> 233.24
C57: ЗТ | D57: чел-ч | E57: =Source!AQ33 -> 0.52 | F57: =ROUND(1.35,7) -> 1.35 | G57: =ROUND(Source!U33, 7) -> 19.656
C58: ЗТм | D58: чел-ч | E58: =Source!AR33 -> 0.22 | F58: =ROUND(1.35,7) -> 1.35 | G58: =ROUND(Source!V33, 7) -> 8.316
C59: Итого по расценке | H59: =H53+H54+H56 -> 42.62 | J59: =J53+J54+J56 -> 1529.4
C60: ФОТ | J60: =SUM(Q51:Q63)+SUM(V51:V63)+SUM(X51:X63)+SUM(Y51:Y63) -> 278.58
B61: Пр/812-053.0-1 | C61: НР Приборы, средства автоматизации и вычислительной техники | D61: % | E61: =Source!BZ33 -> 90 | G61: =Source!AT33 -> 90 | J61: =SUM(AG51:AG63) -> 250.72
B62: Пр/774-053.0 | C62: СП Приборы, средства автоматизации и вычислительной техники | D62: % | E62: =Source!CA33 -> 46 | G62: =Source!AU33 -> 46 | J62: =SUM(AI51:AI63) -> 128.15
C63: Всего по позиции | I63: =J53+J54+J56+J61+J62 -> 1908.27 | O63: =I63 -> 1908.27 | P63: =K63 -> 0 | Q63: =J53 -> 167.83 | R63: =J53 -> 167.83 | U63: =L53 -> 0 | X63: =J55 -> 110.75 | Z63: =L55 -> 0 | AB63: =J54 -> 1128.33 | AD63: =L54 -> 0 | AF63: =J56 -> 233.24 | AN63: =IF(Source!BI33<=1,J53+J54+J56+J61+J62, 0) -> 0 | AO63: =IF(Source!BI33<=1,J56, 0) -> 0 | AP63: =IF(Source!BI33<=1,J54, 0) -> 0 | AQ63: =IF(Source!BI33<=1,J53, 0) -> 0 | AX63: =IF(Source!BI33=2,J53+J54+J56+J61+J62, 0) -> 1908.27 | AY63: =IF(Source!BI33=2,J56, 0) -> 233.24 | AZ63: =IF(Source!BI33=2,J54, 0) -> 1128.33 | BA63: =IF(Source!BI33=2,J53, 0) -> 167.83
A64: 2 | B64: =Source!F35 -> Цена поставщика | C64: ОБОРУДОВАНИЕ:_x000D_ Генератор огнетушащего аэрозоля FR 750E 42 813,20 = [49 288 / 1,2] + 3% Трансп + 1,2% Заг.скл | D64: =Source!H35 -> ШТ | E64: =Source!K35 -> 17 | G64: =Source!I35 -> 17 | H64: =Source!AL35 -> 42813.2 | J64: =Source!P35 -> 149450.51 | K64: =IF(Source!BC35<> 0, Source!BC35, 1) -> 4.87 | L64: =Source!HH35 -> 727824 | AG64: =Source!X35 -> 0 | AH64: =Source!X35 -> 0 | AI64: =Source!Y35 -> 0 | AJ64: =Source!Y35 -> 0 | AS64: =IF(Source!BI35<=1,AH64, 0) -> 0 | AT64: =IF(Source!BI35<=1,AJ64, 0) -> 0 | BC64: =IF(Source!BI35=2,AH64, 0) -> 0 | BD64: =IF(Source!BI35=2,AJ64, 0) -> 0
C65: Всего по позиции | I65: =J64 -> 149450.51 | K65: =L64 -> 727824 | O65: =I65 -> 149450.51 | P65: =K65 -> 727824 | Q65: =0 -> 0 | U65: =0 -> 0 | X65: =0 -> 0 | Z65: =0 -> 0 | AB65: =0 -> 0 | AD65: =0 -> 0 | AF65: =J64 -> 149450.51 | AN65: =IF(Source!BI35<=1,J64, 0) -> 0 | AO65: =IF(Source!BI35<=1,J64, 0) -> 0 | AP65: =IF(Source!BI35<=1,0, 0) -> 0 | AQ65: =IF(Source!BI35<=1,0, 0) -> 0 | AX65: =IF(Source!BI35=2,J64, 0) -> 0 | AY65: =IF(Source!BI35=2,J64, 0) -> 0 | AZ65: =IF(Source!BI35=2,0, 0) -> 0 | BA65: =IF(Source!BI35=2,0, 0) -> 0 | BH65: =IF(Source!BI35=3,J64, 0) -> 149450.51 | BR65: =J64 -> 149450.51 | BT65: =K65 -> 727824
A66: 3 | B66: =Source!F37 -> Цена поставщика | C66: ОБОРУДОВАНИЕ:_x000D_ Генератор огнетушащего аэрозоля FR 750E(ЗИП) 42 813,20 = [49 288 / 1,2] + 3% Трансп + 1,2% Заг.скл | D66: =Source!H37 -> ШТ | E66: =Source!K37 -> 17 | G66: =Source!I37 -> 17 | H66: =Source!AL37 -> 42813.2 | J66: =Source!P37 -> 149450.51 | K66: =IF(Source!BC37<> 0, Source!BC37, 1) -> 4.87 | L66: =Source!HH37 -> 727824 | AG66: =Source!X37 -> 0 | AH66: =Source!X37 -> 0 | AI66: =Source!Y37 -> 0 | AJ66: =Source!Y37 -> 0 | AS66: =IF(Source!BI37<=1,AH66, 0) -> 0 | AT66: =IF(Source!BI37<=1,AJ66, 0) -> 0 | BC66: =IF(Source!BI37=2,AH66, 0) -> 0 | BD66: =IF(Source!BI37=2,AJ66, 0) -> 0
C67: Всего по позиции | I67: =J66 -> 149450.51 | K67: =L66 -> 727824 | O67: =I67 -> 149450.51 | P67: =K67 -> 727824 | Q67: =0 -> 0 | U67: =0 -> 0 | X67: =0 -> 0 | Z67: =0 -> 0 | AB67: =0 -> 0 | AD67: =0 -> 0 | AF67: =J66 -> 149450.51 | AN67: =IF(Source!BI37<=1,J66, 0) -> 0 | AO67: =IF(Source!BI37<=1,J66, 0) -> 0 | AP67: =IF(Source!BI37<=1,0, 0) -> 0 | AQ67: =IF(Source!BI37<=1,0, 0) -> 0 | AX67: =IF(Source!BI37=2,J66, 0) -> 0 | AY67: =IF(Source!BI37=2,J66, 0) -> 0 | AZ67: =IF(Source!BI37=2,0, 0) -> 0 | BA67: =IF(Source!BI37=2,0, 0) -> 0 | BH67: =IF(Source!BI37=3,J66, 0) -> 149450.51 | BR67: =J66 -> 149450.51 | BT67: =K67 -> 727824
A68: 4 | B68: =Source!F39 -> Цена поставщика | C68: ОБОРУДОВАНИЕ:_x000D_ Генератор огнетушащего аэрозоля FR-3500E 49 656,29 = [57 166 / 1,2] + 3% Трансп + 1,2% Заг.скл | D68: =Source!H39 -> ШТ | E68: =Source!K39 -> 11 | G68: =Source!I39 -> 11 | H68: =Source!AL39 -> 49656.29 | J68: =Source!P39 -> 112159.96 | K68: =IF(Source!BC39<> 0, Source!BC39, 1) -> 4.87 | L68: =Source!HH39 -> 546219 | AG68: =Source!X39 -> 0 | AH68: =Source!X39 -> 0 | AI68: =Source!Y39 -> 0 | AJ68: =Source!Y39 -> 0 | AS68: =IF(Source!BI39<=1,AH68, 0) -> 0 | AT68: =IF(Source!BI39<=1,AJ68, 0) -> 0 | BC68: =IF(Source!BI39=2,AH68, 0) -> 0 | BD68: =IF(Source!BI39=2,AJ68, 0) -> 0
C69: Всего по позиции | I69: =J68 -> 112159.96 | K69: =L68 -> 546219 | O69: =I69 -> 112159.96 | P69: =K69 -> 546219 | Q69: =0 -> 0 | U69: =0 -> 0 | X69: =0 -> 0 | Z69: =0 -> 0 | AB69: =0 -> 0 | AD69: =0 -> 0 | AF69: =J68 -> 112159.96 | AN69: =IF(Source!BI39<=1,J68, 0) -> 0 | AO69: =IF(Source!BI39<=1,J68, 0) -> 0 | AP69: =IF(Source!BI39<=1,0, 0) -> 0 | AQ69: =IF(Source!BI39<=1,0, 0) -> 0 | AX69: =IF(Source!BI39=2,J68, 0) -> 0 | AY69: =IF(Source!BI39=2,J68, 0) -> 0 | AZ69: =IF(Source!BI39=2,0, 0) -> 0 | BA69: =IF(Source!BI39=2,0, 0) -> 0 | BH69: =IF(Source!BI39=3,J68, 0) -> 112159.96 | BR69: =J68 -> 112159.96 | BT69: =K69 -> 546219
A70: 5 | B70: =Source!F41 -> Цена поставщика | C70: ОБОРУДОВАНИЕ:_x000D_ Генератор огнетушащего аэрозоля FR-3500E(ЗИП) 49 656,29 = [57 166 / 1,2] + 3% Трансп + 1,2% Заг.скл | D70: =Source!H41 -> ШТ | E70: =Source!K41 -> 11 | G70: =Source!I41 -> 11 | H70: =Source!AL41 -> 49656.29 | J70: =Source!P41 -> 112159.96 | K70: =IF(Source!BC41<> 0, Source!BC41, 1) -> 4.87 | L70: =Source!HH41 -> 546219 | AG70: =Source!X41 -> 0 | AH70: =Source!X41 -> 0 | AI70: =Source!Y41 -> 0 | AJ70: =Source!Y41 -> 0 | AS70: =IF(Source!BI41<=1,AH70, 0) -> 0 | AT70: =IF(Source!BI41<=1,AJ70, 0) -> 0 | BC70: =IF(Source!BI41=2,AH70, 0) -> 0 | BD70: =IF(Source!BI41=2,AJ70, 0) -> 0
C71: Всего по позиции | I71: =J70 -> 112159.96 | K71: =L70 -> 546219 | O71: =I71 -> 112159.96 | P71: =K71 -> 546219 | Q71: =0 -> 0 | U71: =0 -> 0 | X71: =0 -> 0 | Z71: =0 -> 0 | AB71: =0 -> 0 | AD71: =0 -> 0 | AF71: =J70 -> 112159.96 | AN71: =IF(Source!BI41<=1,J70, 0) -> 0 | AO71: =IF(Source!BI41<=1,J70, 0) -> 0 | AP71: =IF(Source!BI41<=1,0, 0) -> 0 | AQ71: =IF(Source!BI41<=1,0, 0) -> 0 | AX71: =IF(Source!BI41=2,J70, 0) -> 0 | AY71: =IF(Source!BI41=2,J70, 0) -> 0 | AZ71: =IF(Source!BI41=2,0, 0) -> 0 | BA71: =IF(Source!BI41=2,0, 0) -> 0 | BH71: =IF(Source!BI41=3,J70, 0) -> 112159.96 | BR71: =J70 -> 112159.96 | BT71: =K71 -> 546219
A72: 6 | B72: =Source!F43 -> м08-03-573-04 | C72: Шкаф (пульт) управления навесной, высота, ширина и глубина: до 600х600х350 мм Поправки к: ЭМ )*1,35; ОТм )*1,35; ОТ )*1,35; ЗТ )*1,35; ЗТм )*1,35 | D72: =Source!H43 -> ШТ | E72: =Source!K43 -> 2 | G72: =Source!I43 -> 2 | AG72: =Source!X43 -> 62.49 | AH72: =Source!X43 -> 62.49 | AI72: =Source!Y43 -> 32.85 | AJ72: =Source!Y43 -> 32.85 | AS72: =IF(Source!BI43<=1,AH72, 0) -> 0 | AT72: =IF(Source!BI43<=1,AJ72, 0) -> 0 | BC72: =IF(Source!BI43=2,AH72, 0) -> 62.49 | BD72: =IF(Source!BI43=2,AJ72, 0) -> 32.85
B73: =Source!EO43 -> Поправка: Мет.421/пр 04.08.20 Пр.10 Т.3 п. 1.2 | C73: =Source!CN43 -> Поправка: Мет.421/пр 04.08.20 Пр.10 Т.3 п. 1.2 Наименование: Производство ремонтно-строительных работ осуществляется в помещениях эксплуатируемого объекта капитального строительства без остановки рабочего процесса, при этом: в зоне производства ремонтно-строительных работ имеются действующее технологическое или лабораторное оборудование, мебель и иные загромождающие помещения предметы
B74: 1 | C74: ОТ | H74: =Source!AO43 -> 20.44 | I74: =ROUND(1.35,7) -> 1.35 | J74: =ROUND(Source!AF43*Source!I43, 2) -> 55.19
B75: 3 | C75: ЭМ | H75: =Source!AM43 -> 33.47 | I75: =ROUND(1.35,7) -> 1.35 | J75: =ROUND(Source!AD43*Source!I43, 2) -> 90.37
B76: 2 | C76: в т.ч. ОТм | H76: =Source!AN43 -> 3.42 | I76: =ROUND(1.35,7) -> 1.35 | J76: =ROUND(Source!AE43*Source!I43, 2) -> 9.23
B77: 4 | C77: М | H77: =Source!AL43 -> 2.94 | J77: =ROUND(Source!AC43*Source!I43, 2) -> 5.88
C78: ЗТ | D78: чел-ч | E78: =Source!AQ43 -> 2.06 | F78: =ROUND(1.35,7) -> 1.35 | G78: =ROUND(Source!U43, 7) -> 5.562
C79: ЗТм | D79: чел-ч | E79: =Source!AR43 -> 0.31 | F79: =ROUND(1.35,7) -> 1.35 | G79: =ROUND(Source!V43, 7) -> 0.837
C80: Итого по расценке | H80: =H74+H75+H77 -> 56.85 | J80: =J74+J75+J77 -> 151.44
C81: ФОТ | J81: =SUM(Q72:Q84)+SUM(V72:V84)+SUM(X72:X84)+SUM(Y72:Y84) -> 64.42
B82: Пр/812-049.3-1 | C82: НР Электротехнические установки: на других объектах | D82: % | E82: =Source!BZ43 -> 97 | G82: =Source!AT43 -> 97 | J82: =SUM(AG72:AG84) -> 62.49
B83: Пр/774-049.3 | C83: СП Электротехнические установки: на других объектах | D83: % | E83: =Source!CA43 -> 51 | G83: =Source!AU43 -> 51 | J83: =SUM(AI72:AI84) -> 32.85
C84: Всего по позиции | I84: =J74+J75+J77+J82+J83 -> 246.78 | O84: =I84 -> 246.78 | P84: =K84 -> 0 | Q84: =J74 -> 55.19 | R84: =J74 -> 55.19 | U84: =L74 -> 0 | X84: =J76 -> 9.23 | Z84: =L76 -> 0 | AB84: =J75 -> 90.37 | AD84: =L75 -> 0 | AF84: =J77 -> 5.88 | AN84: =IF(Source!BI43<=1,J74+J75+J77+J82+J83, 0) -> 0 | AO84: =IF(Source!BI43<=1,J77, 0) -> 0 | AP84: =IF(Source!BI43<=1,J75, 0) -> 0 | AQ84: =IF(Source!BI43<=1,J74, 0) -> 0 | AX84: =IF(Source!BI43=2,J74+J75+J77+J82+J83, 0) -> 246.78 | AY84: =IF(Source!BI43=2,J77, 0) -> 5.88 | AZ84: =IF(Source!BI43=2,J75, 0) -> 90.37 | BA84: =IF(Source!BI43=2,J74, 0) -> 55.19
A85: 7 | B85: =Source!F45 -> Цена поставщика | C85: Контейнер для самоспасателя ШК-2 1 175,81 = [1 343 / 1,2] + 3% Трансп + 2% Заг.скл | D85: =Source!H45 -> ШТ | E85: =Source!K45 -> 2 | G85: =Source!I45 -> 2 | H85: =Source!AL45 -> 1175.81 | J85: =Source!P45 -> 218.59 | K85: =IF(Source!BC45<> 0, Source!BC45, 1) -> 10.76 | L85: =Source!HG45 -> 2352 | AG85: =Source!X45 -> 0 | AH85: =Source!X45 -> 0 | AI85: =Source!Y45 -> 0 | AJ85: =Source!Y45 -> 0 | AS85: =IF(Source!BI45<=1,AH85, 0) -> 0 | AT85: =IF(Source!BI45<=1,AJ85, 0) -> 0 | BC85: =IF(Source!BI45=2,AH85, 0) -> 0 | BD85: =IF(Source!BI45=2,AJ85, 0) -> 0
C86: Всего по позиции | I86: =J85 -> 218.59 | K86: =L85 -> 2352 | O86: =I86 -> 218.59 | P86: =K86 -> 2352 | Q86: =0 -> 0 | R86: =0 -> 0 | U86: =0 -> 0 | X86: =0 -> 0 | Z86: =0 -> 0 | AB86: =0 -> 0 | AD86: =0 -> 0 | AF86: =J85 -> 218.59 | AN86: =IF(Source!BI45<=1,J85, 0) -> 0 | AO86: =IF(Source!BI45<=1,J85, 0) -> 0 | AP86: =IF(Source!BI45<=1,0, 0) -> 0 | AQ86: =IF(Source!BI45<=1,0, 0) -> 0 | AX86: =IF(Source!BI45=2,J85, 0) -> 218.59 | AY86: =IF(Source!BI45=2,J85, 0) -> 218.59 | AZ86: =IF(Source!BI45=2,0, 0) -> 0 | BA86: =IF(Source!BI45=2,0, 0) -> 0 | BQ86: =J85 -> 218.59 | BS86: =K86 -> 2352
A87: 8 | B87: =Source!F47 -> Цена поставщика | C87: Самоспасатель СПИ-20 3 283,13 = [3 750 / 1,2] + 3% Трансп + 2% Заг.скл | D87: =Source!H47 -> ШТ | E87: =Source!K47 -> 2 | G87: =Source!I47 -> 2 | H87: =Source!AL47 -> 3283.13 | J87: =Source!P47 -> 610.22 | K87: =IF(Source!BC47<> 0, Source!BC47, 1) -> 10.76 | L87: =Source!HG47 -> 6566 | AG87: =Source!X47 -> 0 | AH87: =Source!X47 -> 0 | AI87: =Source!Y47 -> 0 | AJ87: =Source!Y47 -> 0 | AS87: =IF(Source!BI47<=1,AH87, 0) -> 0 | AT87: =IF(Source!BI47<=1,AJ87, 0) -> 0 | BC87: =IF(Source!BI47=2,AH87, 0) -> 0 | BD87: =IF(Source!BI47=2,AJ87, 0) -> 0
C88: Всего по позиции | I88: =J87 -> 610.22 | K88: =L87 -> 6566 | O88: =I88 -> 610.22 | P88: =K88 -> 6566 | Q88: =0 -> 0 | R88: =0 -> 0 | U88: =0 -> 0 | X88: =0 -> 0 | Z88: =0 -> 0 | AB88: =0 -> 0 | AD88: =0 -> 0 | AF88: =J87 -> 610.22 | AN88: =IF(Source!BI47<=1,J87, 0) -> 0 | AO88: =IF(Source!BI47<=1,J87, 0) -> 0 | AP88: =IF(Source!BI47<=1,0, 0) -> 0 | AQ88: =IF(Source!BI47<=1,0, 0) -> 0 | AX88: =IF(Source!BI47=2,J87, 0) -> 610.22 | AY88: =IF(Source!BI47=2,J87, 0) -> 610.22 | AZ88: =IF(Source!BI47=2,0, 0) -> 0 | BA88: =IF(Source!BI47=2,0, 0) -> 0 | BQ88: =J87 -> 610.22 | BS88: =K88 -> 6566
A89: 9 | B89: =Source!F49 -> м11-03-001-02 | C89: Приборы, устанавливаемые на металлоконструкциях, щитах и пультах, масса: до 10 кг Поправки к: ЭМ )*1,35; ОТм )*1,35; ОТ )*1,35; ЗТ )*1,35; ЗТм )*1,35 | D89: =Source!H49 -> ШТ | E89: =Source!K49 -> 1 | G89: =Source!I49 -> 1 | AG89: =Source!X49 -> 12.42 | AH89: =Source!X49 -> 12.42 | AI89: =Source!Y49 -> 6.35 | AJ89: =Source!Y49 -> 6.35 | AS89: =IF(Source!BI49<=1,AH89, 0) -> 0 | AT89: =IF(Source!BI49<=1,AJ89, 0) -> 0 | BC89: =IF(Source!BI49=2,AH89, 0) -> 12.42 | BD89: =IF(Source!BI49=2,AJ89, 0) -> 6.35
B90: =Source!EO49 -> Поправка: Мет.421/пр 04.08.20 Пр.10 Т.3 п. 1.2 | C90: =Source!CN49 -> Поправка: Мет.421/пр 04.08.20 Пр.10 Т.3 п. 1.2 Наименование: Производство ремонтно-строительных работ осуществляется в помещениях эксплуатируемого объекта капитального строительства без остановки рабочего процесса, при этом: в зоне производства ремонтно-строительных работ имеются действующее технологическое или лабораторное оборудование, мебель и иные загромождающие помещения предметы
B91: 1 | C91: ОТ | H91: =Source!AO49 -> 10.22 | I91: =ROUND(1.35,7) -> 1.35 | J91: =ROUND(Source!AF49*Source!I49, 2) -> 13.8
B92: 4 | C92: М | H92: =Source!AL49 -> 2.43 | J92: =ROUND(Source!AC49*Source!I49, 2) -> 2.43
C93: ЗТ | D93: чел-ч | E93: =Source!AQ49 -> 1.03 | F93: =ROUND(1.35,7) -> 1.35 | G93: =ROUND(Source!U49, 7) -> 1.3905
C94: Итого по расценке | H94: =H91+H92 -> 12.65 | J94: =J91+J92 -> 16.23
C95: ФОТ | J95: =SUM(Q89:Q98)+SUM(V89:V98)+SUM(X89:X98)+SUM(Y89:Y98) -> 13.8
B96: Пр/812-053.0-1 | C96: НР Приборы, средства автоматизации и вычислительной техники | D96: % | E96: =Source!BZ49 -> 90 | G96: =Source!AT49 -> 90 | J96: =SUM(AG89:AG98) -> 12.42
B97: Пр/774-053.0 | C97: СП Приборы, средства автоматизации и вычислительной техники | D97: % | E97: =Source!CA49 -> 46 | G97: =Source!AU49 -> 46 | J97: =SUM(AI89:AI98) -> 6.35
C98: Всего по позиции | I98: =J91+J92+J96+J97 -> 35 | O98: =I98 -> 35 | P98: =K98 -> 0 | Q98: =J91 -> 13.8 | R98: =J91 -> 13.8 | U98: =L91 -> 0 | X98: =0 -> 0 | Z98: =0 -> 0 | AB98: =0 -> 0 | AD98: =0 -> 0 | AF98: =J92 -> 2.43 | AN98: =IF(Source!BI49<=1,J91+J92+J96+J97, 0) -> 0 | AO98: =IF(Source!BI49<=1,J92, 0) -> 0 | AP98: =IF(Source!BI49<=1,0, 0) -> 0 | AQ98: =IF(Source!BI49<=1,J91, 0) -> 0 | AX98: =IF(Source!BI49=2,J91+J92+J96+J97, 0) -> 35 | AY98: =IF(Source!BI49=2,J92, 0) -> 2.43 | AZ98: =IF(Source!BI49=2,0, 0) -> 0 | BA98: =IF(Source!BI49=2,J91, 0) -> 13.8
A99: 10 | B99: =Source!F51 -> Цена поставщика | C99: ОБОРУДОВАНИЕ:_x000D_ Прибор приемно-контрольный и управления пожарный Сириус 20 061,79 = [23 095,8 / 1,2] + 3% Трансп + 1,2% Заг.скл | D99: =Source!H51 -> ШТ | E99: =Source!K51 -> 1 | G99: =Source!I51 -> 1 | H99: =Source!AL51 -> 20061.79 | J99: =Source!P51 -> 4119.51 | K99: =IF(Source!BC51<> 0, Source!BC51, 1) -> 4.87 | L99: =Source!HH51 -> 20062 | AG99: =Source!X51 -> 0 | AH99: =Source!X51 -> 0 | AI99: =Source!Y51 -> 0 | AJ99: =Source!Y51 -> 0 | AS99: =IF(Source!BI51<=1,AH99, 0) -> 0 | AT99: =IF(Source!BI51<=1,AJ99, 0) -> 0 | BC99: =IF(Source!BI51=2,AH99, 0) -> 0 | BD99: =IF(Source!BI51=2,AJ99, 0) -> 0
C100: Всего по позиции | I100: =J99 -> 4119.51 | K100: =L99 -> 20062 | O100: =I100 -> 4119.51 | P100: =K100 -> 20062 | Q100: =0 -> 0 | U100: =0 -> 0 | X100: =0 -> 0 | Z100: =0 -> 0 | AB100: =0 -> 0 | AD100: =0 -> 0 | AF100: =J99 -> 4119.51 | AN100: =IF(Source!BI51<=1,J99, 0) -> 0 | AO100: =IF(Source!BI51<=1,J99, 0) -> 0 | AP100: =IF(Source!BI51<=1,0, 0) -> 0 | AQ100: =IF(Source!BI51<=1,0, 0) -> 0 | AX100: =IF(Source!BI51=2,J99, 0) -> 0 | AY100: =IF(Source!BI51=2,J99, 0) -> 0 | AZ100: =IF(Source!BI51=2,0, 0) -> 0 | BA100: =IF(Source!BI51=2,0, 0) -> 0 | BH100: =IF(Source!BI51=3,J99, 0) -> 4119.51 | BR100: =J99 -> 4119.51 | BT100: =K100 -> 20062
A101: 11 | B101: =Source!F53 -> м08-01-121-01 | C101: Аккумулятор кислотный стационарный, тип: С-1, СК-1 Поправки к: ЭМ )*1,35; ОТм )*1,35; ОТ )*1,35; ЗТ )*1,35; ЗТм )*1,35 | D101: =Source!H53 -> ШТ | E101: =Source!K53 -> 2 | G101: =Source!I53 -> 2 | AG101: =Source!X53 -> 51.9 | AH101: =Source!X53 -> 51.9 | AI101: =Source!Y53 -> 27.29 | AJ101: =Source!Y53 -> 27.29 | AS101: =IF(Source!BI53<=1,AH101, 0) -> 0 | AT101: =IF(Source!BI53<=1,AJ101, 0) -> 0 | BC101: =IF(Source!BI53=2,AH101, 0) -> 51.9 | BD101: =IF(Source!BI53=2,AJ101, 0) -> 27.29
B102: =Source!EO53 -> Поправка: Мет.421/пр 04.08.20 Пр.10 Т.3 п. 1.2 | C102: =Source!CN53 -> Поправка: Мет.421/пр 04.08.20 Пр.10 Т.3 п. 1.2 Наименование: Производство ремонтно-строительных работ осуществляется в помещениях эксплуатируемого объекта капитального строительства без остановки рабочего процесса, при этом: в зоне производства ремонтно-строительных работ имеются действующее технологическое или лабораторное оборудование, мебель и иные загромождающие помещения предметы
B103: 1 | C103: ОТ | H103: =Source!AO53 -> 19.82 | I103: =ROUND(1.35,7) -> 1.35 | J103: =ROUND(Source!AF53*Source!I53, 2) -> 53.51
B104: 4 | C104: М | H104: =Source!AL53 -> 20.65 | J104: =ROUND(Source!AC53*Source!I53, 2) -> 41.3
C105: ЗТ | D105: чел-ч | E105: =Source!AQ53 -> 2.06 | F105: =ROUND(1.35,7) -> 1.35 | G105: =ROUND(Source!U53, 7) -> 5.562
C106: Итого по расценке | H106: =H103+H104 -> 40.47 | J106: =J103+J104 -> 94.81
C107: ФОТ | J107: =SUM(Q101:Q110)+SUM(V101:V110)+SUM(X101:X110)+SUM(Y101:Y110) -> 53.51
B108: Пр/812-049.3-1 | C108: НР Электротехнические установки: на других объектах | D108: % | E108: =Source!BZ53 -> 97 | G108: =Source!AT53 -> 97 | J108: =SUM(AG101:AG110) -> 51.9
B109: Пр/774-049.3 | C109: СП Электротехнические установки: на других объектах | D109: % | E109: =Source!CA53 -> 51 | G109: =Source!AU53 -> 51 | J109: =SUM(AI101:AI110) -> 27.29
C110: Всего по позиции | I110: =J103+J104+J108+J109 -> 174 | O110: =I110 -> 174 | P110: =K110 -> 0 | Q110: =J103 -> 53.51 | R110: =J103 -> 53.51 | U110: =L103 -> 0 | X110: =0 -> 0 | Z110: =0 -> 0 | AB110: =0 -> 0 | AD110: =0 -> 0 | AF110: =J104 -> 41.3 | AN110: =IF(Source!BI53<=1,J103+J104+J108+J109, 0) -> 0 | AO110: =IF(Source!BI53<=1,J104, 0) -> 0 | AP110: =IF(Source!BI53<=1,0, 0) -> 0 | AQ110: =IF(Source!BI53<=1,J103, 0) -> 0 | AX110: =IF(Source!BI53=2,J103+J104+J108+J109, 0) -> 174 | AY110: =IF(Source!BI53=2,J104, 0) -> 41.3 | AZ110: =IF(Source!BI53=2,0, 0) -> 0 | BA110: =IF(Source!BI53=2,J103, 0) -> 53.51
A111: 12 | B111: =Source!F55 -> 62.4.01.01-0006 | C111: ОБОРУДОВАНИЕ:_x000D_ Батарея аккумуляторная, тип АКБ-17, 12В/ емкость 17 А/ч | D111: =Source!H55 -> ШТ | E111: =Source!K55 -> 2 | G111: =Source!I55 -> 2 | H111: =Source!AL55 -> 230.51 | J111: =ROUND(Source!AC55*Source!I55, 2) -> 461.02 | AG111: =Source!X55 -> 0 | AH111: =Source!X55 -> 0 | AI111: =Source!Y55 -> 0 | AJ111: =Source!Y55 -> 0 | AS111: =IF(Source!BI55<=1,AH111, 0) -> 0 | AT111: =IF(Source!BI55<=1,AJ111, 0) -> 0 | BC111: =IF(Source!BI55=2,AH111, 0) -> 0 | BD111: =IF(Source!BI55=2,AJ111, 0) -> 0
C112: Всего по позиции | I112: =J111 -> 461.02 | O112: =I112 -> 461.02 | P112: =K112 -> 0 | Q112: =0 -> 0 | U112: =0 -> 0 | X112: =0 -> 0 | Z112: =0 -> 0 | AB112: =0 -> 0 | AD112: =0 -> 0 | AF112: =J111 -> 461.02 | AN112: =IF(Source!BI55<=1,J111, 0) -> 0 | AO112: =IF(Source!BI55<=1,J111, 0) -> 0 | AP112: =IF(Source!BI55<=1,0, 0) -> 0 | AQ112: =IF(Source!BI55<=1,0, 0) -> 0 | AX112: =IF(Source!BI55=2,J111, 0) -> 0 | AY112: =IF(Source!BI55=2,J111, 0) -> 0 | AZ112: =IF(Source!BI55=2,0, 0) -> 0 | BA112: =IF(Source!BI55=2,0, 0) -> 0 | BH112: =IF(Source!BI55=3,J111, 0) -> 461.02
A113: 13 | B113: =Source!F57 -> м10-08-001-13 | C113: Устройства промежуточные на количество лучей: 1 Поправки к: ЭМ )*1,35; ОТм )*1,35; ОТ )*1,35; ЗТ )*1,35; ЗТм )*1,35 | D113: =Source!H57 -> ШТ | E113: =Source!K57 -> 1 | G113: =Source!I57 -> 1 | AG113: =Source!X57 -> 14.89 | AH113: =Source!X57 -> 14.89 | AI113: =Source!Y57 -> 7.61 | AJ113: =Source!Y57 -> 7.61 | AS113: =IF(Source!BI57<=1,AH113, 0) -> 0 | AT113: =IF(Source!BI57<=1,AJ113, 0) -> 0 | BC113: =IF(Source!BI57=2,AH113, 0) -> 14.89 | BD113: =IF(Source!BI57=2,AJ113, 0) -> 7.61
B114: =Source!EO57 -> Поправка: Мет.421/пр 04.08.20 Пр.10 Т.3 п. 1.2 | C114: =Source!CN57 -> Поправка: Мет.421/пр 04.08.20 Пр.10 Т.3 п. 1.2 Наименование: Производство ремонтно-строительных работ осуществляется в помещениях эксплуатируемого объекта капитального строительства без остановки рабочего процесса, при этом: в зоне производства ремонтно-строительных работ имеются действующее технологическое или лабораторное оборудование, мебель и иные загромождающие помещения предметы
B115: 1 | C115: ОТ | H115: =Source!AO57 -> 12.25 | I115: =ROUND(1.35,7) -> 1.35 | J115: =ROUND(Source!AF57*Source!I57, 2) -> 16.54
B116: 4 | C116: М | H116: =Source!AL57 -> 3.44 | J116: =ROUND(Source!AC57*Source!I57, 2) -> 3.44
C117: ЗТ | D117: чел-ч | E117: =Source!AQ57 -> 1.2 | F117: =ROUND(1.35,7) -> 1.35 | G117: =ROUND(Source!U57, 7) -> 1.62
C118: Итого по расценке | H118: =H115+H116 -> 15.69 | J118: =J115+J116 -> 19.98
C119: ФОТ | J119: =SUM(Q113:Q122)+SUM(V113:V122)+SUM(X113:X122)+SUM(Y113:Y122) -> 16.54
B120: Пр/812-051.1-1 | C120: НР Оборудование связи: прокладка и монтаж сетей связи | D120: % | E120: =Source!BZ57 -> 90 | G120: =Source!AT57 -> 90 | J120: =SUM(AG113:AG122) -> 14.89
B121: Пр/774-051.1 | C121: СП Оборудование связи: прокладка и монтаж сетей связи | D121: % | E121: =Source!CA57 -> 46 | G121: =Source!AU57 -> 46 | J121: =SUM(AI113:AI122) -> 7.61
C122: Всего по позиции | I122: =J115+J116+J120+J121 -> 42.48 | O122: =I122 -> 42.48 | P122: =K122 -> 0 | Q122: =J115 -> 16.54 | R122: =J115 -> 16.54 | U122: =L115 -> 0 | X122: =0 -> 0 | Z122: =0 -> 0 | AB122: =0 -> 0 | AD122: =0 -> 0 | AF122: =J116 -> 3.44 | AN122: =IF(Source!BI57<=1,J115+J116+J120+J121, 0) -> 0 | AO122: =IF(Source!BI57<=1,J116, 0) -> 0 | AP122: =IF(Source!BI57<=1,0, 0) -> 0 | AQ122: =IF(Source!BI57<=1,J115, 0) -> 0 | AX122: =IF(Source!BI57=2,J115+J116+J120+J121, 0) -> 42.48 | AY122: =IF(Source!BI57=2,J116, 0) -> 3.44 | AZ122: =IF(Source!BI57=2,0, 0) -> 0 | BA122: =IF(Source!BI57=2,J115, 0) -> 16.54
...

Sheet Source
A1: 0 | B1: АтомСмета | D1: _PS_ | F1: 0 | G1: 3 | H1: 0 | I1: АтомСмета | K1: 1 | L1: 71734 | M1: 10 | N1: 11 | O1: 3 | P1: 4 | Q1: 4
A12: 1 | B12: 538 | C12: 0 | D12: =ROW(A474) -> 474 | E12: 0 | F12: 1_(Копия)_(Копия)_(Копия) | G12: Системы автоматической установки аэрозольного пожаротушения, автоматической пожарной сигнализации | I12: 0 | K12: 1 | L12: 1 | M12: 5 | O12: 0 | P12: 0 | Q12: 0 | R12: 0 | S12: 0 | T12: 2 | V12: 0 | BB12: 0 | BH12: Сметные нормы списания | BI12: Коды ценников | BJ12: 1 | BK12: 1 | BL12: 0 | BM12: 1 | BN12: 1 | BO12: 0 | BP12: 6 | BQ12: 2 | BR12: 1 | BS12: 1 | BT12: 0 | BU12: 0 | BV12: 1 | BW12: 0 | BX12: 0 | BY12: ФЕР-2020 И9 | BZ12: Версия 1.3.3 ГСН (ГЭСН, ФЕР) и ТЕР (Методики НР (812/пр и 636/пр) и СП (774/пр) с 22.10.2021 г.) | CA12: ФЕР-2020 - изменения И9 | CB12: ФЕР-2020 - изменения И9 | CC12: ФЕР-2020 - изменения И9 | CD12: ФЕР-2020 - изменения И9 | CE12: Поправки для ГСН (ФЕР) 2020 от 10.01.2022 г И9 Капитальный ремонт производственных зданий | CF12: 0 | CG12: 0 | CH12: 403185672 | CK12: 9 | CQ12: ГОСУДАРСТВЕННЫЕ СМЕТНЫЕ НОРМАТИВЫ (ФЕР-2020), утвержденные приказами Минстроя России от 26 декабря 2019 г. № 876/пр (в редакции приказов Минстроя РФ от 30 марта 2020 г. № 172/пр, от 1 июня 2020 г. № 294/пр, от 30 июня 2020 г. № 352/пр, от 20 октября 2020 г. № 636/пр, от 9 февраля 2021 г. № 51/пр, от 24 мая 2021 г. № 321/пр, от 24 июня 2021 г. № 408/пр, от 14 октября 2021 № 746/пр, от 20 декабря 2021 № 962/пр) | CR12: ГСН | CS12: 44551 | CT12: 395 | EC12: 0
A15: 15 | B15: 1
A18: 52 | B18: =B474 -> 538 | C18: =C474 -> 1 | D18: =D474 -> 12 | E18: =E474 -> 0 | F18: =F474 -> 1_(Копия)_(Копия)_(Копия) | G18: =G474 -> Системы автоматической установки аэрозольного пожаротушения, автоматической пожарной сигнализации | O18: =O474 -> 3051948.9 | P18: =P474 -> 3012354.3 | Q18: =Q474 -> 5194.55 | R18: =R474 -> 252.14 | S18: =S474 -> 34400.03 | T18: =T474 -> 0 | U18: =U474 -> 2967.7063 | V18: =V474 -> 19.67517 | ... GX18: =GX474 -> 0
A20: 3 | B20: 1 | D20: =ROW(A434) -> 434 | I20: 0 | K20: -1 | S20: 0 | T20: 41727980 | V20: 0 | BX20: 0 | CF20: 0 | CG20: 0 | CL20: 1
A22: 52 | B22: =B434 -> 1 | C22: =C434 -> 3 | D22: =D434 -> 20 | E22: =E434 -> 0 | F22: =F434 | G22: =G434 | O22: =O434 -> 3051948.9 | P22: =P434 -> 3012354.3 | Q22: =Q434 -> 5194.55 | R22: =R434 -> 252.14 | S22: =S434 -> 34400.03 | T22: =T434 -> 0 | U22: =U434 -> 2967.7063 | V22: =V434 -> 19.67517 | ... GX22: =GX434 -> 0
A24: 4 | B24: 1 | D24: =ROW(A214) -> 214 | F24: Новый раздел | G24: Автоматическая установка аэрозольного пожаротушения | I24: 0 | K24: -1 | S24: 0 | T24: 41727980 | V24: 0 | BX24: 0 | CJ24: 0
A26: 52 | B26: =B214 -> 1 | C26: =C214 -> 4 | D26: =D214 -> 24 | E26: =E214 -> 0 | F26: =F214 -> Новый раздел | G26: =G214 -> Автоматическая установка аэрозольного пожаротушения | O26: =O214 -> 2841711.5 | P26: =P214 -> 2810207.9 | Q26: =Q214 -> 3595.97 | R26: =R214 -> 199.29 | S26: =S214 -> 27907.6 | T26: =T214 -> 0 | U26: =U214 -> 2286.8435 | V26: =V214 -> 15.46803 | ... GX26: =GX214 -> 0
A28: 5 | B28: 1 | D28: =ROW(A139) -> 139 | F28: Новый подраздел | G28: Монтажные работы | I28: 0 | K28: -1 | S28: 0 | T28: 41727980 | V28: 0 | BX28: 0 | CJ28: 0
A30: 52 | B30: =B139 -> 1 | C30: =C139 -> 5 | D30: =D139 -> 28 | E30: =E139 -> 0 | F30: =F139 -> Новый подраздел | G30: =G139 -> Монтажные работы | O30: =O139 -> 2823190.9 | P30: =P139 -> 2810207.9 | Q30: =Q139 -> 3595.97 | R30: =R139 -> 199.29 | S30: =S139 -> 9387.03 | T30: =T139 -> 0 | U30: =U139 -> 980.74355 | V30: =V139 -> 15.46803 | ... GX30: =GX139 -> 0
A32: 17 | B32: 1 | C32: =ROW(SmtRes!A6) -> 6 | D32: =ROW(EtalonRes!A6) -> 6 | E32: 1 | F32: м11-05-001-01 | G32: Механизм исполнительный, масса: до 20 кг | H32: ШТ | I32: 28 | J32: 0 | K32: 28 | O32: =ROUND(CP32,2) -> 1529.4 | P32: =ROUND(CQ32*I32,2) -> 233.24 | Q32: =ROUND(CR32*I32,2) -> 1128.33 | R32: =ROUND(CS32*I32,2) -> 110.75 | S32: =ROUND(CT32*I32,2) -> 167.83 | T32: =ROUND(CU32*I32,2) -> 0 | U32: =CV32*I32 -> 19.656 | V32: =CW32*I32 -> 8.316 | W32: =ROUND(CX32*I32,2) -> 0 | X32: =ROUND(CY32,2) -> 250.72 | Y32: =ROUND(CZ32,2) -> 128.15 | AA32: 41727981 | AB32: =ROUND((AC32+AD32+AF32),6) -> 54.6215 | AC32: =ROUND((ES32),6) -> 8.33 | AD32: =ROUND(((((ET32*ROUND(1.35,7)))-((EU32*ROUND(1.35,7))))+AE32),6) -> 40.2975 | AE32: =ROUND(((EU32*ROUND(1.35,7))),6) -> 3.9555 | AF32: =ROUND(((EV32*ROUND(1.35,7))),6) -> 5.994 | AG32: =ROUND((AP32),6) -> 0 | AH32: =((EW32*ROUND(1.35,7))) -> 0.702 | AI32: =((EX32*ROUND(1.35,7))) -> 0.297 | AJ32: =(AS32) -> 0 | AK32: 42.62 | AL32: 8.33 | AM32: 29.85 | AN32: 2.93 | AO32: 4.44 | AP32: 0 | AQ32: 0.52 | AR32: 0.22 | AS32: 0 | AT32: 90 | AU32: 46 | AV32: 1 | AW32: 1 | AZ32: 1 | BA32: 1 | BB32: 1 | BC32: 1 | BH32: 0 | BI32: 2 | BJ32: ФЕРм-2001, м11-05-001-01, приказ Минстроя России № 876/пр от 26.12.2019 | BM32: 111003 | BN32: 0 | BP32: 0 | BQ32: 3 | BR32: 0 | BS32: 1 | BT32: 1 | BU32: 1 | BV32: 1 | BW32: 1 | BX32: 1 | BZ32: 90 | CA32: 46 | CE32: 0 | CF32: 0 | CG32: 0 | CM32: 0 | CN32: Поправка: Мет.421/пр 04.08.20 Пр.10 Т.3 п. 1.2 Наименование: Производство ремонтно-строительных работ осуществляется в помещениях эксплуатируемого объекта капитального строительства без остановки рабочего процесса, при этом: в зоне производства ремонтно-строительных работ имеются действующее технологическое или лабораторное оборудование, мебель и иные загромождающие помещения предметы | CO32: 0 | CP32: =(P32+Q32+S32) -> 1529.4 | CQ32: =AC32*BC32 -> 8.33 | CR32: =AD32*BB32 -> 40.2975 | CS32: =AE32 -> 3.9555 | CT32: =AF32 -> 5.994 | CU32: =AG32 -> 0 | CV32: =AH32 -> 0.702 | CW32: =AI32 -> 0.297 | CX32: =AJ32 -> 0 | CY32: =(((S32+R32)*AT32)/100) -> 250.722 | CZ32: =(((S32+R32)*AU32)/100) -> 128.1468 | DE32: )*1,35 | DF32: )*1,35 | DG32: )*1,35 | DI32: )*1,35 | DJ32: )*1,35 | DN32: 0 | DO32: 0 | DP32: 1 | DQ32: 1 | DU32: 1013 | DV32: ШТ | DW32: ШТ | DX32: 1 | EE32: 37164044 | EF32: 3 | EG32: Монтажные работы | EH32: 0 | EJ32: 2 | EK32: 111003 | EL32: Приборы, средства автоматизации и вычислительной техники | EM32: мФЕР-11 | EO32: Поправка: Мет.421/пр 04.08.20 Пр.10 Т.3 п. 1.2 | EQ32: 512 | ER32: 42.62 | ES32: 8.33 | ET32: 29.85 | EU32: 2.93 | EV32: 4.44 | EW32: 0.52 | EX32: 0.22 | EY32: 0 | FQ32: 0 | FR32: =ROUND(IF(AND(BH32=3,BI32=3),P32,0),2) -> 0 | FS32: 0 | FX32: 90 | FY32: 46 | GD32: 1 | GF32: 827992875 | GG32: 2 | GH32: 1 | GI32: -2 | GJ32: 0 | GK32: 0 | GL32: =ROUND(IF(AND(BH32=3,BI32=3,FS32<>0),P32,0),2) -> 0 | GM32: =ROUND(O32+X32+Y32,2)+GX32 -> 1908.27 | GN32: =IF(OR(BI32=0,BI32=1),ROUND(O32+X32+Y32,2),0) -> 0 | GO32: =IF(BI32=2,ROUND(O32+X32+Y32,2),0) -> 1908.27 | GP32: =IF(BI32=4,ROUND(O32+X32+Y32,2)+GX32,0) -> 0 | GR32: 0 | GS32: 3 | GT32: 0 | GV32: =ROUND((GT32),6) -> 0 | GW32: 1 | GX32: =ROUND(HC32*I32,2) -> 0 | HA32: 0 | HB32: 0 | HC32: =GV32*GW32 -> 0 | HN32: Пр/812-053.0-1 | HO32: Пр/774-053.0 | HP32: Приборы, средства автоматизации и вычислительной техники | HQ32: Приборы, средства автоматизации и вычислительной техники | IK32: 0
A33: 17 | B33: 1 | C33: =ROW(SmtRes!A12) -> 12 | D33: =ROW(EtalonRes!A12) -> 12 | E33: 1 | F33: м11-05-001-01 | G33: Механизм исполнительный, масса: до 20 кг | H33: ШТ | I33: 28 | J33: 0 | K33: 28 | O33: =ROUND(CP33,2) -> 1529.4 | P33: =ROUND(CQ33*I33,2) -> 233.24 | Q33: =ROUND(CR33*I33,2) -> 1128.33 | R33: =ROUND(CS33*I33,2) -> 110.75 | S33: =ROUND(CT33*I33,2) -> 167.83 | T33: =ROUND(CU33*I33,2) -> 0 | U33: =CV33*I33 -> 19.656 | V33: =CW33*I33 -> 8.316 | W33: =ROUND(CX33*I33,2) -> 0 | X33: =ROUND(CY33,2) -> 250.72 | Y33: =ROUND(CZ33,2) -> 128.15 | AA33: 41727979 | AB33: =ROUND((AC33+AD33+AF33),6) -> 54.6215 | AC33: =ROUND((ES33),6) -> 8.33 | AD33: =ROUND(((((ET33*ROUND(1.35,7)))-((EU33*ROUND(1.35,7))))+AE33),6) -> 40.2975 | AE33: =ROUND(((EU33*ROUND(1.35,7))),6) -> 3.9555 | AF33: =ROUND(((EV33*ROUND(1.35,7))),6) -> 5.994 | AG33: =ROUND((AP33),6) -> 0 | AH33: =((EW33*ROUND(1.35,7))) -> 0.702 | AI33: =((EX33*ROUND(1.35,7))) -> 0.297 | AJ33: =(AS33) -> 0 | AK33: 42.62 | AL33: 8.33 | AM33: 29.85 | AN33: 2.93 | AO33: 4.44 | AP33: 0 | AQ33: 0.52 | AR33: 0.22 | AS33: 0 | AT33: 90 | AU33: 46 | AV33: 1 | AW33: 1 | AZ33: 1 | BA33: 1 | BB33: 1 | BC33: 1 | BH33: 0 | BI33: 2 | BJ33: ФЕРм-2001, м11-05-001-01, приказ Минстроя России № 876/пр от 26.12.2019 | BM33: 111003 | BN33: 0 | BO33: Письмо Минстроя России от 15.12.2021 №55265-ИФ/09 | BP33: 1 | BQ33: 3 | BR33: 0 | BS33: 1 | BT33: 1 | BU33: 1 | BV33: 1 | BW33: 1 | BX33: 1 | BZ33: 90 | CA33: 46 | CE33: 0 | CF33: 0 | CG33: 0 | CM33: 0 | CN33: Поправка: Мет.421/пр 04.08.20 Пр.10 Т.3 п. 1.2 Наименование: Производство ремонтно-строительных работ осуществляется в помещениях эксплуатируемого объекта капитального строительства без остановки рабочего процесса, при этом: в зоне производства ремонтно-строительных работ имеются действующее технологическое или лабораторное оборудование, мебель и иные загромождающие помещения предметы | CO33: 0 | CP33: =(P33+Q33+S33) -> 1529.4 | CQ33: =AC33*BC33 -> 8.33 | CR33: =AD33*BB33 -> 40.2975 | CS33: =AE33 -> 3.9555 | CT33: =AF33 -> 5.994 | CU33: =AG33 -> 0 | CV33: =AH33 -> 0.702 | CW33: =AI33 -> 0.297 | CX33: =AJ33 -> 0 | CY33: =(((S33+R33)*AT33)/100) -> 250.722 | CZ33: =(((S33+R33)*AU33)/100) -> 128.1468 | DE33: )*1,35 | DF33: )*1,35 | DG33: )*1,35 | DI33: )*1,35 | DJ33: )*1,35 | DN33: 0 | DO33: 0 | DP33: 1 | DQ33: 1 | DU33: 1013 | DV33: ШТ | DW33: ШТ | DX33: 1 | EE33: 37164044 | EF33: 3 | EG33: Монтажные работы | EH33: 0 | EJ33: 2 | EK33: 111003 | EL33: Приборы, средства автоматизации и вычислительной техники | EM33: мФЕР-11 | EO33: Поправка: Мет.421/пр 04.08.20 Пр.10 Т.3 п. 1.2 | EQ33: 512 | ER33: 42.62 | ES33: 8.33 | ET33: 29.85 | EU33: 2.93 | EV33: 4.44 | EW33: 0.52 | EX33: 0.22 | EY33: 0 | FQ33: 0 | FR33: =ROUND(IF(AND(BH33=3,BI33=3),P33,0),2) -> 0 | FS33: 0 | FX33: 90 | FY33: 46 | GD33: 1 | GF33: 827992875 | GG33: 1 | GH33: 1 | GI33: 4 | GJ33: 0 | GK33: 0 | GL33: =ROUND(IF(AND(BH33=3,BI33=3,FS33<>0),P33,0),2) -> 0 | GM33: =ROUND(O33+X33+Y33,2)+GX33 -> 1908.27 | GN33: =IF(OR(BI33=0,BI33=1),ROUND(O33+X33+Y33,2),0) -> 0 | GO33: =IF(BI33=2,ROUND(O33+X33+Y33,2),0) -> 1908.27 | GP33: =IF(BI33=4,ROUND(O33+X33+Y33,2)+GX33,0) -> 0 | GR33: 0 | GS33: 3 | GT33: 0 | GV33: =ROUND((GT33),6) -> 0 | GW33: 1 | GX33: =ROUND(HC33*I33,2) -> 0 | HA33: 0 | HB33: 0 | HC33: =GV33*GW33 -> 0 | HN33: Пр/812-053.0-1 | HO33: Пр/774-053.0 | HP33: Приборы, средства автоматизации и вычислительной техники | HQ33: Приборы, средства автоматизации и вычислительной техники | IK33: 0
A34: 17 | B34: 1 | E34: 2 | F34: Цена поставщика | G34: Генератор огнетушащего аэрозоля FR 750E | H34: ШТ | I34: 17 | J34: 0 | K34: 17 | O34: =ROUND(CP34,2) -> 698247 | P34: =ROUND(ROUND(CQ34*I34,0)/BC34,2) -> 698247 | Q34: =ROUND(CR34*I34,2) -> 0 | R34: =ROUND(CS34*I34,2) -> 0 | S34: =ROUND(CT34*I34,2) -> 0 | T34: =ROUND(CU34*I34,2) -> 0 | U34: =CV34*I34 -> 0 | V34: =CW34*I34 -> 0 | W34: =ROUND(CX34*I34,2) -> 0 | X34: =ROUND(CY34,2) -> 0 | Y34: =ROUND(CZ34,2) -> 0 | AA34: 41727981 | AB34: =ROUND((AC34+AD34+AF34),6) -> 41073.33 | AC34: =ROUND((ES34),6) -> 41073.33 | AD34: =ROUND((((ET34)-(EU34))+AE34),6) -> 0 | AE34: =ROUND((EU34),6) -> 0 | AF34: =ROUND((EV34),6) -> 0 | AG34: =ROUND((AP34),6) -> 0 | AH34: =(EW34) -> 0 | AI34: =(EX34) -> 0 | AJ34: =(AS34) -> 0 | AK34: 41073.33 | AL34: 41073.33 | AM34: 0 | AN34: 0 | AO34: 0 | AP34: 0 | AQ34: 0 | AR34: 0 | AS34: 0 | AT34: 0 | AU34: 0 | AV34: 1 | AW34: 1 | AZ34: 1 | BA34: 1 | BB34: 1 | BC34: 1 | BH34: 3 | BI34: 3 | BM34: 1100 | BN34: 0 | BP34: 0 | BQ34: 8 | BR34: 0 | BS34: 1 | BT34: 1 | BU34: 1 | BV34: 1 | BW34: 1 | BX34: 1 | BZ34: 0 | CA34: 0 | CE34: 0 | CF34: 0 | CG34: 0 | CM34: 0 | CO34: 0 | CP34: =(P34+Q34+S34) -> 698247 | CQ34: =AC34 -> 41073.33 | CR34: =AD34*BB34 -> 0 | CS34: =AE34 -> 0 | CT34: =AF34 -> 0 | CU34: =AG34 -> 0 | CV34: =AH34 -> 0 | CW34: =AI34 -> 0 | CX34: =AJ34 -> 0 | CY34: =(((S34+R34)*AT34)/100) -> 0 | CZ34: =(((S34+R34)*AU34)/100) -> 0 | DN34: 0 | DO34: 0 | DP34: 1 | DQ34: 1 | DU34: 1013 | DV34: ШТ | DW34: ШТ | DX34: 1 | EE34: 37164457 | EF34: 8 | EG34: Материалы строительные | EH34: 0 | EJ34: 1 | EK34: 1100 | EL34: Материалы, изделия и конструкции | EM34: материалы (03) | EQ34: 0 | ER34: 0 | ES34: 41073.33 | ET34: 0 | EU34: 0 | EV34: 0 | EW34: 0 | EX34: 0 | EY34: 0 | EZ34: 5 | FC34: 1 | FD34: 18 | FF34: 49288 | FQ34: 0 | FR34: =ROUND(IF(AND(BH34=3,BI34=3),P34,0),2) -> 698247 | FS34: 0 | FX34: 0 | FY34: 0 | GA34: [49 288 / 1,2] | GD34: 1 | GF34: -240708330 | GG34: 2 | GH34: 3 | GI34: -2 | GJ34: 0 | GK34: 0 | GL34: =ROUND(IF(AND(BH34=3,BI34=3,FS34<>0),P34,0),2) -> 0 | GM34: =ROUND(O34+X34+Y34,2)+GX34 -> 698247 | GN34: =IF(OR(BI34=0,BI34=1),ROUND(O34+X34+Y34,2),0) -> 0 | GO34: =IF(BI34=2,ROUND(O34+X34+Y34,2),0) -> 0 | GP34: =IF(BI34=4,ROUND(O34+X34+Y34,2)+GX34,0) -> 0 | GR34: 1 | GS34: 1 | GT34: 0 | GV34: =ROUND((GT34),6) -> 0 | GW34: 1 | GX34: =ROUND(HC34*I34,2) -> 0 | HA34: 0 | HB34: 0 | HC34: =GV34*GW34 -> 0 | HE34: 0 | HF34: 0 | HH34: =ROUND(AC34*I34,0) -> 698247 | IK34: 0
A35: 17 | B35: 1 | E35: 2 | F35: Цена поставщика | G35: Генератор огнетушащего аэрозоля FR 750E | H35: ШТ | I35: 17 | J35: 0 | K35: 17 | O35: =ROUND(CP35,2) -> 149450.51 | P35: =ROUND(ROUND(CQ35*I35,0)/BC35,2) -> 149450.51 | Q35: =ROUND(CR35*I35,2) -> 0 | R35: =ROUND(CS35*I35,2) -> 0 | S35: =ROUND(CT35*I35,2) -> 0 | T35: =ROUND(CU35*I35,2) -> 0 | U35: =CV35*I35 -> 0 | V35: =CW35*I35 -> 0 | W35: =ROUND(CX35*I35,2) -> 0 | X35: =ROUND(CY35,2) -> 0 | Y35: =ROUND(CZ35,2) -> 0 | AA35: 41727979 | AB35: =ROUND((AC35+AD35+AF35),6) -> 42813.2 | AC35: =ROUND((ES35),6) -> 42813.2 | AD35: =ROUND((((ET35)-(EU35))+AE35),6) -> 0 | AE35: =ROUND((EU35),6) -> 0 | AF35: =ROUND((EV35),6) -> 0 | AG35: =ROUND((AP35),6) -> 0 | AH35: =(EW35) -> 0 | AI35: =(EX35) -> 0 | AJ35: =(AS35) -> 0 | AK35: 42813.2 | AL35: 42813.2 | AM35: 0 | AN35: 0 | AO35: 0 | AP35: 0 | AQ35: 0 | AR35: 0 | AS35: 0 | AT35: 0 | AU35: 0 | AV35: 1 | AW35: 1 | AZ35: 4.87 | BA35: 1 | BB35: 1 | BC35: 4.87 | BH35: 3 | BI35: 3 | BM35: 1100 | BN35: 0 | BO35: Письмо Минстроя России от 22.11.2021 №50719-ИФ/09 | BP35: 1 | BQ35: 8 | BR35: 0 | BS35: 1 | BT35: 1 | BU35: 1 | BV35: 1 | BW35: 1 | BX35: 1 | BZ35: 0 | CA35: 0 | CE35: 0 | CF35: 0 | CG35: 0 | CM35: 0 | CO35: 0 | CP35: =(P35+Q35+S35) -> 149450.51 | CQ35: =AC35 -> 42813.2 | CR35: =AD35*BB35 -> 0 | CS35: =AE35 -> 0 | CT35: =AF35 -> 0 | CU35: =AG35 -> 0 | CV35: =AH35 -> 0 | CW35: =AI35 -> 0 | CX35: =AJ35 -> 0 | CY35: =(((S35+R35)*AT35)/100) -> 0 | CZ35: =(((S35+R35)*AU35)/100) -> 0 | DN35: 0 | DO35: 0 | DP35: 1 | DQ35: 1 | DU35: 1013 | DV35: ШТ | DW35: ШТ | DX35: 1 | EE35: 37164457 | EF35: 8 | EG35: Материалы строительные | EH35: 0 | EJ35: 1 | EK35: 1100 | EL35: Материалы, изделия и конструкции | EM35: материалы (03) | EQ35: 0 | ER35: 42813.2 | ES35: 42813.2 | ET35: 0 | EU35: 0 | EV35: 0 | EW35: 0 | EX35: 0 | EY35: 0 | EZ35: 5 | FC35: 1 | FD35: 18 | FF35: 49288 | FQ35: 0 | FR35: =ROUND(IF(AND(BH35=3,BI35=3),P35,0),2) -> 149450.51 | FS35: 0 | FX35: 0 | FY35: 0 | GA35: [49 288 / 1,2] + 3% Трансп + 1,2% Заг.скл | GD35: 1 | GF35: -240708330 | GG35: 1 | GH35: 3 | GI35: 4 | GJ35: 0 | GK35: 0 | GL35: =ROUND(IF(AND(BH35=3,BI35=3,FS35<>0),P35,0),2) -> 0 | GM35: =ROUND(O35+X35+Y35,2)+GX35 -> 149450.51 | GN35: =IF(OR(BI35=0,BI35=1),ROUND(O35+X35+Y35,2),0) -> 0 | GO35: =IF(BI35=2,ROUND(O35+X35+Y35,2),0) -> 0 | GP35: =IF(BI35=4,ROUND(O35+X35+Y35,2)+GX35,0) -> 0 | GR35: 1 | GS35: 1 | GT35: 0 | GV35: =ROUND((GT35),6) -> 0 | GW35: 1 | GX35: =ROUND(HC35*I35,2) -> 0 | HA35: 0 | HB35: 0 | HC35: =GV35*GW35 -> 0 | HE35: 3 | HF35: 1,2 | HH35: =ROUND(AC35*I35,0) -> 727824 | IK35: 0
A36: 17 | B36: 1 | E36: 3 | F36: Цена поставщика | G36: Генератор огнетушащего аэрозоля FR 750E(ЗИП) | H36: ШТ | I36: 17 | J36: 0 | K36: 17 | O36: =ROUND(CP36,2) -> 698247 | P36: =ROUND(ROUND(CQ36*I36,0)/BC36,2) -> 698247 | Q36: =ROUND(CR36*I36,2) -> 0 | R36: =ROUND(CS36*I36,2) -> 0 | S36: =ROUND(CT36*I36,2) -> 0 | T36: =ROUND(CU36*I36,2) -> 0 | U36: =CV36*I36 -> 0 | V36: =CW36*I36 -> 0 | W36: =ROUND(CX36*I36,2) -> 0 | X36: =ROUND(CY36,2) -> 0 | Y36: =ROUND(CZ36,2) -> 0 | AA36: 41727981 | AB36: =ROUND((AC36+AD36+AF36),6) -> 41073.33 | AC36: =ROUND((ES36),6) -> 41073.33 | AD36: =ROUND((((ET36)-(EU36))+AE36),6) -> 0 | AE36: =ROUND((EU36),6) -> 0 | AF36: =ROUND((EV36),6) -> 0 | AG36: =ROUND((AP36),6) -> 0 | AH36: =(EW36) -> 0 | AI36: =(EX36) -> 0 | AJ36: =(AS36) -> 0 | AK36: 41073.33 | AL36: 41073.33 | AM36: 0 | AN36: 0 | AO36: 0 | AP36: 0 | AQ36: 0 | AR36: 0 | AS36: 0 | AT36: 0 | AU36: 0 | AV36: 1 | AW36: 1 | AZ36: 1 | BA36: 1 | BB36: 1 | BC36: 1 | BH36: 3 | BI36: 3 | BM36: 1100 | BN36: 0 | BP36: 0 | BQ36: 8 | BR36: 0 | BS36: 1 | BT36: 1 | BU36: 1 | BV36: 1 | BW36: 1 | BX36: 1 | BZ36: 0 | CA36: 0 | CE36: 0 | CF36: 0 | CG36: 0 | CM36: 0 | CO36: 0 | CP36: =(P36+Q36+S36) -> 698247 | CQ36: =AC36 -> 41073.33 | CR36: =AD36*BB36 -> 0 | CS36: =AE36 -> 0 | CT36: =AF36 -> 0 | CU36: =AG36 -> 0 | CV36: =AH36 -> 0 | CW36: =AI36 -> 0 | CX36: =AJ36 -> 0 | CY36: =(((S36+R36)*AT36)/100) -> 0 | CZ36: =(((S36+R36)*AU36)/100) -> 0 | DN36: 0 | DO36: 0 | DP36: 1 | DQ36: 1 | DU36: 1013 | DV36: ШТ | DW36: ШТ | DX36: 1 | EE36: 37164457 | EF36: 8 | EG36: Материалы строительные | EH36: 0 | EJ36: 1 | EK36: 1100 | EL36: Материалы, изделия и конструкции | EM36: материалы (03) | EQ36: 0 | ER36: 0 | ES36: 41073.33 | ET36: 0 | EU36: 0 | EV36: 0 | EW36: 0 | EX36: 0 | EY36: 0 | EZ36: 5 | FC36: 1 | FD36: 18 | FF36: 49288 | FQ36: 0 | FR36: =ROUND(IF(AND(BH36=3,BI36=3),P36,0),2) -> 698247 | FS36: 0 | FX36: 0 | FY36: 0 | GA36: [49 288 / 1,2] | GD36: 1 | GF36: -11720255 | GG36: 2 | GH36: 3 | GI36: -2 | GJ36: 0 | GK36: 0 | GL36: =ROUND(IF(AND(BH36=3,BI36=3,FS36<>0),P36,0),2) -> 0 | GM36: =ROUND(O36+X36+Y36,2)+GX36 -> 698247 | GN36: =IF(OR(BI36=0,BI36=1),ROUND(O36+X36+Y36,2),0) -> 0 | GO36: =IF(BI36=2,ROUND(O36+X36+Y36,2),0) -> 0 | GP36: =IF(BI36=4,ROUND(O36+X36+Y36,2)+GX36,0) -> 0 | GR36: 1 | GS36: 1 | GT36: 0 | GV36: =ROUND((GT36),6) -> 0 | GW36: 1 | GX36: =ROUND(HC36*I36,2) -> 0 | HA36: 0 | HB36: 0 | HC36: =GV36*GW36 -> 0 | HE36: 0 | HF36: 0 | HH36: =ROUND(AC36*I36,0) -> 698247 | IK36: 0
A37: 17 | B37: 1 | E37: 3 | F37: Цена поставщика | G37: Генератор огнетушащего аэрозоля FR 750E(ЗИП) | H37: ШТ | I37: 17 | J37: 0 | K37: 17 | O37: =ROUND(CP37,2) -> 149450.51 | P37: =ROUND(ROUND(CQ37*I37,0)/BC37,2) -> 149450.51 | Q37: =ROUND(CR37*I37,2) -> 0 | R37: =ROUND(CS37*I37,2) -> 0 | S37: =ROUND(CT37*I37,2) -> 0 | T37: =ROUND(CU37*I37,2) -> 0 | U37: =CV37*I37 -> 0 | V37: =CW37*I37 -> 0 | W37: =ROUND(CX37*I37,2) -> 0 | X37: =ROUND(CY37,2) -> 0 | Y37: =ROUND(CZ37,2) -> 0 | AA37: 41727979 | AB37: =ROUND((AC37+AD37+AF37),6) -> 42813.2 | AC37: =ROUND((ES37),6) -> 42813.2 | AD37: =ROUND((((ET37)-(EU37))+AE37),6) -> 0 | AE37: =ROUND((EU37),6) -> 0 | AF37: =ROUND((EV37),6) -> 0 | AG37: =ROUND((AP37),6) -> 0 | AH37: =(EW37) -> 0 | AI37: =(EX37) -> 0 | AJ37: =(AS37) -> 0 | AK37: 42813.2 | AL37: 42813.2 | AM37: 0 | AN37: 0 | AO37: 0 | AP37: 0 | AQ37: 0 | AR37: 0 | AS37: 0 | AT37: 0 | AU37: 0 | AV37: 1 | AW37: 1 | AZ37: 4.87 | BA37: 1 | BB37: 1 | BC37: 4.87 | BH37: 3 | BI37: 3 | BM37: 1100 | BN37: 0 | BO37: Письмо Минстроя России от 22.11.2021 №50719-ИФ/09 | BP37: 1 | BQ37: 8 | BR37: 0 | BS37: 1 | BT37: 1 | BU37: 1 | BV37: 1 | BW37: 1 | BX37: 1 | BZ37: 0 | CA37: 0 | CE37: 0 | CF37: 0 | CG37: 0 | CM37: 0 | CO37: 0 | CP37: =(P37+Q37+S37) -> 149450.51 | CQ37: =AC37 -> 42813.2 | CR37: =AD37*BB37 -> 0 | CS37: =AE37 -> 0 | CT37: =AF37 -> 0 | CU37: =AG37 -> 0 | CV37: =AH37 -> 0 | CW37: =AI37 -> 0 | CX37: =AJ37 -> 0 | CY37: =(((S37+R37)*AT37)/100) -> 0 | CZ37: =(((S37+R37)*AU37)/100) -> 0 | DN37: 0 | DO37: 0 | DP37: 1 | DQ37: 1 | DU37: 1013 | DV37: ШТ | DW37: ШТ | DX37: 1 | EE37: 37164457 | EF37: 8 | EG37: Материалы строительные | EH37: 0 | EJ37: 1 | EK37: 1100 | EL37: Материалы, изделия и конструкции | EM37: материалы (03) | EQ37: 0 | ER37: 42813.2 | ES37: 42813.2 | ET37: 0 | EU37: 0 | EV37: 0 | EW37: 0 | EX37: 0 | EY37: 0 | EZ37: 5 | FC37: 1 | FD37: 18 | FF37: 49288 | FQ37: 0 | FR37: =ROUND(IF(AND(BH37=3,BI37=3),P37,0),2) -> 149450.51 | FS37: 0 | FX37: 0 | FY37: 0 | GA37: [49 288 / 1,2] + 3% Трансп + 1,2% Заг.скл | GD37: 1 | GF37: -11720255 | GG37: 1 | GH37: 3 | GI37: 4 | GJ37: 0 | GK37: 0 | GL37: =ROUND(IF(AND(BH37=3,BI37=3,FS37<>0),P37,0),2) -> 0 | GM37: =ROUND(O37+X37+Y37,2)+GX37 -> 149450.51 | GN37: =IF(OR(BI37=0,BI37=1),ROUND(O37+X37+Y37,2),0) -> 0 | GO37: =IF(BI37=2,ROUND(O37+X37+Y37,2),0) -> 0 | GP37: =IF(BI37=4,ROUND(O37+X37+Y37,2)+GX37,0) -> 0 | GR37: 1 | GS37: 1 | GT37: 0 | GV37: =ROUND((GT37),6) -> 0 | GW37: 1 | GX37: =ROUND(HC37*I37,2) -> 0 | HA37: 0 | HB37: 0 | HC37: =GV37*GW37 -> 0 | HE37: 3 | HF37: 1,2 | HH37: =ROUND(AC37*I37,0) -> 727824 | IK37: 0
A38: 17 | B38: 1 | E38: 4 | F38: Цена поставщика | G38: Генератор огнетушащего аэрозоля FR-3500E | H38: ШТ | I38: 11 | J38: 0 | K38: 11 | O38: =ROUND(CP38,2) -> 524022 | P38: =ROUND(ROUND(CQ38*I38,0)/BC38,2) -> 524022 | Q38: =ROUND(CR38*I38,2) -> 0 | R38: =ROUND(CS38*I38,2) -> 0 | S38: =ROUND(CT38*I38,2) -> 0 | T38: =ROUND(CU38*I38,2) -> 0 | U38: =CV38*I38 -> 0 | V38: =CW38*I38 -> 0 | W38: =ROUND(CX38*I38,2) -> 0 | X38: =ROUND(CY38,2) -> 0 | Y38: =ROUND(CZ38,2) -> 0 | AA38: 41727981 | AB38: =ROUND((AC38+AD38+AF38),6) -> 47638.33 | AC38: =ROUND((ES38),6) -> 47638.33 | AD38: =ROUND((((ET38)-(EU38))+AE38),6) -> 0 | AE38: =ROUND((EU38),6) -> 0 | AF38: =ROUND((EV38),6) -> 0 | AG38: =ROUND((AP38),6) -> 0 | AH38: =(EW38) -> 0 | AI38: =(EX38) -> 0 | AJ38: =(AS38) -> 0 | AK38: 47638.33 | AL38: 47638.33 | AM38: 0 | AN38: 0 | AO38: 0 | AP38: 0 | AQ38: 0 | AR38: 0 | AS38: 0 | AT38: 0 | AU38: 0 | AV38: 1 | AW38: 1 | AZ38: 1 | BA38: 1 | BB38: 1 | BC38: 1 | BH38: 3 | BI38: 3 | BM38: 1100 | BN38: 0 | BP38: 0 | BQ38: 8 | BR38: 0 | BS38: 1 | BT38: 1 | BU38: 1 | BV38: 1 | BW38: 1 | BX38: 1 | BZ38: 0 | CA38: 0 | CE38: 0 | CF38: 0 | CG38: 0 | CM38: 0 | CO38: 0 | CP38: =(P38+Q38+S38) -> 524022 | CQ38: =AC38 -> 47638.33 | CR38: =AD38*BB38 -> 0 | CS38: =AE38 -> 0 | CT38: =AF38 -> 0 | CU38: =AG38 -> 0 | CV38: =AH38 -> 0 | CW38: =AI38 -> 0 | CX38: =AJ38 -> 0 | CY38: =(((S38+R38)*AT38)/100) -> 0 | CZ38: =(((S38+R38)*AU38)/100) -> 0 | DN38: 0 | DO38: 0 | DP38: 1 | DQ38: 1 | DU38: 1013 | DV38: ШТ | DW38: ШТ | DX38: 1 | EE38: 37164457 | EF38: 8 | EG38: Материалы строительные | EH38: 0 | EJ38: 1 | EK38: 1100 | EL38: Материалы, изделия и конструкции | EM38: материалы (03) | EQ38: 0 | ER38: 0 | ES38: 47638.33 | ET38: 0 | EU38: 0 | EV38: 0 | EW38: 0 | EX38: 0 | EY38: 0 | EZ38: 5 | FC38: 1 | FD38: 18 | FF38: 57166 | FQ38: 0 | FR38: =ROUND(IF(AND(BH38=3,BI38=3),P38,0),2) -> 524022 | FS38: 0 | FX38: 0 | FY38: 0 | GA38: [57 166 / 1,2] | GD38: 1 | GF38: -83441628 | GG38: 2 | GH38: 3 | GI38: -2 | GJ38: 0 | GK38: 0 | GL38: =ROUND(IF(AND(BH38=3,BI38=3,FS38<>0),P38,0),2) -> 0 | GM38: =ROUND(O38+X38+Y38,2)+GX38 -> 524022 | GN38: =IF(OR(BI38=0,BI38=1),ROUND(O38+X38+Y38,2),0) -> 0 | GO38: =IF(BI38=2,ROUND(O38+X38+Y38,2),0) -> 0 | GP38: =IF(BI38=4,ROUND(O38+X38+Y38,2)+GX38,0) -> 0 | GR38: 1 | GS38: 1 | GT38: 0 | GV38: =ROUND((GT38),6) -> 0 | GW38: 1 | GX38: =ROUND(HC38*I38,2) -> 0 | HA38: 0 | HB38: 0 | HC38: =GV38*GW38 -> 0 | HE38: 0 | HF38: 0 | HH38: =ROUND(AC38*I38,0) -> 524022 | IK38: 0
A39: 17 | B39: 1 | E39: 4 | F39: Цена поставщика | G39: Генератор огнетушащего аэрозоля FR-3500E | H39: ШТ | I39: 11 | J39: 0 | K39: 11 | O39: =ROUND(CP39,2) -> 112159.96 | P39: =ROUND(ROUND(CQ39*I39,0)/BC39,2) -> 112159.96 | Q39: =ROUND(CR39*I39,2) -> 0 | R39: =ROUND(CS39*I39,2) -> 0 | S39: =ROUND(CT39*I39,2) -> 0 | T39: =ROUND(CU39*I39,2) -> 0 | U39: =CV39*I39 -> 0 | V39: =CW39*I39 -> 0 | W39: =ROUND(CX39*I39,2) -> 0 | X39: =ROUND(CY39,2) -> 0 | Y39: =ROUND(CZ39,2) -> 0 | AA39: 41727979 | AB39: =ROUND((AC39+AD39+AF39),6) -> 49656.29 | AC39: =ROUND((ES39),6) -> 49656.29 | AD39: =ROUND((((ET39)-(EU39))+AE39),6) -> 0 | AE39: =ROUND((EU39),6) -> 0 | AF39: =ROUND((EV39),6) -> 0 | AG39: =ROUND((AP39),6) -> 0 | AH39: =(EW39) -> 0 | AI39: =(EX39) -> 0 | AJ39: =(AS39) -> 0 | AK39: 49656.29 | AL39: 49656.29 | AM39: 0 | AN39: 0 | AO39: 0 | AP39: 0 | AQ39: 0 | AR39: 0 | AS39: 0 | AT39: 0 | AU39: 0 | AV39: 1 | AW39: 1 | AZ39: 4.87 | BA39: 1 | BB39: 1 | BC39: 4.87 | BH39: 3 | BI39: 3 | BM39: 1100 | BN39: 0 | BO39: Письмо Минстроя России от 22.11.2021 №50719-ИФ/09 | BP39: 1 | BQ39: 8 | BR39: 0 | BS39: 1 | BT39: 1 | BU39: 1 | BV39: 1 | BW39: 1 | BX39: 1 | BZ39: 0 | CA39: 0 | CE39: 0 | CF39: 0 | CG39: 0 | CM39: 0 | CO39: 0 | CP39: =(P39+Q39+S39) -> 112159.96 | CQ39: =AC39 -> 49656.29 | CR39: =AD39*BB39 -> 0 | CS39: =AE39 -> 0 | CT39: =AF39 -> 0 | CU39: =AG39 -> 0 | CV39: =AH39 -> 0 | CW39: =AI39 -> 0 | CX39: =AJ39 -> 0 | CY39: =(((S39+R39)*AT39)/100) -> 0 | CZ39: =(((S39+R39)*AU39)/100) -> 0 | DN39: 0 | DO39: 0 | DP39: 1 | DQ39: 1 | DU39: 1013 | DV39: ШТ | DW39: ШТ | DX39: 1 | EE39: 37164457 | EF39: 8 | EG39: Материалы строительные | EH39: 0 | EJ39: 1 | EK39: 1100 | EL39: Материалы, изделия и конструкции | EM39: материалы (03) | EQ39: 0 | ER39: 49656.29 | ES39: 49656.29 | ET39: 0 | EU39: 0 | EV39: 0 | EW39: 0 | EX39: 0 | EY39: 0 | EZ39: 5 | FC39: 1 | FD39: 18 | FF39: 57166 | FQ39: 0 | FR39: =ROUND(IF(AND(BH39=3,BI39=3),P39,0),2) -> 112159.96 | FS39: 0 | FX39: 0 | FY39: 0 | GA39: [57 166 / 1,2] + 3% Трансп + 1,2% Заг.скл | GD39: 1 | GF39: -83441628 | GG39: 1 | GH39: 3 | GI39: 4 | GJ39: 0 | GK39: 0 | GL39: =ROUND(IF(AND(BH39=3,BI39=3,FS39<>0),P39,0),2) -> 0 | GM39: =ROUND(O39+X39+Y39,2)+GX39 -> 112159.96 | GN39: =IF(OR(BI39=0,BI39=1),ROUND(O39+X39+Y39,2),0) -> 0 | GO39: =IF(BI39=2,ROUND(O39+X39+Y39,2),0) -> 0 | GP39: =IF(BI39=4,ROUND(O39+X39+Y39,2)+GX39,0) -> 0 | GR39: 1 | GS39: 1 | GT39: 0 | GV39: =ROUND((GT39),6) -> 0 | GW39: 1 | GX39: =ROUND(HC39*I39,2) -> 0 | HA39: 0 | HB39: 0 | HC39: =GV39*GW39 -> 0 | HE39: 3 | HF39: 1,2 | HH39: =ROUND(AC39*I39,0) -> 546219 | IK39: 0
A40: 17 | B40: 1 | E40: 5 | F40: Цена поставщика | G40: Генератор огнетушащего аэрозоля FR-3500E(ЗИП) | H40: ШТ | I40: 11 | J40: 0 | K40: 11 | O40: =ROUND(CP40,2) -> 524022 | P40: =ROUND(ROUND(CQ40*I40,0)/BC40,2) -> 524022 | Q40: =ROUND(CR40*I40,2) -> 0 | R40: =ROUND(CS40*I40,2) -> 0 | S40: =ROUND(CT40*I40,2) -> 0 | T40: =ROUND(CU40*I40,2) -> 0 | U40: =CV40*I40 -> 0 | V40: =CW40*I40 -> 0 | W40: =ROUND(CX40*I40,2) -> 0 | X40: =ROUND(CY40,2) -> 0 | Y40: =ROUND(CZ40,2) -> 0 | AA40: 41727981 | AB40: =ROUND((AC40+AD40+AF40),6) -> 47638.33 | AC40: =ROUND((ES40),6) -> 47638.33 | AD40: =ROUND((((ET40)-(EU40))+AE40),6) -> 0 | AE40: =ROUND((EU40),6) -> 0 | AF40: =ROUND((EV40),6) -> 0 | AG40: =ROUND((AP40),6) -> 0 | AH40: =(EW40) -> 0 | AI40: =(EX40) -> 0 | AJ40: =(AS40) -> 0 | AK40: 47638.33 | AL40: 47638.33 | AM40: 0 | AN40: 0 | AO40: 0 | AP40: 0 | AQ40: 0 | AR40: 0 | AS40: 0 | AT40: 0 | AU40: 0 | AV40: 1 | AW40: 1 | AZ40: 1 | BA40: 1 | BB40: 1 | BC40: 1 | BH40: 3 | BI40: 3 | BM40: 1100 | BN40: 0 | BP40: 0 | BQ40: 8 | BR40: 0 | BS40: 1 | BT40: 1 | BU40: 1 | BV40: 1 | BW40: 1 | BX40: 1 | BZ40: 0 | CA40: 0 | CE40: 0 | CF40: 0 | CG40: 0 | CM40: 0 | CO40: 0 | CP40: =(P40+Q40+S40) -> 524022 | CQ40: =AC40 -> 47638.33 | CR40: =AD40*BB40 -> 0 | CS40: =AE40 -> 0 | CT40: =AF40 -> 0 | CU40: =AG40 -> 0 | CV40: =AH40 -> 0 | CW40: =AI40 -> 0 | CX40: =AJ40 -> 0 | CY40: =(((S40+R40)*AT40)/100) -> 0 | CZ40: =(((S40+R40)*AU40)/100) -> 0 | DN40: 0 | DO40: 0 | DP40: 1 | DQ40: 1 | DU40: 1013 | DV40: ШТ | DW40: ШТ | DX40: 1 | EE40: 37164457 | EF40: 8 | EG40: Материалы строительные | EH40: 0 | EJ40: 1 | EK40: 1100 | EL40: Материалы, изделия и конструкции | EM40: материалы (03) | EQ40: 0 | ER40: 0 | ES40: 47638.33 | ET40: 0 | EU40: 0 | EV40: 0 | EW40: 0 | EX40: 0 | EY40: 0 | EZ40: 5 | FC40: 1 | FD40: 18 | FF40: 57166 | FQ40: 0 | FR40: =ROUND(IF(AND(BH40=3,BI40=3),P40,0),2) -> 524022 | FS40: 0 | FX40: 0 | FY40: 0 | GA40: [57 166 / 1,2] | GD40: 1 | GF40: 1419382682 | GG40: 2 | GH40: 3 | GI40: -2 | GJ40: 0 | GK40: 0 | GL40: =ROUND(IF(AND(BH40=3,BI40=3,FS40<>0),P40,0),2) -> 0 | GM40: =ROUND(O40+X40+Y40,2)+GX40 -> 524022 | GN40: =IF(OR(BI40=0,BI40=1),ROUND(O40+X40+Y40,2),0) -> 0 | GO40: =IF(BI40=2,ROUND(O40+X40+Y40,2),0) -> 0 | GP40: =IF(BI40=4,ROUND(O40+X40+Y40,2)+GX40,0) -> 0 | GR40: 1 | GS40: 1 | GT40: 0 | GV40: =ROUND((GT40),6) -> 0 | GW40: 1 | GX40: =ROUND(HC40*I40,2) -> 0 | HA40: 0 | HB40: 0 | HC40: =GV40*GW40 -> 0 | HE40: 0 | HF40: 0 | HH40: =ROUND(AC40*I40,0) -> 524022 | IK40: 0
A41: 17 | B41: 1 | E41: 5 | F41: Цена поставщика | G41: Генератор огнетушащего аэрозоля FR-3500E(ЗИП) | H41: ШТ | I41: 11 | J41: 0 | K41: 11 | O41: =ROUND(CP41,2) -> 112159.96 | P41: =ROUND(ROUND(CQ41*I41,0)/BC41,2) -> 112159.96 | Q41: =ROUND(CR41*I41,2) -> 0 | R41: =ROUND(CS41*I41,2) -> 0 | S41: =ROUND(CT41*I41,2) -> 0 | T41: =ROUND(CU41*I41,2) -> 0 | U41: =CV41*I41 -> 0 | V41: =CW41*I41 -> 0 | W41: =ROUND(CX41*I41,2) -> 0 | X41: =ROUND(CY41,2) -> 0 | Y41: =ROUND(CZ41,2) -> 0 | AA41: 41727979 | AB41: =ROUND((AC41+AD41+AF41),6) -> 49656.29 | AC41: =ROUND((ES41),6) -> 49656.29 | AD41: =ROUND((((ET41)-(EU41))+AE41),6) -> 0 | AE41: =ROUND((EU41),6) -> 0 | AF41: =ROUND((EV41),6) -> 0 | AG41: =ROUND((AP41),6) -> 0 | AH41: =(EW41) -> 0 | AI41: =(EX41) -> 0 | AJ41: =(AS41) -> 0 | AK41: 49656.29 | AL41: 49656.29 | AM41: 0 | AN41: 0 | AO41: 0 | AP41: 0 | AQ41: 0 | AR41: 0 | AS41: 0 | AT41: 0 | AU41: 0 | AV41: 1 | AW41: 1 | AZ41: 4.87 | BA41: 1 | BB41: 1 | BC41: 4.87 | BH41: 3 | BI41: 3 | BM41: 1100 | BN41: 0 | BO41: Письмо Минстроя России от 22.11.2021 №50719-ИФ/09 | BP41: 1 | BQ41: 8 | BR41: 0 | BS41: 1 | BT41: 1 | BU41: 1 | BV41: 1 | BW41: 1 | BX41: 1 | BZ41: 0 | CA41: 0 | CE41: 0 | CF41: 0 | CG41: 0 | CM41: 0 | CO41: 0 | CP41: =(P41+Q41+S41) -> 112159.96 | CQ41: =AC41 -> 49656.29 | CR41: =AD41*BB41 -> 0 | CS41: =AE41 -> 0 | CT41: =AF41 -> 0 | CU41: =AG41 -> 0 | CV41: =AH41 -> 0 | CW41: =AI41 -> 0 | CX41: =AJ41 -> 0 | CY41: =(((S41+R41)*AT41)/100) -> 0 | CZ41: =(((S41+R41)*AU41)/100) -> 0 | DN41: 0 | DO41: 0 | DP41: 1 | DQ41: 1 | DU41: 1013 | DV41: ШТ | DW41: ШТ | DX41: 1 | EE41: 37164457 | EF41: 8 | EG41: Материалы строительные | EH41: 0 | EJ41: 1 | EK41: 1100 | EL41: Материалы, изделия и конструкции | EM41: материалы (03) | EQ41: 0 | ER41: 49656.29 | ES41: 49656.29 | ET41: 0 | EU41: 0 | EV41: 0 | EW41: 0 | EX41: 0 | EY41: 0 | EZ41: 5 | FC41: 1 | FD41: 18 | FF41: 57166 | FQ41: 0 | FR41: =ROUND(IF(AND(BH41=3,BI41=3),P41,0),2) -> 112159.96 | FS41: 0 | FX41: 0 | FY41: 0 | GA41: [57 166 / 1,2] + 3% Трансп + 1,2% Заг.скл | GD41: 1 | GF41: 1419382682 | GG41: 1 | GH41: 3 | GI41: 4 | GJ41: 0 | GK41: 0 | GL41: =ROUND(IF(AND(BH41=3,BI41=3,FS41<>0),P41,0),2) -> 0 | GM41: =ROUND(O41+X41+Y41,2)+GX41 -> 112159.96 | GN41: =IF(OR(BI41=0,BI41=1),ROUND(O41+X41+Y41,2),0) -> 0 | GO41: =IF(BI41=2,ROUND(O41+X41+Y41,2),0) -> 0 | GP41: =IF(BI41=4,ROUND(O41+X41+Y41,2)+GX41,0) -> 0 | GR41: 1 | GS41: 1 | GT41: 0 | GV41: =ROUND((GT41),6) -> 0 | GW41: 1 | GX41: =ROUND(HC41*I41,2) -> 0 | HA41: 0 | HB41: 0 | HC41: =GV41*GW41 -> 0 | HE41: 3 | HF41: 1,2 | HH41: =ROUND(AC41*I41,0) -> 546219 | IK41: 0
A42: 17 | B42: 1 | C42: =ROW(SmtRes!A23) -> 23 | D42: =ROW(EtalonRes!A23) -> 23 | E42: 6 | F42: м08-03-573-04 | G42: Шкаф (пульт) управления навесной, высота, ширина и глубина: до 600х600х350 мм | H42: ШТ | I42: 2 | J42: 0 | K42: 2 | O42: =ROUND(CP42,2) -> 151.44 | P42: =ROUND(CQ42*I42,2) -> 5.88 | Q42: =ROUND(CR42*I42,2) -> 90.37 | R42: =ROUND(CS42*I42,2) -> 9.23 | S42: =ROUND(CT42*I42,2) -> 55.19 | T42: =ROUND(CU42*I42,2) -> 0 | U42: =CV42*I42 -> 5.562 | V42: =CW42*I42 -> 0.837 | W42: =ROUND(CX42*I42,2) -> 0 | X42: =ROUND(CY42,2) -> 62.49 | Y42: =ROUND(CZ42,2) -> 32.85 | AA42: 41727981 | AB42: =ROUND((AC42+AD42+AF42),6) -> 75.7185 | AC42: =ROUND((ES42),6) -> 2.94 | AD42: =ROUND(((((ET42*ROUND(1.35,7)))-((EU42*ROUND(1.35,7))))+AE42),6) -> 45.1845 | AE42: =ROUND(((EU42*ROUND(1.35,7))),6) -> 4.617 | AF42: =ROUND(((EV42*ROUND(1.35,7))),6) -> 27.594 | AG42: =ROUND((AP42),6) -> 0 | AH42: =((EW42*ROUND(1.35,7))) -> 2.781 | AI42: =((EX42*ROUND(1.35,7))) -> 0.4185 | AJ42: =(AS42) -> 0 | AK42: 56.85 | AL42: 2.94 | AM42: 33.47 | AN42: 3.42 | AO42: 20.44 | AP42: 0 | AQ42: 2.06 | AR42: 0.31 | AS42: 0 | AT42: 97 | AU42: 51 | AV42: 1 | AW42: 1 | AZ42: 1 | BA42: 1 | BB42: 1 | BC42: 1 | BH42: 0 | BI42: 2 | BJ42: ФЕРм-2001, м08-03-573-04, приказ Минстроя России № 876/пр от 26.12.2019 | BM42: 108001 | BN42: 0 | BP42: 0 | BQ42: 3 | BR42: 0 | BS42: 1 | BT42: 1 | BU42: 1 | BV42: 1 | BW42: 1 | BX42: 1 | BZ42: 97 | CA42: 51 | CE42: 0 | CF42: 0 | CG42: 0 | CM42: 0 | CN42: Поправка: Мет.421/пр 04.08.20 Пр.10 Т.3 п. 1.2 Наименование: Производство ремонтно-строительных работ осуществляется в помещениях эксплуатируемого объекта капитального строительства без остановки рабочего процесса, при этом: в зоне производства ремонтно-строительных работ имеются действующее технологическое или лабораторное оборудование, мебель и иные загромождающие помещения предметы | CO42: 0 | CP42: =(P42+Q42+S42) -> 151.44 | CQ42: =AC42*BC42 -> 2.94 | CR42: =AD42*BB42 -> 45.1845 | CS42: =AE42 -> 4.617 | CT42: =AF42 -> 27.594 | CU42: =AG42 -> 0 | CV42: =AH42 -> 2.781 | CW42: =AI42 -> 0.4185 | CX42: =AJ42 -> 0 | CY42: =(((S42+R42)*AT42)/100) -> 62.4874 | CZ42: =(((S42+R42)*AU42)/100) -> 32.8542 | DE42: )*1,35 | DF42: )*1,35 | DG42: )*1,35 | DI42: )*1,35 | DJ42: )*1,35 | DN42: 0 | DO42: 0 | DP42: 1 | DQ42: 1 | DU42: 1013 | DV42: ШТ | DW42: ШТ | DX42: 1 | EE42: 37164029 | EF42: 3 | EG42: Монтажные работы | EH42: 0 | EJ42: 2 | EK42: 108001 | EL42: Электротехнические установки: на других объектах | EM42: мФЕР-08 | EO42: Поправка: Мет.421/пр 04.08.20 Пр.10 Т.3 п. 1.2 | EQ42: 512 | ER42: 56.85 | ES42: 2.94 | ET42: 33.47 | EU42: 3.42 | EV42: 20.44 | EW42: 2.06 | EX42: 0.31 | EY42: 0 | FQ42: 0 | FR42: =ROUND(IF(AND(BH42=3,BI42=3),P42,0),2) -> 0 | FS42: 0 | FX42: 97 | FY42: 51 | GD42: 1 | GF42: 1842750133 | GG42: 2 | GH42: 1 | GI42: -2 | GJ42: 0 | GK42: 0 | GL42: =ROUND(IF(AND(BH42=3,BI42=3,FS42<>0),P42,0),2) -> 0 | GM42: =ROUND(O42+X42+Y42,2)+GX42 -> 246.78 | GN42: =IF(OR(BI42=0,BI42=1),ROUND(O42+X42+Y42,2),0) -> 0 | GO42: =IF(BI42=2,ROUND(O42+X42+Y42,2),0) -> 246.78 | GP42: =IF(BI42=4,ROUND(O42+X42+Y42,2)+GX42,0) -> 0 | GR42: 0 | GS42: 3 | GT42: 0 | GV42: =ROUND((GT42),6) -> 0 | GW42: 1 | GX42: =ROUND(HC42*I42,2) -> 0 | HA42: 0 | HB42: 0 | HC42: =GV42*GW42 -> 0 | HN42: Пр/812-049.3-1 | HO42: Пр/774-049.3 | HP42: Электротехнические установки: на других объектах | HQ42: Электротехнические установки: на других объектах | IK42: 0
A43: 17 | B43: 1 | C43: =ROW(SmtRes!A34) -> 34 | D43: =ROW(EtalonRes!A34) -> 34 | E43: 6 | F43: м08-03-573-04 | G43: Шкаф (пульт) управления навесной, высота, ширина и глубина: до 600х600х350 мм | H43: ШТ | I43: 2 | J43: 0 | K43: 2 | O43: =ROUND(CP43,2) -> 151.44 | P43: =ROUND(CQ43*I43,2) -> 5.88 | Q43: =ROUND(CR43*I43,2) -> 90.37 | R43: =ROUND(CS43*I43,2) -> 9.23 | S43: =ROUND(CT43*I43,2) -> 55.19 | T43: =ROUND(CU43*I43,2) -> 0 | U43: =CV43*I43 -> 5.562 | V43: =CW43*I43 -> 0.837 | W43: =ROUND(CX43*I43,2) -> 0 | X43: =ROUND(CY43,2) -> 62.49 | Y43: =ROUND(CZ43,2) -> 32.85 | AA43: 41727979 | AB43: =ROUND((AC43+AD43+AF43),6) -> 75.7185 | AC43: =ROUND((ES43),6) -> 2.94 | AD43: =ROUND(((((ET43*ROUND(1.35,7)))-((EU43*ROUND(1.35,7))))+AE43),6) -> 45.1845 | AE43: =ROUND(((EU43*ROUND(1.35,7))),6) -> 4.617 | AF43: =ROUND(((EV43*ROUND(1.35,7))),6) -> 27.594 | AG43: =ROUND((AP43),6) -> 0 | AH43: =((EW43*ROUND(1.35,7))) -> 2.781 | AI43: =((EX43*ROUND(1.35,7))) -> 0.4185 | AJ43: =(AS43) -> 0 | AK43: 56.85 | AL43: 2.94 | AM43: 33.47 | AN43: 3.42 | AO43: 20.44 | AP43: 0 | AQ43: 2.06 | AR43: 0.31 | AS43: 0 | AT43: 97 | AU43: 51 | AV43: 1 | AW43: 1 | AZ43: 1 | BA43: 1 | BB43: 1 | BC43: 1 | BH43: 0 | BI43: 2 | BJ43: ФЕРм-2001, м08-03-573-04, приказ Минстроя России № 876/пр от 26.12.2019 | BM43: 108001 | BN43: 0 | BO43: Письмо Минстроя России от 15.12.2021 №55265-ИФ/09 | BP43: 1 | BQ43: 3 | BR43: 0 | BS43: 1 | BT43: 1 | BU43: 1 | BV43: 1 | BW43: 1 | BX43: 1 | BZ43: 97 | CA43: 51 | CE43: 0 | CF43: 0 | CG43: 0 | CM43: 0 | CN43: Поправка: Мет.421/пр 04.08.20 Пр.10 Т.3 п. 1.2 Наименование: Производство ремонтно-строительных работ осуществляется в помещениях эксплуатируемого объекта капитального строительства без остановки рабочего процесса, при этом: в зоне производства ремонтно-строительных работ имеются действующее технологическое или лабораторное оборудование, мебель и иные загромождающие помещения предметы | CO43: 0 | CP43: =(P43+Q43+S43) -> 151.44 | CQ43: =AC43*BC43 -> 2.94 | CR43: =AD43*BB43 -> 45.1845 | CS43: =AE43 -> 4.617 | CT43: =AF43 -> 27.594 | CU43: =AG43 -> 0 | CV43: =AH43 -> 2.781 | CW43: =AI43 -> 0.4185 | CX43: =AJ43 -> 0 | CY43: =(((S43+R43)*AT43)/100) -> 62.4874 | CZ43: =(((S43+R43)*AU43)/100) -> 32.8542 | DE43: )*1,35 | DF43: )*1,35 | DG43: )*1,35 | DI43: )*1,35 | DJ43: )*1,35 | DN43: 0 | DO43: 0 | DP43: 1 | DQ43: 1 | DU43: 1013 | DV43: ШТ | DW43: ШТ | DX43: 1 | EE43: 37164029 | EF43: 3 | EG43: Монтажные работы | EH43: 0 | EJ43: 2 | EK43: 108001 | EL43: Электротехнические установки: на других объектах | EM43: мФЕР-08 | EO43: Поправка: Мет.421/пр 04.08.20 Пр.10 Т.3 п. 1.2 | EQ43: 512 | ER43: 56.85 | ES43: 2.94 | ET43: 33.47 | EU43: 3.42 | EV43: 20.44 | EW43: 2.06 | EX43: 0.31 | EY43: 0 | FQ43: 0 | FR43: =ROUND(IF(AND(BH43=3,BI43=3),P43,0),2) -> 0 | FS43: 0 | FX43: 97 | FY43: 51 | GD43: 1 | GF43: 1842750133 | GG43: 1 | GH43: 1 | GI43: 4 | GJ43: 0 | GK43: 0 | GL43: =ROUND(IF(AND(BH43=3,BI43=3,FS43<>0),P43,0),2) -> 0 | GM43: =ROUND(O43+X43+Y43,2)+GX43 -> 246.78 | GN43: =IF(OR(BI43=0,BI43=1),ROUND(O43+X43+Y43,2),0) -> 0 | GO43: =IF(BI43=2,ROUND(O43+X43+Y43,2),0) -> 246.78 | GP43: =IF(BI43=4,ROUND(O43+X43+Y43,2)+GX43,0) -> 0 | GR43: 0 | GS43: 3 | GT43: 0 | GV43: =ROUND((GT43),6) -> 0 | GW43: 1 | GX43: =ROUND(HC43*I43,2) -> 0 | HA43: 0 | HB43: 0 | HC43: =GV43*GW43 -> 0 | HN43: Пр/812-049.3-1 | HO43: Пр/774-049.3 | HP43: Электротехнические установки: на других объектах | HQ43: Электротехнические установки: на других объектах | IK43: 0
A44: 17 | B44: 1 | E44: 7 | F44: Цена поставщика | G44: Контейнер для самоспасателя ШК-2 | H44: ШТ | I44: 2 | J44: 0 | K44: 2 | O44: =ROUND(CP44,2) -> 2238 | P44: =ROUND(ROUND(CQ44*I44,0)/BC44,2) -> 2238 | Q44: =ROUND(CR44*I44,2) -> 0 | R44: =ROUND(CS44*I44,2) -> 0 | S44: =ROUND(CT44*I44,2) -> 0 | T44: =ROUND(CU44*I44,2) -> 0 | U44: =CV44*I44 -> 0 | V44: =CW44*I44 -> 0 | W44: =ROUND(CX44*I44,2) -> 0 | X44: =ROUND(CY44,2) -> 0 | Y44: =ROUND(CZ44,2) -> 0 | AA44: 41727981 | AB44: =ROUND((AC44+AD44+AF44),6) -> 1119.17 | AC44: =ROUND((ES44),6) -> 1119.17 | AD44: =ROUND((((ET44)-(EU44))+AE44),6) -> 0 | AE44: =ROUND((EU44),6) -> 0 | AF44: =ROUND((EV44),6) -> 0 | AG44: =ROUND((AP44),6) -> 0 | AH44: =(EW44) -> 0 | AI44: =(EX44) -> 0 | AJ44: =(AS44) -> 0 | AK44: 1119.17 | AL44: 1119.17 | AM44: 0 | AN44: 0 | AO44: 0 | AP44: 0 | AQ44: 0 | AR44: 0 | AS44: 0 | AT44: 0 | AU44: 0 | AV44: 1 | AW44: 1 | AZ44: 1 | BA44: 1 | BB44: 1 | BC44: 1 | BH44: 3 | BI44: 2 | BM44: 1100 | BN44: 0 | BP44: 0 | BQ44: 8 | BR44: 0 | BS44: 1 | BT44: 1 | BU44: 1 | BV44: 1 | BW44: 1 | BX44: 1 | BZ44: 0 | CA44: 0 | CE44: 0 | CF44: 0 | CG44: 0 | CM44: 0 | CO44: 0 | CP44: =(P44+Q44+S44) -> 2238 | CQ44: =AC44 -> 1119.17 | CR44: =AD44*BB44 -> 0 | CS44: =AE44 -> 0 | CT44: =AF44 -> 0 | CU44: =AG44 -> 0 | CV44: =AH44 -> 0 | CW44: =AI44 -> 0 | CX44: =AJ44 -> 0 | CY44: =(((S44+R44)*AT44)/100) -> 0 | CZ44: =(((S44+R44)*AU44)/100) -> 0 | DN44: 0 | DO44: 0 | DP44: 1 | DQ44: 1 | DU44: 1013 | DV44: ШТ | DW44: ШТ | DX44: 1 | EE44: 37164457 | EF44: 8 | EG44: Материалы строительные | EH44: 0 | EJ44: 1 | EK44: 1100 | EL44: Материалы, изделия и конструкции | EM44: материалы (03) | EQ44: 0 | ER44: 0 | ES44: 1119.17 | ET44: 0 | EU44: 0 | EV44: 0 | EW44: 0 | EX44: 0 | EY44: 0 | EZ44: 5 | FC44: 1 | FD44: 18 | FF44: 1343 | FQ44: 0 | FR44: =ROUND(IF(AND(BH44=3,BI44=3),P44,0),2) -> 0 | FS44: 0 | FX44: 0 | FY44: 0 | GA44: [1 343 / 1,2] | GD44: 1 | GF44: 9455755 | GG44: 2 | GH44: 3 | GI44: -2 | GJ44: 0 | GK44: 0 | GL44: =ROUND(IF(AND(BH44=3,BI44=3,FS44<>0),P44,0),2) -> 0 | GM44: =ROUND(O44+X44+Y44,2)+GX44 -> 2238 | GN44: =IF(OR(BI44=0,BI44=1),ROUND(O44+X44+Y44,2),0) -> 0 | GO44: =IF(BI44=2,ROUND(O44+X44+Y44,2),0) -> 2238 | GP44: =IF(BI44=4,ROUND(O44+X44+Y44,2)+GX44,0) -> 0 | GR44: 1 | GS44: 1 | GT44: 0 | GV44: =ROUND((GT44),6) -> 0 | GW44: 1 | GX44: =ROUND(HC44*I44,2) -> 0 | HA44: 0 | HB44: 0 | HC44: =GV44*GW44 -> 0 | HE44: 0 | HF44: 0 | HG44: =ROUND(AC44*I44,0) -> 2238 | IK44: 0
A45: 17 | B45: 1 | E45: 7 | F45: Цена поставщика | G45: Контейнер для самоспасателя ШК-2 | H45: ШТ | I45: 2 | J45: 0 | K45: 2 | O45: =ROUND(CP45,2) -> 218.59 | P45: =ROUND(ROUND(CQ45*I45,0)/BC45,2) -> 218.59 | Q45: =ROUND(CR45*I45,2) -> 0 | R45: =ROUND(CS45*I45,2) -> 0 | S45: =ROUND(CT45*I45,2) -> 0 | T45: =ROUND(CU45*I45,2) -> 0 | U45: =CV45*I45 -> 0 | V45: =CW45*I45 -> 0 | W45: =ROUND(CX45*I45,2) -> 0 | X45: =ROUND(CY45,2) -> 0 | Y45: =ROUND(CZ45,2) -> 0 | AA45: 41727979 | AB45: =ROUND((AC45+AD45+AF45),6) -> 1175.81 | AC45: =ROUND((ES45),6) -> 1175.81 | AD45: =ROUND((((ET45)-(EU45))+AE45),6) -> 0 | AE45: =ROUND((EU45),6) -> 0 | AF45: =ROUND((EV45),6) -> 0 | AG45: =ROUND((AP45),6) -> 0 | AH45: =(EW45) -> 0 | AI45: =(EX45) -> 0 | AJ45: =(AS45) -> 0 | AK45: 1175.81 | AL45: 1175.81 | AM45: 0 | AN45: 0 | AO45: 0 | AP45: 0 | AQ45: 0 | AR45: 0 | AS45: 0 | AT45: 0 | AU45: 0 | AV45: 1 | AW45: 1 | AZ45: 10.76 | BA45: 1 | BB45: 1 | BC45: 10.76 | BH45: 3 | BI45: 2 | BM45: 1100 | BN45: 0 | BO45: Письмо Минстроя России от 15.12.2021 №55265-ИФ/09 | BP45: 1 | BQ45: 8 | BR45: 0 | BS45: 1 | BT45: 1 | BU45: 1 | BV45: 1 | BW45: 1 | BX45: 1 | BZ45: 0 | CA45: 0 | CE45: 0 | CF45: 0 | CG45: 0 | CM45: 0 | CO45: 0 | CP45: =(P45+Q45+S45) -> 218.59 | CQ45: =AC45 -> 1175.81 | CR45: =AD45*BB45 -> 0 | CS45: =AE45 -> 0 | CT45: =AF45 -> 0 | CU45: =AG45 -> 0 | CV45: =AH45 -> 0 | CW45: =AI45 -> 0 | CX45: =AJ45 -> 0 | CY45: =(((S45+R45)*AT45)/100) -> 0 | CZ45: =(((S45+R45)*AU45)/100) -> 0 | DN45: 0 | DO45: 0 | DP45: 1 | DQ45: 1 | DU45: 1013 | DV45: ШТ | DW45: ШТ | DX45: 1 | EE45: 37164457 | EF45: 8 | EG45: Материалы строительные | EH45: 0 | EJ45: 1 | EK45: 1100 | EL45: Материалы, изделия и конструкции | EM45: материалы (03) | EQ45: 0 | ER45: 1175.81 | ES45: 1175.81 | ET45: 0 | EU45: 0 | EV45: 0 | EW45: 0 | EX45: 0 | EY45: 0 | EZ45: 5 | FC45: 1 | FD45: 18 | FF45: 1343 | FQ45: 0 | FR45: =ROUND(IF(AND(BH45=3,BI45=3),P45,0),2) -> 0 | FS45: 0 | FX45: 0 | FY45: 0 | GA45: [1 343 / 1,2] + 3% Трансп + 2% Заг.скл | GD45: 1 | GF45: 9455755 | GG45: 1 | GH45: 3 | GI45: 4 | GJ45: 0 | GK45: 0 | GL45: =ROUND(IF(AND(BH45=3,BI45=3,FS45<>0),P45,0),2) -> 0 | GM45: =ROUND(O45+X45+Y45,2)+GX45 -> 218.59 | GN45: =IF(OR(BI45=0,BI45=1),ROUND(O45+X45+Y45,2),0) -> 0 | GO45: =IF(BI45=2,ROUND(O45+X45+Y45,2),0) -> 218.59 | GP45: =IF(BI45=4,ROUND(O45+X45+Y45,2)+GX45,0) -> 0 | GR45: 1 | GS45: 1 | GT45: 0 | GV45: =ROUND((GT45),6) -> 0 | GW45: 1 | GX45: =ROUND(HC45*I45,2) -> 0 | HA45: 0 | HB45: 0 | HC45: =GV45*GW45 -> 0 | HE45: 3 | HF45: 2 | HG45: =ROUND(AC45*I45,0) -> 2352 | IK45: 0
A46: 17 | B46: 1 | E46: 8 | F46: Цена поставщика | G46: Самоспасатель СПИ-20 | H46: ШТ | I46: 2 | J46: 0 | K46: 2 | O46: =ROUND(CP46,2) -> 6250 | P46: =ROUND(ROUND(CQ46*I46,0)/BC46,2) -> 6250 | Q46: =ROUND(CR46*I46,2) -> 0 | R46: =ROUND(CS46*I46,2) -> 0 | S46: =ROUND(CT46*I46,2) -> 0 | T46: =ROUND(CU46*I46,2) -> 0 | U46: =CV46*I46 -> 0 | V46: =CW46*I46 -> 0 | W46: =ROUND(CX46*I46,2) -> 0 | X46: =ROUND(CY46,2) -> 0 | Y46: =ROUND(CZ46,2) -> 0 | AA46: 41727981 | AB46: =ROUND((AC46+AD46+AF46),6) -> 3125 | AC46: =ROUND((ES46),6) -> 3125 | AD46: =ROUND((((ET46)-(EU46))+AE46),6) -> 0 | AE46: =ROUND((EU46),6) -> 0 | AF46: =ROUND((EV46),6) -> 0 | AG46: =ROUND((AP46),6) -> 0 | AH46: =(EW46) -> 0 | AI46: =(EX46) -> 0 | AJ46: =(AS46) -> 0 | AK46: 3125 | AL46: 3125 | AM46: 0 | AN46: 0 | AO46: 0 | AP46: 0 | AQ46: 0 | AR46: 0 | AS46: 0 | AT46: 0 | AU46: 0 | AV46: 1 | AW46: 1 | AZ46: 1 | BA46: 1 | BB46: 1 | BC46: 1 | BH46: 3 | BI46: 2 | BM46: 1100 | BN46: 0 | BP46: 0 | BQ46: 8 | BR46: 0 | BS46: 1 | BT46: 1 | BU46: 1 | BV46: 1 | BW46: 1 | BX46: 1 | BZ46: 0 | CA46: 0 | CE46: 0 | CF46: 0 | CG46: 0 | CM46: 0 | CO46: 0 | CP46: =(P46+Q46+S46) -> 6250 | CQ46: =AC46 -> 3125 | CR46: =AD46*BB46 -> 0 | CS46: =AE46 -> 0 | CT46: =AF46 -> 0 | CU46: =AG46 -> 0 | CV46: =AH46 -> 0 | CW46: =AI46 -> 0 | CX46: =AJ46 -> 0 | CY46: =(((S46+R46)*AT46)/100) -> 0 | CZ46: =(((S46+R46)*AU46)/100) -> 0 | DN46: 0 | DO46: 0 | DP46: 1 | DQ46: 1 | DU46: 1013 | DV46: ШТ | DW46: ШТ | DX46: 1 | EE46: 37164457 | EF46: 8 | EG46: Материалы строительные | EH46: 0 | EJ46: 1 | EK46: 1100 | EL46: Материалы, изделия и конструкции | EM46: материалы (03) | EQ46: 0 | ER46: 0 | ES46: 3125 | ET46: 0 | EU46: 0 | EV46: 0 | EW46: 0 | EX46: 0 | EY46: 0 | EZ46: 5 | FC46: 1 | FD46: 18 | FF46: 3750 | FQ46: 0 | FR46: =ROUND(IF(AND(BH46=3,BI46=3),P46,0),2) -> 0 | FS46: 0 | FX46: 0 | FY46: 0 | GA46: [3 750 / 1,2] | GD46: 1 | GF46: 1480998322 | GG46: 2 | GH46: 3 | GI46: -2 | GJ46: 0 | GK46: 0 | GL46: =ROUND(IF(AND(BH46=3,BI46=3,FS46<>0),P46,0),2) -> 0 | GM46: =ROUND(O46+X46+Y46,2)+GX46 -> 6250 | GN46: =IF(OR(BI46=0,BI46=1),ROUND(O46+X46+Y46,2),0) -> 0 | GO46: =IF(BI46=2,ROUND(O46+X46+Y46,2),0) -> 6250 | GP46: =IF(BI46=4,ROUND(O46+X46+Y46,2)+GX46,0) -> 0 | GR46: 1 | GS46: 1 | GT46: 0 | GV46: =ROUND((GT46),6) -> 0 | GW46: 1 | GX46: =ROUND(HC46*I46,2) -> 0 | HA46: 0 | HB46: 0 | HC46: =GV46*GW46 -> 0 | HE46: 0 | HF46: 0 | HG46: =ROUND(AC46*I46,0) -> 6250 | IK46: 0
A47: 17 | B47: 1 | E47: 8 | F47: Цена поставщика | G47: Самоспасатель СПИ-20 | H47: ШТ | I47: 2 | J47: 0 | K47: 2 | O47: =ROUND(CP47,2) -> 610.22 | P47: =ROUND(ROUND(CQ47*I47,0)/BC47,2) -> 610.22 | Q47: =ROUND(CR47*I47,2) -> 0 | R47: =ROUND(CS47*I47,2) -> 0 | S47: =ROUND(CT47*I47,2) -> 0 | T47: =ROUND(CU47*I47,2) -> 0 | U47: =CV47*I47 -> 0 | V47: =CW47*I47 -> 0 | W47: =ROUND(CX47*I47,2) -> 0 | X47: =ROUND(CY47,2) -> 0 | Y47: =ROUND(CZ47,2) -> 0 | AA47: 41727979 | AB47: =ROUND((AC47+AD47+AF47),6) -> 3283.13 | AC47: =ROUND((ES47),6) -> 3283.13 | AD47: =ROUND((((ET47)-(EU47))+AE47),6) -> 0 | AE47: =ROUND((EU47),6) -> 0 | AF47: =ROUND((EV47),6) -> 0 | AG47: =ROUND((AP47),6) -> 0 | AH47: =(EW47) -> 0 | AI47: =(EX47) -> 0 | AJ47: =(AS47) -> 0 | AK47: 3283.13 | AL47: 3283.13 | AM47: 0 | AN47: 0 | AO47: 0 | AP47: 0 | AQ47: 0 | AR47: 0 | AS47: 0 | AT47: 0 | AU47: 0 | AV47: 1 | AW47: 1 | AZ47: 10.76 | BA47: 1 | BB47: 1 | BC47: 10.76 | BH47: 3 | BI47: 2 | BM47: 1100 | BN47: 0 | BO47: Письмо Минстроя России от 15.12.2021 №55265-ИФ/09 | BP47: 1 | BQ47: 8 | BR47: 0 | BS47: 1 | BT47: 1 | BU47: 1 | BV47: 1 | BW47: 1 | BX47: 1 | BZ47: 0 | CA47: 0 | CE47: 0 | CF47: 0 | CG47: 0 | CM47: 0 | CO47: 0 | CP47: =(P47+Q47+S47) -> 610.22 | CQ47: =AC47 -> 3283.13 | CR47: =AD47*BB47 -> 0 | CS47: =AE47 -> 0 | CT47: =AF47 -> 0 | CU47: =AG47 -> 0 | CV47: =AH47 -> 0 | CW47: =AI47 -> 0 | CX47: =AJ47 -> 0 | CY47: =(((S47+R47)*AT47)/100) -> 0 | CZ47: =(((S47+R47)*AU47)/100) -> 0 | DN47: 0 | DO47: 0 | DP47: 1 | DQ47: 1 | DU47: 1013 | DV47: ШТ | DW47: ШТ | DX47: 1 | EE47: 37164457 | EF47: 8 | EG47: Материалы строительные | EH47: 0 | EJ47: 1 | EK47: 1100 | EL47: Материалы, изделия и конструкции | EM47: материалы (03) | EQ47: 0 | ER47: 3283.13 | ES47: 3283.13 | ET47: 0 | EU47: 0 | EV47: 0 | EW47: 0 | EX47: 0 | EY47: 0 | EZ47: 5 | FC47: 1 | FD47: 18 | FF47: 3750 | FQ47: 0 | FR47: =ROUND(IF(AND(BH47=3,BI47=3),P47,0),2) -> 0 | FS47: 0 | FX47: 0 | FY47: 0 | GA47: [3 750 / 1,2] + 3% Трансп + 2% Заг.скл | GD47: 1 | GF47: 1480998322 | GG47: 1 | GH47: 3 | GI47: 4 | GJ47: 0 | GK47: 0 | GL47: =ROUND(IF(AND(BH47=3,BI47=3,FS47<>0),P47,0),2) -> 0 | GM47: =ROUND(O47+X47+Y47,2)+GX47 -> 610.22 | GN47: =IF(OR(BI47=0,BI47=1),ROUND(O47+X47+Y47,2),0) -> 0 | GO47: =IF(BI47=2,ROUND(O47+X47+Y47,2),0) -> 610.22 | GP47: =IF(BI47=4,ROUND(O47+X47+Y47,2)+GX47,0) -> 0 | GR47: 1 | GS47: 1 | GT47: 0 | GV47: =ROUND((GT47),6) -> 0 | GW47: 1 | GX47: =ROUND(HC47*I47,2) -> 0 | HA47: 0 | HB47: 0 | HC47: =GV47*GW47 -> 0 | HE47: 3 | HF47: 2 | HG47: =ROUND(AC47*I47,0) -> 6566 | IK47: 0
A48: 17 | B48: 1 | C48: =ROW(SmtRes!A37) -> 37 | D48: =ROW(EtalonRes!A37) -> 37 | E48: 9 | F48: м11-03-001-02 | G48: Приборы, устанавливаемые на металлоконструкциях, щитах и пультах, масса: до 10 кг | H48: ШТ | I48: 1 | J48: 0 | K48: 1 | O48: =ROUND(CP48,2) -> 16.23 | P48: =ROUND(CQ48*I48,2) -> 2.43 | Q48: =ROUND(CR48*I48,2) -> 0 | R48: =ROUND(CS48*I48,2) -> 0 | S48: =ROUND(CT48*I48,2) -> 13.8 | T48: =ROUND(CU48*I48,2) -> 0 | U48: =CV48*I48 -> 1.3905 | V48: =CW48*I48 -> 0 | W48: =ROUND(CX48*I48,2) -> 0 | X48: =ROUND(CY48,2) -> 12.42 | Y48: =ROUND(CZ48,2) -> 6.35 | AA48: 41727981 | AB48: =ROUND((AC48+AD48+AF48),6) -> 16.227 | AC48: =ROUND((ES48),6) -> 2.43 | AD48: =ROUND(((((ET48*ROUND(1.35,7)))-((EU48*ROUND(1.35,7))))+AE48),6) -> 0 | AE48: =ROUND(((EU48*ROUND(1.35,7))),6) -> 0 | AF48: =ROUND(((EV48*ROUND(1.35,7))),6) -> 13.797 | AG48: =ROUND((AP48),6) -> 0 | AH48: =((EW48*ROUND(1.35,7))) -> 1.3905 | AI48: =((EX48*ROUND(1.35,7))) -> 0 | AJ48: =(AS48) -> 0 | AK48: 12.65 | AL48: 2.43 | AM48: 0 | AN48: 0 | AO48: 10.22 | AP48: 0 | AQ48: 1.03 | AR48: 0 | AS48: 0 | AT48: 90 | AU48: 46 | AV48: 1 | AW48: 1 | AZ48: 1 | BA48: 1 | BB48: 1 | BC48: 1 | BH48: 0 | BI48: 2 | BJ48: ФЕРм-2001, м11-03-001-02, приказ Минстроя России № 876/пр от 26.12.2019 | BM48: 111001 | BN48: 0 | BP48: 0 | BQ48: 3 | BR48: 0 | BS48: 1 | BT48: 1 | BU48: 1 | BV48: 1 | BW48: 1 | BX48: 1 | BZ48: 90 | CA48: 46 | CE48: 0 | CF48: 0 | CG48: 0 | CM48: 0 | CN48: Поправка: Мет.421/пр 04.08.20 Пр.10 Т.3 п. 1.2 Наименование: Производство ремонтно-строительных работ осуществляется в помещениях эксплуатируемого объекта капитального строительства без остановки рабочего процесса, при этом: в зоне производства ремонтно-строительных работ имеются действующее технологическое или лабораторное оборудование, мебель и иные загромождающие помещения предметы | CO48: 0 | CP48: =(P48+Q48+S48) -> 16.23 | CQ48: =AC48*BC48 -> 2.43 | CR48: =AD48*BB48 -> 0 | CS48: =AE48 -> 0 | CT48: =AF48 -> 13.797 | CU48: =AG48 -> 0 | CV48: =AH48 -> 1.3905 | CW48: =AI48 -> 0 | CX48: =AJ48 -> 0 | CY48: =(((S48+R48)*AT48)/100) -> 12.42 | CZ48: =(((S48+R48)*AU48)/100) -> 6.348 | DE48: )*1,35 | DF48: )*1,35 | DG48: )*1,35 | DI48: )*1,35 | DJ48: )*1,35 | DN48: 0 | DO48: 0 | DP48: 1 | DQ48: 1 | DU48: 1013 | DV48: ШТ | DW48: ШТ | DX48: 1 | EE48: 37164041 | EF48: 3 | EG48: Монтажные работы | EH48: 0 | EJ48: 2 | EK48: 111001 | EL48: Приборы, средства автоматизации и вычислительной техники | EM48: мФЕР-11 | EO48: Поправка: Мет.421/пр 04.08.20 Пр.10 Т.3 п. 1.2 | EQ48: 512 | ER48: 12.65 | ES48: 2.43 | ET48: 0 | EU48: 0 | EV48: 10.22 | EW48: 1.03 | EX48: 0 | EY48: 0 | FQ48: 0 | FR48: =ROUND(IF(AND(BH48=3,BI48=3),P48,0),2) -> 0 | FS48: 0 | FX48: 90 | FY48: 46 | GD48: 1 | GF48: -2080308565 | GG48: 2 | GH48: 1 | GI48: -2 | GJ48: 0 | GK48: 0 | GL48: =ROUND(IF(AND(BH48=3,BI48=3,FS48<>0),P48,0),2) -> 0 | GM48: =ROUND(O48+X48+Y48,2)+GX48 -> 35 | GN48: =IF(OR(BI48=0,BI48=1),ROUND(O48+X48+Y48,2),0) -> 0 | GO48: =IF(BI48=2,ROUND(O48+X48+Y48,2),0) -> 35 | GP48: =IF(BI48=4,ROUND(O48+X48+Y48,2)+GX48,0) -> 0 | GR48: 0 | GS48: 3 | GT48: 0 | GV48: =ROUND((GT48),6) -> 0 | GW48: 1 | GX48: =ROUND(HC48*I48,2) -> 0 | HA48: 0 | HB48: 0 | HC48: =GV48*GW48 -> 0 | HN48: Пр/812-053.0-1 | HO48: Пр/774-053.0 | HP48: Приборы, средства автоматизации и вычислительной техники | HQ48: Приборы, средства автоматизации и вычислительной техники | IK48: 0
A49: 17 | B49: 1 | C49: =ROW(SmtRes!A40) -> 40 | D49: =ROW(EtalonRes!A40) -> 40 | E49: 9 | F49: м11-03-001-02 | G49: Приборы, устанавливаемые на металлоконструкциях, щитах и пультах, масса: до 10 кг | H49: ШТ | I49: 1 | J49: 0 | K49: 1 | O49: =ROUND(CP49,2) -> 16.23 | P49: =ROUND(CQ49*I49,2) -> 2.43 | Q49: =ROUND(CR49*I49,2) -> 0 | R49: =ROUND(CS49*I49,2) -> 0 | S49: =ROUND(CT49*I49,2) -> 13.8 | T49: =ROUND(CU49*I49,2) -> 0 | U49: =CV49*I49 -> 1.3905 | V49: =CW49*I49 -> 0 | W49: =ROUND(CX49*I49,2) -> 0 | X49: =ROUND(CY49,2) -> 12.42 | Y49: =ROUND(CZ49,2) -> 6.35 | AA49: 41727979 | AB49: =ROUND((AC49+AD49+AF49),6) -> 16.227 | AC49: =ROUND((ES49),6) -> 2.43 | AD49: =ROUND(((((ET49*ROUND(1.35,7)))-((EU49*ROUND(1.35,7))))+AE49),6) -> 0 | AE49: =ROUND(((EU49*ROUND(1.35,7))),6) -> 0 | AF49: =ROUND(((EV49*ROUND(1.35,7))),6) -> 13.797 | AG49: =ROUND((AP49),6) -> 0 | AH49: =((EW49*ROUND(1.35,7))) -> 1.3905 | AI49: =((EX49*ROUND(1.35,7))) -> 0 | AJ49: =(AS49) -> 0 | AK49: 12.65 | AL49: 2.43 | AM49: 0 | AN49: 0 | AO49: 10.22 | AP49: 0 | AQ49: 1.03 | AR49: 0 | AS49: 0 | AT49: 90 | AU49: 46 | AV49: 1 | AW49: 1 | AZ49: 1 | BA49: 1 | BB49: 1 | BC49: 1 | BH49: 0 | BI49: 2 | BJ49: ФЕРм-2001, м11-03-001-02, приказ Минстроя России № 876/пр от 26.12.2019 | BM49: 111001 | BN49: 0 | BO49: Письмо Минстроя России от 15.12.2021 №55265-ИФ/09 | BP49: 1 | BQ49: 3 | BR49: 0 | BS49: 1 | BT49: 1 | BU49: 1 | BV49: 1 | BW49: 1 | BX49: 1 | BZ49: 90 | CA49: 46 | CE49: 0 | CF49: 0 | CG49: 0 | CM49: 0 | CN49: Поправка: Мет.421/пр 04.08.20 Пр.10 Т.3 п. 1.2 Наименование: Производство ремонтно-строительных работ осуществляется в помещениях эксплуатируемого объекта капитального строительства без остановки рабочего процесса, при этом: в зоне производства ремонтно-строительных работ имеются действующее технологическое или лабораторное оборудование, мебель и иные загромождающие помещения предметы | CO49: 0 | CP49: =(P49+Q49+S49) -> 16.23 | CQ49: =AC49*BC49 -> 2.43 | CR49: =AD49*BB49 -> 0 | CS49: =AE49 -> 0 | CT49: =AF49 -> 13.797 | CU49: =AG49 -> 0 | CV49: =AH49 -> 1.3905 | CW49: =AI49 -> 0 | CX49: =AJ49 -> 0 | CY49: =(((S49+R49)*AT49)/100) -> 12.42 | CZ49: =(((S49+R49)*AU49)/100) -> 6.348 | DE49: )*1,35 | DF49: )*1,35 | DG49: )*1,35 | DI49: )*1,35 | DJ49: )*1,35 | DN49: 0 | DO49: 0 | DP49: 1 | DQ49: 1 | DU49: 1013 | DV49: ШТ | DW49: ШТ | DX49: 1 | EE49: 37164041 | EF49: 3 | EG49: Монтажные работы | EH49: 0 | EJ49: 2 | EK49: 111001 | EL49: Приборы, средства автоматизации и вычислительной техники | EM49: мФЕР-11 | EO49: Поправка: Мет.421/пр 04.08.20 Пр.10 Т.3 п. 1.2 | EQ49: 512 | ER49: 12.65 | ES49: 2.43 | ET49: 0 | EU49: 0 | EV49: 10.22 | EW49: 1.03 | EX49: 0 | EY49: 0 | FQ49: 0 | FR49: =ROUND(IF(AND(BH49=3,BI49=3),P49,0),2) -> 0 | FS49: 0 | FX49: 90 | FY49: 46 | GD49: 1 | GF49: -2080308565 | GG49: 1 | GH49: 1 | GI49: 4 | GJ49: 0 | GK49: 0 | GL49: =ROUND(IF(AND(BH49=3,BI49=3,FS49<>0),P49,0),2) -> 0 | GM49: =ROUND(O49+X49+Y49,2)+GX49 -> 35 | GN49: =IF(OR(BI49=0,BI49=1),ROUND(O49+X49+Y49,2),0) -> 0 | GO49: =IF(BI49=2,ROUND(O49+X49+Y49,2),0) -> 35 | GP49: =IF(BI49=4,ROUND(O49+X49+Y49,2)+GX49,0) -> 0 | GR49: 0 | GS49: 3 | GT49: 0 | GV49: =ROUND((GT49),6) -> 0 | GW49: 1 | GX49: =ROUND(HC49*I49,2) -> 0 | HA49: 0 | HB49: 0 | HC49: =GV49*GW49 -> 0 | HN49: Пр/812-053.0-1 | HO49: Пр/774-053.0 | HP49: Приборы, средства автоматизации и вычислительной техники | HQ49: Приборы, средства автоматизации и вычислительной техники | IK49: 0
A50: 17 | B50: 1 | E50: 10 | F50: Цена поставщика | G50: Прибор приемно-контрольный и управления пожарный Сириус | H50: ШТ | I50: 1 | J50: 0 | K50: 1 | O50: =ROUND(CP50,2) -> 19247 | P50: =ROUND(ROUND(CQ50*I50,0)/BC50,2) -> 19247 | Q50: =ROUND(CR50*I50,2) -> 0 | R50: =ROUND(CS50*I50,2) -> 0 | S50: =ROUND(CT50*I50,2) -> 0 | T50: =ROUND(CU50*I50,2) -> 0 | U50: =CV50*I50 -> 0 | V50: =CW50*I50 -> 0 | W50: =ROUND(CX50*I50,2) -> 0 | X50: =ROUND(CY50,2) -> 0 | Y50: =ROUND(CZ50,2) -> 0 | AA50: 41727981 | AB50: =ROUND((AC50+AD50+AF50),6) -> 19246.5 | AC50: =ROUND((ES50),6) -> 19246.5 | AD50: =ROUND((((ET50)-(EU50))+AE50),6) -> 0 | AE50: =ROUND((EU50),6) -> 0 | AF50: =ROUND((EV50),6) -> 0 | AG50: =ROUND((AP50),6) -> 0 | AH50: =(EW50) -> 0 | AI50: =(EX50) -> 0 | AJ50: =(AS50) -> 0 | AK50: 19246.5 | AL50: 19246.5 | AM50: 0 | AN50: 0 | AO50: 0 | AP50: 0 | AQ50: 0 | AR50: 0 | AS50: 0 | AT50: 0 | AU50: 0 | AV50: 1 | AW50: 1 | AZ50: 1 | BA50: 1 | BB50: 1 | BC50: 1 | BH50: 3 | BI50: 3 | BM50: 1100 | BN50: 0 | BP50: 0 | BQ50: 8 | BR50: 0 | BS50: 1 | BT50: 1 | BU50: 1 | BV50: 1 | BW50: 1 | BX50: 1 | BZ50: 0 | CA50: 0 | CE50: 0 | CF50: 0 | CG50: 0 | CM50: 0 | CO50: 0 | CP50: =(P50+Q50+S50) -> 19247 | CQ50: =AC50 -> 19246.5 | CR50: =AD50*BB50 -> 0 | CS50: =AE50 -> 0 | CT50: =AF50 -> 0 | CU50: =AG50 -> 0 | CV50: =AH50 -> 0 | CW50: =AI50 -> 0 | CX50: =AJ50 -> 0 | CY50: =(((S50+R50)*AT50)/100) -> 0 | CZ50: =(((S50+R50)*AU50)/100) -> 0 | DN50: 0 | DO50: 0 | DP50: 1 | DQ50: 1 | DU50: 1013 | DV50: ШТ | DW50: ШТ | DX50: 1 | EE50: 37164457 | EF50: 8 | EG50: Материалы строительные | EH50: 0 | EJ50: 1 | EK50: 1100 | EL50: Материалы, изделия и конструкции | EM50: материалы (03) | EQ50: 0 | ER50: 0 | ES50: 19246.5 | ET50: 0 | EU50: 0 | EV50: 0 | EW50: 0 | EX50: 0 | EY50: 0 | EZ50: 5 | FC50: 1 | FD50: 18 | FF50: 23095.8 | FQ50: 0 | FR50: =ROUND(IF(AND(BH50=3,BI50=3),P50,0),2) -> 19247 | FS50: 0 | FX50: 0 | FY50: 0 | GA50: [23 095,8 / 1,2] | GD50: 1 | GF50: -563030975 | GG50: 2 | GH50: 3 | GI50: -2 | GJ50: 0 | GK50: 0 | GL50: =ROUND(IF(AND(BH50=3,BI50=3,FS50<>0),P50,0),2) -> 0 | GM50: =ROUND(O50+X50+Y50,2)+GX50 -> 19247 | GN50: =IF(OR(BI50=0,BI50=1),ROUND(O50+X50+Y50,2),0) -> 0 | GO50: =IF(BI50=2,ROUND(O50+X50+Y50,2),0) -> 0 | GP50: =IF(BI50=4,ROUND(O50+X50+Y50,2)+GX50,0) -> 0 | GR50: 1 | GS50: 1 | GT50: 0 | GV50: =ROUND((GT50),6) -> 0 | GW50: 1 | GX50: =ROUND(HC50*I50,2) -> 0 | HA50: 0 | HB50: 0 | HC50: =GV50*GW50 -> 0 | HE50: 0 | HF50: 0 | HH50: =ROUND(AC50*I50,0) -> 19247 | IK50: 0
A51: 17 | B51: 1 | E51: 10 | F51: Цена поставщика | G51: Прибор приемно-контрольный и управления пожарный Сириус | H51: ШТ | I51: 1 | J51: 0 | K51: 1 | O51: =ROUND(CP51,2) -> 4119.51 | P51: =ROUND(ROUND(CQ51*I51,0)/BC51,2) -> 4119.51 | Q51: =ROUND(CR51*I51,2) -> 0 | R51: =ROUND(CS51*I51,2) -> 0 | S51: =ROUND(CT51*I51,2) -> 0 | T51: =ROUND(CU51*I51,2) -> 0 | U51: =CV51*I51 -> 0 | V51: =CW51*I51 -> 0 | W51: =ROUND(CX51*I51,2) -> 0 | X51: =ROUND(CY51,2) -> 0 | Y51: =ROUND(CZ51,2) -> 0 | AA51: 41727979 | AB51: =ROUND((AC51+AD51+AF51),6) -> 20061.79 | AC51: =ROUND((ES51),6) -> 20061.79 | AD51: =ROUND((((ET51)-(EU51))+AE51),6) -> 0 | AE51: =ROUND((EU51),6) -> 0 | AF51: =ROUND((EV51),6) -> 0 | AG51: =ROUND((AP51),6) -> 0 | AH51: =(EW51) -> 0 | AI51: =(EX51) -> 0 | AJ51: =(AS51) -> 0 | AK51: 20061.79 | AL51: 20061.79 | AM51: 0 | AN51: 0 | AO51: 0 | AP51: 0 | AQ51: 0 | AR51: 0 | AS51: 0 | AT51: 0 | AU51: 0 | AV51: 1 | AW51: 1 | AZ51: 4.87 | BA51: 1 | BB51: 1 | BC51: 4.87 | BH51: 3 | BI51: 3 | BM51: 1100 | BN51: 0 | BO51: Письмо Минстроя России от 22.11.2021 №50719-ИФ/09 | BP51: 1 | BQ51: 8 | BR51: 0 | BS51: 1 | BT51: 1 | BU51: 1 | BV51: 1 | BW51: 1 | BX51: 1 | BZ51: 0 | CA51: 0 | CE51: 0 | CF51: 0 | CG51: 0 | CM51: 0 | CO51: 0 | CP51: =(P51+Q51+S51) -> 4119.51 | CQ51: =AC51 -> 20061.79 | CR51: =AD51*BB51 -> 0 | CS51: =AE51 -> 0 | CT51: =AF51 -> 0 | CU51: =AG51 -> 0 | CV51: =AH51 -> 0 | CW51: =AI51 -> 0 | CX51: =AJ51 -> 0 | CY51: =(((S51+R51)*AT51)/100) -> 0 | CZ51: =(((S51+R51)*AU51)/100) -> 0 | DN51: 0 | DO51: 0 | DP51: 1 | DQ51: 1 | DU51: 1013 | DV51: ШТ | DW51: ШТ | DX51: 1 | EE51: 37164457 | EF51: 8 | EG51: Материалы строительные | EH51: 0 | EJ51: 1 | EK51: 1100 | EL51: Материалы, изделия и конструкции | EM51: материалы (03) | EQ51: 0 | ER51: 20061.79 | ES51: 20061.79 | ET51: 0 | EU51: 0 | EV51: 0 | EW51: 0 | EX51: 0 | EY51: 0 | EZ51: 5 | FC51: 1 | FD51: 18 | FF51: 23095.8 | FQ51: 0 | FR51: =ROUND(IF(AND(BH51=3,BI51=3),P51,0),2) -> 4119.51 | FS51: 0 | FX51: 0 | FY51: 0 | GA51: [23 095,8 / 1,2] + 3% Трансп + 1,2% Заг.скл | GD51: 1 | GF51: -563030975 | GG51: 1 | GH51: 3 | GI51: 4 | GJ51: 0 | GK51: 0 | GL51: =ROUND(IF(AND(BH51=3,BI51=3,FS51<>0),P51,0),2) -> 0 | GM51: =ROUND(O51+X51+Y51,2)+GX51 -> 4119.51 | GN51: =IF(OR(BI51=0,BI51=1),ROUND(O51+X51+Y51,2),0) -> 0 | GO51: =IF(BI51=2,ROUND(O51+X51+Y51,2),0) -> 0 | GP51: =IF(BI51=4,ROUND(O51+X51+Y51,2)+GX51,0) -> 0 | GR51: 1 | GS51: 1 | GT51: 0 | GV51: =ROUND((GT51),6) -> 0 | GW51: 1 | GX51: =ROUND(HC51*I51,2) -> 0 | HA51: 0 | HB51: 0 | HC51: =GV51*GW51 -> 0 | HE51: 3 | HF51: 1,2 | HH51: =ROUND(AC51*I51,0) -> 20062 | IK51: 0
A52: 17 | B52: 1 | C52: =ROW(SmtRes!A46) -> 46 | D52: =ROW(EtalonRes!A46) -> 46 | E52: 11 | F52: м08-01-121-01 | G52: Аккумулятор кислотный стационарный, тип: С-1, СК-1 | H52: ШТ | I52: 2 | J52: 0 | K52: 2 | O52: =ROUND(CP52,2) -> 94.81 | P52: =ROUND(CQ52*I52,2) -> 41.3 | Q52: =ROUND(CR52*I52,2) -> 0 | R52: =ROUND(CS52*I52,2) -> 0 | S52: =ROUND(CT52*I52,2) -> 53.51 | T52: =ROUND(CU52*I52,2) -> 0 | U52: =CV52*I52 -> 5.562 | V52: =CW52*I52 -> 0 | W52: =ROUND(CX52*I52,2) -> 0 | X52: =ROUND(CY52,2) -> 51.9 | Y52: =ROUND(CZ52,2) -> 27.29 | AA52: 41727981 | AB52: =ROUND((AC52+AD52+AF52),6) -> 47.407 | AC52: =ROUND((ES52),6) -> 20.65 | AD52: =ROUND(((((ET52*ROUND(1.35,7)))-((EU52*ROUND(1.35,7))))+AE52),6) -> 0 | AE52: =ROUND(((EU52*ROUND(1.35,7))),6) -> 0 | AF52: =ROUND(((EV52*ROUND(1.35,7))),6) -> 26.757 | AG52: =ROUND((AP52),6) -> 0 | AH52: =((EW52*ROUND(1.35,7))) -> 2.781 | AI52: =((EX52*ROUND(1.35,7))) -> 0 | AJ52: =(AS52) -> 0 | AK52: 40.47 | AL52: 20.65 | AM52: 0 | AN52: 0 | AO52: 19.82 | AP52: 0 | AQ52: 2.06 | AR52: 0 | AS52: 0 | AT52: 97 | AU52: 51 | AV52: 1 | AW52: 1 | AZ52: 1 | BA52: 1 | BB52: 1 | BC52: 1 | BH52: 0 | BI52: 2 | BJ52: ФЕРм-2001, м08-01-121-01, приказ Минстроя России № 876/пр от 26.12.2019 | BM52: 108001 | BN52: 0 | BP52: 0 | BQ52: 3 | BR52: 0 | BS52: 1 | BT52: 1 | BU52: 1 | BV52: 1 | BW52: 1 | BX52: 1 | BZ52: 97 | CA52: 51 | CE52: 0 | CF52: 0 | CG52: 0 | CM52: 0 | CN52: Поправка: Мет.421/пр 04.08.20 Пр.10 Т.3 п. 1.2 Наименование: Производство ремонтно-строительных работ осуществляется в помещениях эксплуатируемого объекта капитального строительства без остановки рабочего процесса, при этом: в зоне производства ремонтно-строительных работ имеются действующее технологическое или лабораторное оборудование, мебель и иные загромождающие помещения предметы | CO52: 0 | CP52: =(P52+Q52+S52) -> 94.81 | CQ52: =AC52*BC52 -> 20.65 | CR52: =AD52*BB52 -> 0 | CS52: =AE52 -> 0 | CT52: =AF52 -> 26.757 | CU52: =AG52 -> 0 | CV52: =AH52 -> 2.781 | CW52: =AI52 -> 0 | CX52: =AJ52 -> 0 | CY52: =(((S52+R52)*AT52)/100) -> 51.9047 | CZ52: =(((S52+R52)*AU52)/100) -> 27.2901 | DE52: )*1,35 | DF52: )*1,35 | DG52: )*1,35 | DI52: )*1,35 | DJ52: )*1,35 | DN52: 0 | DO52: 0 | DP52: 1 | DQ52: 1 | DU52: 1013 | DV52: ШТ | DW52: ШТ | DX52: 1 | EE52: 37164029 | EF52: 3 | EG52: Монтажные работы | EH52: 0 | EJ52: 2 | EK52: 108001 | EL52: Электротехнические установки: на других объектах | EM52: мФЕР-08 | EO52: Поправка: Мет.421/пр 04.08.20 Пр.10 Т.3 п. 1.2 | EQ52: 512 | ER52: 40.47 | ES52: 20.65 | ET52: 0 | EU52: 0 | EV52: 19.82 | EW52: 2.06 | EX52: 0 | EY52: 0 | FQ52: 0 | FR52: =ROUND(IF(AND(BH52=3,BI52=3),P52,0),2) -> 0 | FS52: 0 | FX52: 97 | FY52: 51 | GD52: 1 | GF52: -18258135 | GG52: 2 | GH52: 1 | GI52: -2 | GJ52: 0 | GK52: 0 | GL52: =ROUND(IF(AND(BH52=3,BI52=3,FS52<>0),P52,0),2) -> 0 | GM52: =ROUND(O52+X52+Y52,2)+GX52 -> 174 | GN52: =IF(OR(BI52=0,BI52=1),ROUND(O52+X52+Y52,2),0) -> 0 | GO52: =IF(BI52=2,ROUND(O52+X52+Y52,2),0) -> 174 | GP52: =IF(BI52=4,ROUND(O52+X52+Y52,2)+GX52,0) -> 0 | GR52: 0 | GS52: 3 | GT52: 0 | GV52: =ROUND((GT52),6) -> 0 | GW52: 1 | GX52: =ROUND(HC52*I52,2) -> 0 | HA52: 0 | HB52: 0 | HC52: =GV52*GW52 -> 0 | HN52: Пр/812-049.3-1 | HO52: Пр/774-049.3 | HP52: Электротехнические установки: на других объектах | HQ52: Электротехнические установки: на других объектах | IK52: 0
A53: 17 | B53: 1 | C53: =ROW(SmtRes!A52) -> 52 | D53: =ROW(EtalonRes!A52) -> 52 | E53: 11 | F53: м08-01-121-01 | G53: Аккумулятор кислотный стационарный, тип: С-1, СК-1 | H53: ШТ | I53: 2 | J53: 0 | K53: 2 | O53: =ROUND(CP53,2) -> 94.81 | P53: =ROUND(CQ53*I53,2) -> 41.3 | Q53: =ROUND(CR53*I53,2) -> 0 | R53: =ROUND(CS53*I53,2) -> 0 | S53: =ROUND(CT53*I53,2) -> 53.51 | T53: =ROUND(CU53*I53,2) -> 0 | U53: =CV53*I53 -> 5.562 | V53: =CW53*I53 -> 0 | W53: =ROUND(CX53*I53,2) -> 0 | X53: =ROUND(CY53,2) -> 51.9 | Y53: =ROUND(CZ53,2) -> 27.29 | AA53: 41727979 | AB53: =ROUND((AC53+AD53+AF53),6) -> 47.407 | AC53: =ROUND((ES53),6) -> 20.65 | AD53: =ROUND(((((ET53*ROUND(1.35,7)))-((EU53*ROUND(1.35,7))))+AE53),6) -> 0 | AE53: =ROUND(((EU53*ROUND(1.35,7))),6) -> 0 | AF53: =ROUND(((EV53*ROUND(1.35,7))),6) -> 26.757 | AG53: =ROUND((AP53),6) -> 0 | AH53: =((EW53*ROUND(1.35,7))) -> 2.781 | AI53: =((EX53*ROUND(1.35,7))) -> 0 | AJ53: =(AS53) -> 0 | AK53: 40.47 | AL53: 20.65 | AM53: 0 | AN53: 0 | AO53: 19.82 | AP53: 0 | AQ53: 2.06 | AR53: 0 | AS53: 0 | AT53: 97 | AU53: 51 | AV53: 1 | AW53: 1 | AZ53: 1 | BA53: 1 | BB53: 1 | BC53: 1 | BH53: 0 | BI53: 2 | BJ53: ФЕРм-2001, м08-01-121-01, приказ Минстроя России № 876/пр от 26.12.2019 | BM53: 108001 | BN53: 0 | BO53: Письмо Минстроя России от 15.12.2021 №55265-ИФ/09 | BP53: 1 | BQ53: 3 | BR53: 0 | BS53: 1 | BT53: 1 | BU53: 1 | BV53: 1 | BW53: 1 | BX53: 1 | BZ53: 97 | CA53: 51 | CE53: 0 | CF53: 0 | CG53: 0 | CM53: 0 | CN53: Поправка: Мет.421/пр 04.08.20 Пр.10 Т.3 п. 1.2 Наименование: Производство ремонтно-строительных работ осуществляется в помещениях эксплуатируемого объекта капитального строительства без остановки рабочего процесса, при этом: в зоне производства ремонтно-строительных работ имеются действующее технологическое или лабораторное оборудование, мебель и иные загромождающие помещения предметы | CO53: 0 | CP53: =(P53+Q53+S53) -> 94.81 | CQ53: =AC53*BC53 -> 20.65 | CR53: =AD53*BB53 -> 0 | CS53: =AE53 -> 0 | CT53: =AF53 -> 26.757 | CU53: =AG53 -> 0 | CV53: =AH53 -> 2.781 | CW53: =AI53 -> 0 | CX53: =AJ53 -> 0 | CY53: =(((S53+R53)*AT53)/100) -> 51.9047 | CZ53: =(((S53+R53)*AU53)/100) -> 27.2901 | DE53: )*1,35 | DF53: )*1,35 | DG53: )*1,35 | DI53: )*1,35 | DJ53: )*1,35 | DN53: 0 | DO53: 0 | DP53: 1 | DQ53: 1 | DU53: 1013 | DV53: ШТ | DW53: ШТ | DX53: 1 | EE53: 37164029 | EF53: 3 | EG53: Монтажные работы | EH53: 0 | EJ53: 2 | EK53: 108001 | EL53: Электротехнические установки: на других объектах | EM53: мФЕР-08 | EO53: Поправка: Мет.421/пр 04.08.20 Пр.10 Т.3 п. 1.2 | EQ53: 512 | ER53: 40.47 | ES53: 20.65 | ET53: 0 | EU53: 0 | EV53: 19.82 | EW53: 2.06 | EX53: 0 | EY53: 0 | FQ53: 0 | FR53: =ROUND(IF(AND(BH53=3,BI53=3),P53,0),2) -> 0 | FS53: 0 | FX53: 97 | FY53: 51 | GD53: 1 | GF53: -18258135 | GG53: 1 | GH53: 1 | GI53: 4 | GJ53: 0 | GK53: 0 | GL53: =ROUND(IF(AND(BH53=3,BI53=3,FS53<>0),P53,0),2) -> 0 | GM53: =ROUND(O53+X53+Y53,2)+GX53 -> 174 | GN53: =IF(OR(BI53=0,BI53=1),ROUND(O53+X53+Y53,2),0) -> 0 | GO53: =IF(BI53=2,ROUND(O53+X53+Y53,2),0) -> 174 | GP53: =IF(BI53=4,ROUND(O53+X53+Y53,2)+GX53,0) -> 0 | GR53: 0 | GS53: 3 | GT53: 0 | GV53: =ROUND((GT53),6) -> 0 | GW53: 1 | GX53: =ROUND(HC53*I53,2) -> 0 | HA53: 0 | HB53: 0 | HC53: =GV53*GW53 -> 0 | HN53: Пр/812-049.3-1 | HO53: Пр/774-049.3 | HP53: Электротехнические установки: на других объектах | HQ53: Электротехнические установки: на других объектах | IK53: 0
A54: 17 | B54: 1 | E54: 12 | F54: 62.4.01.01-0006 | G54: Батарея аккумуляторная, тип АКБ-17, 12В/ емкость 17 А/ч | H54: ШТ | I54: 2 | J54: 0 | K54: 2 | O54: =ROUND(CP54,2) -> 461.02 | P54: =ROUND(CQ54*I54,2) -> 461.02 | Q54: =ROUND(CR54*I54,2) -> 0 | R54: =ROUND(CS54*I54,2) -> 0 | S54: =ROUND(CT54*I54,2) -> 0 | T54: =ROUND(CU54*I54,2) -> 0 | U54: =CV54*I54 -> 0 | V54: =CW54*I54 -> 0 | W54: =ROUND(CX54*I54,2) -> 0 | X54: =ROUND(CY54,2) -> 0 | Y54: =ROUND(CZ54,2) -> 0 | AA54: 41727981 | AB54: =ROUND((AC54+AD54+AF54),6) -> 230.51 | AC54: =ROUND((ES54),6) -> 230.51 | AD54: =ROUND((((ET54)-(EU54))+AE54),6) -> 0 | AE54: =ROUND((EU54),6) -> 0 | AF54: =ROUND((EV54),6) -> 0 | AG54: =ROUND((AP54),6) -> 0 | AH54: =(EW54) -> 0 | AI54: =(EX54) -> 0 | AJ54: =(AS54) -> 0 | AK54: 230.51 | AL54: 230.51 | AM54: 0 | AN54: 0 | AO54: 0 | AP54: 0 | AQ54: 0 | AR54: 0 | AS54: 0 | AT54: 0 | AU54: 0 | AV54: 1 | AW54: 1 | AZ54: 1 | BA54: 1 | BB54: 1 | BC54: 1 | BH54: 3 | BI54: 3 | BJ54: ФССЦ-2001, 62.4.01.01-0006, приказ Минстроя России № 876/пр от 26.12.2019 | BM54: 600001 | BN54: 0 | BP54: 0 | BQ54: 5 | BR54: 0 | BS54: 1 | BT54: 1 | BU54: 1 | BV54: 1 | BW54: 1 | BX54: 1 | BZ54: 0 | CA54: 0 | CE54: 0 | CF54: 0 | CG54: 0 | CM54: 0 | CO54: 0 | CP54: =(P54+Q54+S54) -> 461.02 | CQ54: =AC54*BC54 -> 230.51 | CR54: =AD54*BB54 -> 0 | CS54: =AE54 -> 0 | CT54: =AF54 -> 0 | CU54: =AG54 -> 0 | CV54: =AH54 -> 0 | CW54: =AI54 -> 0 | CX54: =AJ54 -> 0 | CY54: =(((S54+R54)*AT54)/100) -> 0 | CZ54: =(((S54+R54)*AU54)/100) -> 0 | DN54: 0 | DO54: 0 | DP54: 1 | DQ54: 1 | DU54: 1013 | DV54: ШТ | DW54: ШТ | DX54: 1 | EE54: 37164125 | EF54: 5 | EG54: оборудование | EH54: 0 | EJ54: 3 | EK54: 600001 | EL54: Оборудование по ценникам | EM54: ОБОРУД. | EQ54: 0 | ER54: 230.51 | ES54: 230.51 | ET54: 0 | EU54: 0 | EV54: 0 | EW54: 0 | EX54: 0 | EY54: 0 | FQ54: 0 | FR54: =ROUND(IF(AND(BH54=3,BI54=3),P54,0),2) -> 461.02 | FS54: 0 | FX54: 0 | FY54: 0 | GD54: 1 | GF54: -683784142 | GG54: 2 | GH54: 1 | GI54: -2 | GJ54: 0 | GK54: 0 | GL54: =ROUND(IF(AND(BH54=3,BI54=3,FS54<>0),P54,0),2) -> 0 | GM54: =ROUND(O54+X54+Y54,2)+GX54 -> 461.02 | GN54: =IF(OR(BI54=0,BI54=1),ROUND(O54+X54+Y54,2),0) -> 0 | GO54: =IF(BI54=2,ROUND(O54+X54+Y54,2),0) -> 0 | GP54: =IF(BI54=4,ROUND(O54+X54+Y54,2)+GX54,0) -> 0 | GR54: 0 | GS54: 3 | GT54: 0 | GV54: =ROUND((GT54),6) -> 0 | GW54: 1 | GX54: =ROUND(HC54*I54,2) -> 0 | HA54: 0 | HB54: 0 | HC54: =GV54*GW54 -> 0 | IK54: 0
A55: 17 | B55: 1 | E55: 12 | F55: 62.4.01.01-0006 | G55: Батарея аккумуляторная, тип АКБ-17, 12В/ емкость 17 А/ч | H55: ШТ | I55: 2 | J55: 0 | K55: 2 | O55: =ROUND(CP55,2) -> 461.02 | P55: =ROUND(CQ55*I55,2) -> 461.02 | Q55: =ROUND(CR55*I55,2) -> 0 | R55: =ROUND(CS55*I55,2) -> 0 | S55: =ROUND(CT55*I55,2) -> 0 | T55: =ROUND(CU55*I55,2) -> 0 | U55: =CV55*I55 -> 0 | V55: =CW55*I55 -> 0 | W55: =ROUND(CX55*I55,2) -> 0 | X55: =ROUND(CY55,2) -> 0 | Y55: =ROUND(CZ55,2) -> 0 | AA55: 41727979 | AB55: =ROUND((AC55+AD55+AF55),6) -> 230.51 | AC55: =ROUND((ES55),6) -> 230.51 | AD55: =ROUND((((ET55)-(EU55))+AE55),6) -> 0 | AE55: =ROUND((EU55),6) -> 0 | AF55: =ROUND((EV55),6) -> 0 | AG55: =ROUND((AP55),6) -> 0 | AH55: =(EW55) -> 0 | AI55: =(EX55) -> 0 | AJ55: =(AS55) -> 0 | AK55: 230.51 | AL55: 230.51 | AM55: 0 | AN55: 0 | AO55: 0 | AP55: 0 | AQ55: 0 | AR55: 0 | AS55: 0 | AT55: 0 | AU55: 0 | AV55: 1 | AW55: 1 | AZ55: 1 | BA55: 1 | BB55: 1 | BC55: 1 | BH55: 3 | BI55: 3 | BJ55: ФССЦ-2001, 62.4.01.01-0006, приказ Минстроя России № 876/пр от 26.12.2019 | BM55: 600001 | BN55: 0 | BO55: Письмо Минстроя России от 22.11.2021 №50719-ИФ/09 | BP55: 1 | BQ55: 5 | BR55: 0 | BS55: 1 | BT55: 1 | BU55: 1 | BV55: 1 | BW55: 1 | BX55: 1 | BZ55: 0 | CA55: 0 | CE55: 0 | CF55: 0 | CG55: 0 | CM55: 0 | CO55: 0 | CP55: =(P55+Q55+S55) -> 461.02 | CQ55: =AC55*BC55 -> 230.51 | CR55: =AD55*BB55 -> 0 | CS55: =AE55 -> 0 | CT55: =AF55 -> 0 | CU55: =AG55 -> 0 | CV55: =AH55 -> 0 | CW55: =AI55 -> 0 | CX55: =AJ55 -> 0 | CY55: =(((S55+R55)*AT55)/100) -> 0 | CZ55: =(((S55+R55)*AU55)/100) -> 0 | DN55: 0 | DO55: 0 | DP55: 1 | DQ55: 1 | DU55: 1013 | DV55: ШТ | DW55: ШТ | DX55: 1 | EE55: 37164125 | EF55: 5 | EG55: оборудование | EH55: 0 | EJ55: 3 | EK55: 600001 | EL55: Оборудование по ценникам | EM55: ОБОРУД. | EQ55: 0 | ER55: 230.51 | ES55: 230.51 | ET55: 0 | EU55: 0 | EV55: 0 | EW55: 0 | EX55: 0 | EY55: 0 | FQ55: 0 | FR55: =ROUND(IF(AND(BH55=3,BI55=3),P55,0),2) -> 461.02 | FS55: 0 | FX55: 0 | FY55: 0 | GD55: 1 | GF55: -683784142 | GG55: 1 | GH55: 1 | GI55: 4 | GJ55: 0 | GK55: 0 | GL55: =ROUND(IF(AND(BH55=3,BI55=3,FS55<>0),P55,0),2) -> 0 | GM55: =ROUND(O55+X55+Y55,2)+GX55 -> 461.02 | GN55: =IF(OR(BI55=0,BI55=1),ROUND(O55+X55+Y55,2),0) -> 0 | GO55: =IF(BI55=2,ROUND(O55+X55+Y55,2),0) -> 0 | GP55: =IF(BI55=4,ROUND(O55+X55+Y55,2)+GX55,0) -> 0 | GR55: 0 | GS55: 3 | GT55: 0 | GV55: =ROUND((GT55),6) -> 0 | GW55: 1 | GX55: =ROUND(HC55*I55,2) -> 0 | HA55: 0 | HB55: 0 | HC55: =GV55*GW55 -> 0 | IK55: 0
A56: 17 | B56: 1 | C56: =ROW(SmtRes!A58) -> 58 | D56: =ROW(EtalonRes!A58) -> 58 | E56: 13 | F56: м10-08-001-13 | G56: Устройства промежуточные на количество лучей: 1 | H56: ШТ | I56: 1 | J56: 0 | K56: 1 | O56: =ROUND(CP56,2) -> 19.98 | P56: =ROUND(CQ56*I56,2) -> 3.44 | Q56: =ROUND(CR56*I56,2) -> 0 | R56: =ROUND(CS56*I56,2) -> 0 | S56: =ROUND(CT56*I56,2) -> 16.54 | T56: =ROUND(CU56*I56,2) -> 0 | U56: =CV56*I56 -> 1.62 | V56: =CW56*I56 -> 0 | W56: =ROUND(CX56*I56,2) -> 0 | X56: =ROUND(CY56,2) -> 14.89 | Y56: =ROUND(CZ56,2) -> 7.61 | AA56: 41727981 | AB56: =ROUND((AC56+AD56+AF56),6) -> 19.9775 | AC56: =ROUND((ES56),6) -> 3.44 | AD56: =ROUND(((((ET56*ROUND(1.35,7)))-((EU56*ROUND(1.35,7))))+AE56),6) -> 0 | AE56: =ROUND(((EU56*ROUND(1.35,7))),6) -> 0 | AF56: =ROUND(((EV56*ROUND(1.35,7))),6) -> 16.5375 | AG56: =ROUND((AP56),6) -> 0 | AH56: =((EW56*ROUND(1.35,7))) -> 1.62 | AI56: =((EX56*ROUND(1.35,7))) -> 0 | AJ56: =(AS56) -> 0 | AK56: 15.69 | AL56: 3.44 | AM56: 0 | AN56: 0 | AO56: 12.25 | AP56: 0 | AQ56: 1.2 | AR56: 0 | AS56: 0 | AT56: 90 | AU56: 46 | AV56: 1 | AW56: 1 | AZ56: 1 | BA56: 1 | BB56: 1 | BC56: 1 | BH56: 0 | BI56: 2 | BJ56: ФЕРм-2001, м10-08-001-13, приказ Минстроя России № 876/пр от 26.12.2019 | BM56: 110011 | BN56: 0 | BP56: 0 | BQ56: 3 | BR56: 0 | BS56: 1 | BT56: 1 | BU56: 1 | BV56: 1 | BW56: 1 | BX56: 1 | BZ56: 90 | CA56: 46 | CE56: 0 | CF56: 0 | CG56: 0 | CM56: 0 | CN56: Поправка: Мет.421/пр 04.08.20 Пр.10 Т.3 п. 1.2 Наименование: Производство ремонтно-строительных работ осуществляется в помещениях эксплуатируемого объекта капитального строительства без остановки рабочего процесса, при этом: в зоне производства ремонтно-строительных работ имеются действующее технологическое или лабораторное оборудование, мебель и иные загромождающие помещения предметы | CO56: 0 | CP56: =(P56+Q56+S56) -> 19.98 | CQ56: =AC56*BC56 -> 3.44 | CR56: =AD56*BB56 -> 0 | CS56: =AE56 -> 0 | CT56: =AF56 -> 16.5375 | CU56: =AG56 -> 0 | CV56: =AH56 -> 1.62 | CW56: =AI56 -> 0 | CX56: =AJ56 -> 0 | CY56: =(((S56+R56)*AT56)/100) -> 14.886 | CZ56: =(((S56+R56)*AU56)/100) -> 7.6084 | DE56: )*1,35 | DF56: )*1,35 | DG56: )*1,35 | DI56: )*1,35 | DJ56: )*1,35 | DN56: 0 | DO56: 0 | DP56: 1 | DQ56: 1 | DU56: 1013 | DV56: ШТ | DW56: ШТ | DX56: 1 | EE56: 37164119 | EF56: 3 | EG56: Монтажные работы | EH56: 0 | EJ56: 2 | EK56: 110011 | EL56: Оборудование связи: прокладка и монтаж сетей связи | EM56: мФЕР-10 | EO56: Поправка: Мет.421/пр 04.08.20 Пр.10 Т.3 п. 1.2 | EQ56: 512 | ER56: 15.69 | ES56: 3.44 | ET56: 0 | EU56: 0 | EV56: 12.25 | EW56: 1.2 | EX56: 0 | EY56: 0 | FQ56: 0 | FR56: =ROUND(IF(AND(BH56=3,BI56=3),P56,0),2) -> 0 | FS56: 0 | FX56: 90 | FY56: 46 | GD56: 1 | GF56: 1183902718 | GG56: 2 | GH56: 1 | GI56: -2 | GJ56: 0 | GK56: 0 | GL56: =ROUND(IF(AND(BH56=3,BI56=3,FS56<>0),P56,0),2) -> 0 | GM56: =ROUND(O56+X56+Y56,2)+GX56 -> 42.48 | GN56: =IF(OR(BI56=0,BI56=1),ROUND(O56+X56+Y56,2),0) -> 0 | GO56: =IF(BI56=2,ROUND(O56+X56+Y56,2),0) -> 42.48 | GP56: =IF(BI56=4,ROUND(O56+X56+Y56,2)+GX56,0) -> 0 | GR56: 0 | GS56: 3 | GT56: 0 | GV56: =ROUND((GT56),6) -> 0 | GW56: 1 | GX56: =ROUND(HC56*I56,2) -> 0 | HA56: 0 | HB56: 0 | HC56: =GV56*GW56 -> 0 | HN56: Пр/812-051.1-1 | HO56: Пр/774-051.1 | HP56: Оборудование связи: прокладка и монтаж сетей связи | HQ56: Оборудование связи: прокладка и монтаж сетей связи | IK56: 0
A57: 17 | B57: 1 | C57: =ROW(SmtRes!A64) -> 64 | D57: =ROW(EtalonRes!A64) -> 64 | E57: 13 | F57: м10-08-001-13 | G57: Устройства промежуточные на количество лучей: 1 | H57: ШТ | I57: 1 | J57: 0 | K57: 1 | O57: =ROUND(CP57,2) -> 19.98 | P57: =ROUND(CQ57*I57,2) -> 3.44 | Q57: =ROUND(CR57*I57,2) -> 0 | R57: =ROUND(CS57*I57,2) -> 0 | S57: =ROUND(CT57*I57,2) -> 16.54 | T57: =ROUND(CU57*I57,2) -> 0 | U57: =CV57*I57 -> 1.62 | V57: =CW57*I57 -> 0 | W57: =ROUND(CX57*I57,2) -> 0 | X57: =ROUND(CY57,2) -> 14.89 | Y57: =ROUND(CZ57,2) -> 7.61 | AA57: 41727979 | AB57: =ROUND((AC57+AD57+AF57),6) -> 19.9775 | AC57: =ROUND((ES57),6) -> 3.44 | AD57: =ROUND(((((ET57*ROUND(1.35,7)))-((EU57*ROUND(1.35,7))))+AE57),6) -> 0 | AE57: =ROUND(((EU57*ROUND(1.35,7))),6) -> 0 | AF57: =ROUND(((EV57*ROUND(1.35,7))),6) -> 16.5375 | AG57: =ROUND((AP57),6) -> 0 | AH57: =((EW57*ROUND(1.35,7))) -> 1.62 | AI57: =((EX57*ROUND(1.35,7))) -> 0 | AJ57: =(AS57) -> 0 | AK57: 15.69 | AL57: 3.44 | AM57: 0 | AN57: 0 | AO57: 12.25 | AP57: 0 | AQ57: 1.2 | AR57: 0 | AS57: 0 | AT57: 90 | AU57: 46 | AV57: 1 | AW57: 1 | AZ57: 1 | BA57: 1 | BB57: 1 | BC57: 1 | BH57: 0 | BI57: 2 | BJ57: ФЕРм-2001, м10-08-001-13, приказ Минстроя России № 876/пр от 26.12.2019 | BM57: 110011 | BN57: 0 | BO57: Письмо Минстроя России от 15.12.2021 №55265-ИФ/09 | BP57: 1 | BQ57: 3 | BR57: 0 | BS57: 1 | BT57: 1 | BU57: 1 | BV57: 1 | BW57: 1 | BX57: 1 | BZ57: 90 | CA57: 46 | CE57: 0 | CF57: 0 | CG57: 0 | CM57: 0 | CN57: Поправка: Мет.421/пр 04.08.20 Пр.10 Т.3 п. 1.2 Наименование: Производство ремонтно-строительных работ осуществляется в помещениях эксплуатируемого объекта капитального строительства без остановки рабочего процесса, при этом: в зоне производства ремонтно-строительных работ имеются действующее технологическое или лабораторное оборудование, мебель и иные загромождающие помещения предметы | CO57: 0 | CP57: =(P57+Q57+S57) -> 19.98 | CQ57: =AC57*BC57 -> 3.44 | CR57: =AD57*BB57 -> 0 | CS57: =AE57 -> 0 | CT57: =AF57 -> 16.5375 | CU57: =AG57 -> 0 | CV57: =AH57 -> 1.62 | CW57: =AI57 -> 0 | CX57: =AJ57 -> 0 | CY57: =(((S57+R57)*AT57)/100) -> 14.886 | CZ57: =(((S57+R57)*AU57)/100) -> 7.6084 | DE57: )*1,35 | DF57: )*1,35 | DG57: )*1,35 | DI57: )*1,35 | DJ57: )*1,35 | DN57: 0 | DO57: 0 | DP57: 1 | DQ57: 1 | DU57: 1013 | DV57: ШТ | DW57: ШТ | DX57: 1 | EE57: 37164119 | EF57: 3 | EG57: Монтажные работы | EH57: 0 | EJ57: 2 | EK57: 110011 | EL57: Оборудование связи: прокладка и монтаж сетей связи | EM57: мФЕР-10 | EO57: Поправка: Мет.421/пр 04.08.20 Пр.10 Т.3 п. 1.2 | EQ57: 512 | ER57: 15.69 | ES57: 3.44 | ET57: 0 | EU57: 0 | EV57: 12.25 | EW57: 1.2 | EX57: 0 | EY57: 0 | FQ57: 0 | FR57: =ROUND(IF(AND(BH57=3,BI57=3),P57,0),2) -> 0 | FS57: 0 | FX57: 90 | FY57: 46 | GD57: 1 | GF57: 1183902718 | GG57: 1 | GH57: 1 | GI57: 4 | GJ57: 0 | GK57: 0 | GL57: =ROUND(IF(AND(BH57=3,BI57=3,FS57<>0),P57,0),2) -> 0 | GM57: =ROUND(O57+X57+Y57,2)+GX57 -> 42.48 | GN57: =IF(OR(BI57=0,BI57=1),ROUND(O57+X57+Y57,2),0) -> 0 | GO57: =IF(BI57=2,ROUND(O57+X57+Y57,2),0) -> 42.48 | GP57: =IF(BI57=4,ROUND(O57+X57+Y57,2)+GX57,0) -> 0 | GR57: 0 | GS57: 3 | GT57: 0 | GV57: =ROUND((GT57),6) -> 0 | GW57: 1 | GX57: =ROUND(HC57*I57,2) -> 0 | HA57: 0 | HB57: 0 | HC57: =GV57*GW57 -> 0 | HN57: Пр/812-051.1-1 | HO57: Пр/774-051.1 | HP57: Оборудование связи: прокладка и монтаж сетей связи | HQ57: Оборудование связи: прокладка и монтаж сетей связи | IK57: 0
A58: 17 | B58: 1 | E58: 14 | F58: 61.2.07.02-0028 | G58: Блок индикации и управления пожаротушением, марка "С2000- ПТ" | H58: ШТ | I58: 1 | J58: 0 | K58: 1 | O58: =ROUND(CP58,2) -> 692.04 | P58: =ROUND(CQ58*I58,2) -> 692.04 | Q58: =ROUND(CR58*I58,2) -> 0 | R58: =ROUND(CS58*I58,2) -> 0 | S58: =ROUND(CT58*I58,2) -> 0 | T58: =ROUND(CU58*I58,2) -> 0 | U58: =CV58*I58 -> 0 | V58: =CW58*I58 -> 0 | W58: =ROUND(CX58*I58,2) -> 0 | X58: =ROUND(CY58,2) -> 0 | Y58: =ROUND(CZ58,2) -> 0 | AA58: 41727981 | AB58: =ROUND((AC58+AD58+AF58),6) -> 692.04 | AC58: =ROUND((ES58),6) -> 692.04 | AD58: =ROUND((((ET58)-(EU58))+AE58),6) -> 0 | AE58: =ROUND((EU58),6) -> 0 | AF58: =ROUND((EV58),6) -> 0 | AG58: =ROUND((AP58),6) -> 0 | AH58: =(EW58) -> 0 | AI58: =(EX58) -> 0 | AJ58: =(AS58) -> 0 | AK58: 692.04 | AL58: 692.04 | AM58: 0 | AN58: 0 | AO58: 0 | AP58: 0 | AQ58: 0 | AR58: 0 | AS58: 0 | AT58: 0 | AU58: 0 | AV58: 1 | AW58: 1 | AZ58: 1 | BA58: 1 | BB58: 1 | BC58: 1 | BH58: 3 | BI58: 3 | BJ58: ФССЦ-2001, 61.2.07.02-0028, приказ Минстроя России № 876/пр от 26.12.2019 | BM58: 600001 | BN58: 0 | BP58: 0 | BQ58: 5 | BR58: 0 | BS58: 1 | BT58: 1 | BU58: 1 | BV58: 1 | BW58: 1 | BX58: 1 | BZ58: 0 | CA58: 0 | CE58: 0 | CF58: 0 | CG58: 0 | CM58: 0 | CO58: 0 | CP58: =(P58+Q58+S58) -> 692.04 | CQ58: =AC58*BC58 -> 692.04 | CR58: =AD58*BB58 -> 0 | CS58: =AE58 -> 0 | CT58: =AF58 -> 0 | CU58: =AG58 -> 0 | CV58: =AH58 -> 0 | CW58: =AI58 -> 0 | CX58: =AJ58 -> 0 | CY58: =(((S58+R58)*AT58)/100) -> 0 | CZ58: =(((S58+R58)*AU58)/100) -> 0 | DN58: 0 | DO58: 0 | DP58: 1 | DQ58: 1 | DU58: 1013 | DV58: ШТ | DW58: ШТ | DX58: 1 | EE58: 37164125 | EF58: 5 | EG58: оборудование | EH58: 0 | EJ58: 3 | EK58: 600001 | EL58: Оборудование по ценникам | EM58: ОБОРУД. | EQ58: 0 | ER58: 692.04 | ES58: 692.04 | ET58: 0 | EU58: 0 | EV58: 0 | EW58: 0 | EX58: 0 | EY58: 0 | FQ58: 0 | FR58: =ROUND(IF(AND(BH58=3,BI58=3),P58,0),2) -> 692.04 | FS58: 0 | FX58: 0 | FY58: 0 | GD58: 1 | GF58: 1578857861 | GG58: 2 | GH58: 1 | GI58: -2 | GJ58: 0 | GK58: 0 | GL58: =ROUND(IF(AND(BH58=3,BI58=3,FS58<>0),P58,0),2) -> 0 | GM58: =ROUND(O58+X58+Y58,2)+GX58 -> 692.04 | GN58: =IF(OR(BI58=0,BI58=1),ROUND(O58+X58+Y58,2),0) -> 0 | GO58: =IF(BI58=2,ROUND(O58+X58+Y58,2),0) -> 0 | GP58: =IF(BI58=4,ROUND(O58+X58+Y58,2)+GX58,0) -> 0 | GR58: 0 | GS58: 3 | GT58: 0 | GV58: =ROUND((GT58),6) -> 0 | GW58: 1 | GX58: =ROUND(HC58*I58,2) -> 0 | HA58: 0 | HB58: 0 | HC58: =GV58*GW58 -> 0 | IK58: 0
A59: 17 | B59: 1 | E59: 14 | F59: 61.2.07.02-0028 | G59: Блок индикации и управления пожаротушением, марка "С2000- ПТ" | H59: ШТ | I59: 1 | J59: 0 | K59: 1 | O59: =ROUND(CP59,2) -> 692.04 | P59: =ROUND(CQ59*I59,2) -> 692.04 | Q59: =ROUND(CR59*I59,2) -> 0 | R59: =ROUND(CS59*I59,2) -> 0 | S59: =ROUND(CT59*I59,2) -> 0 | T59: =ROUND(CU59*I59,2) -> 0 | U59: =CV59*I59 -> 0 | V59: =CW59*I59 -> 0 | W59: =ROUND(CX59*I59,2) -> 0 | X59: =ROUND(CY59,2) -> 0 | Y59: =ROUND(CZ59,2) -> 0 | AA59: 41727979 | AB59: =ROUND((AC59+AD59+AF59),6) -> 692.04 | AC59: =ROUND((ES59),6) -> 692.04 | AD59: =ROUND((((ET59)-(EU59))+AE59),6) -> 0 | AE59: =ROUND((EU59),6) -> 0 | AF59: =ROUND((EV59),6) -> 0 | AG59: =ROUND((AP59),6) -> 0 | AH59: =(EW59) -> 0 | AI59: =(EX59) -> 0 | AJ59: =(AS59) -> 0 | AK59: 692.04 | AL59: 692.04 | AM59: 0 | AN59: 0 | AO59: 0 | AP59: 0 | AQ59: 0 | AR59: 0 | AS59: 0 | AT59: 0 | AU59: 0 | AV59: 1 | AW59: 1 | AZ59: 1 | BA59: 1 | BB59: 1 | BC59: 1 | BH59: 3 | BI59: 3 | BJ59: ФССЦ-2001, 61.2.07.02-0028, приказ Минстроя России № 876/пр от 26.12.2019 | BM59: 600001 | BN59: 0 | BO59: Письмо Минстроя России от 22.11.2021 №50719-ИФ/09 | BP59: 1 | BQ59: 5 | BR59: 0 | BS59: 1 | BT59: 1 | BU59: 1 | BV59: 1 | BW59: 1 | BX59: 1 | BZ59: 0 | CA59: 0 | CE59: 0 | CF59: 0 | CG59: 0 | CM59: 0 | CO59: 0 | CP59: =(P59+Q59+S59) -> 692.04 | CQ59: =AC59*BC59 -> 692.04 | CR59: =AD59*BB59 -> 0 | CS59: =AE59 -> 0 | CT59: =AF59 -> 0 | CU59: =AG59 -> 0 | CV59: =AH59 -> 0 | CW59: =AI59 -> 0 | CX59: =AJ59 -> 0 | CY59: =(((S59+R59)*AT59)/100) -> 0 | CZ59: =(((S59+R59)*AU59)/100) -> 0 | DN59: 0 | DO59: 0 | DP59: 1 | DQ59: 1 | DU59: 1013 | DV59: ШТ | DW59: ШТ | DX59: 1 | EE59: 37164125 | EF59: 5 | EG59: оборудование | EH59: 0 | EJ59: 3 | EK59: 600001 | EL59: Оборудование по ценникам | EM59: ОБОРУД. | EQ59: 0 | ER59: 692.04 | ES59: 692.04 | ET59: 0 | EU59: 0 | EV59: 0 | EW59: 0 | EX59: 0 | EY59: 0 | FQ59: 0 | FR59: =ROUND(IF(AND(BH59=3,BI59=3),P59,0),2) -> 692.04 | FS59: 0 | FX59: 0 | FY59: 0 | GD59: 1 | GF59: 1578857861 | GG59: 1 | GH59: 1 | GI59: 4 | GJ59: 0 | GK59: 0 | GL59: =ROUND(IF(AND(BH59=3,BI59=3,FS59<>0),P59,0),2) -> 0 | GM59: =ROUND(O59+X59+Y59,2)+GX59 -> 692.04 | GN59: =IF(OR(BI59=0,BI59=1),ROUND(O59+X59+Y59,2),0) -> 0 | GO59: =IF(BI59=2,ROUND(O59+X59+Y59,2),0) -> 0 | GP59: =IF(BI59=4,ROUND(O59+X59+Y59,2)+GX59,0) -> 0 | GR59: 0 | GS59: 3 | GT59: 0 | GV59: =ROUND((GT59),6) -> 0 | GW59: 1 | GX59: =ROUND(HC59*I59,2) -> 0 | HA59: 0 | HB59: 0 | HC59: =GV59*GW59 -> 0 | IK59: 0
A60: 17 | B60: 1 | C60: =ROW(SmtRes!A73) -> 73 | D60: =ROW(EtalonRes!A73) -> 73 | E60: 15 | F60: м10-04-112-02 | G60: Шкаф или панель коммутации связи и сигнализации на стене или в нише, количество пар: 100 | H60: ШТ | I60: 1 | J60: 0 | K60: 1 | O60: =ROUND(CP60,2) -> 448.69 | P60: =ROUND(CQ60*I60,2) -> 85.05 | Q60: =ROUND(CR60*I60,2) -> 0 | R60: =ROUND(CS60*I60,2) -> 0 | S60: =ROUND(CT60*I60,2) -> 363.64 | T60: =ROUND(CU60*I60,2) -> 0 | U60: =CV60*I60 -> 37.8 | V60: =CW60*I60 -> 0 | W60: =ROUND(CX60*I60,2) -> 0 | X60: =ROUND(CY60,2) -> 345.46 | Y60: =ROUND(CZ60,2) -> 192.73 | AA60: 41727981 | AB60: =ROUND((AC60+AD60+AF60),6) -> 448.686 | AC60: =ROUND((ES60),6) -> 85.05 | AD60: =ROUND(((((ET60*ROUND(1.35,7)))-((EU60*ROUND(1.35,7))))+AE60),6) -> 0 | AE60: =ROUND(((EU60*ROUND(1.35,7))),6) -> 0 | AF60: =ROUND(((EV60*ROUND(1.35,7))),6) -> 363.636 | AG60: =ROUND((AP60),6) -> 0 | AH60: =((EW60*ROUND(1.35,7))) -> 37.8 | AI60: =((EX60*ROUND(1.35,7))) -> 0 | AJ60: =(AS60) -> 0 | AK60: 354.41 | AL60: 85.05 | AM60: 0 | AN60: 0 | AO60: 269.36 | AP60: 0 | AQ60: 28 | AR60: 0 | AS60: 0 | AT60: 95 | AU60: 53 | AV60: 1 | AW60: 1 | AZ60: 1 | BA60: 1 | BB60: 1 | BC60: 1 | BH60: 0 | BI60: 2 | BJ60: ФЕРм-2001, м10-04-112-02, приказ Минстроя России № 876/пр от 26.12.2019 | BM60: 110004 | BN60: 0 | BP60: 0 | BQ60: 3 | BR60: 0 | BS60: 1 | BT60: 1 | BU60: 1 | BV60: 1 | BW60: 1 | BX60: 1 | BZ60: 95 | CA60: 53 | CE60: 0 | CF60: 0 | CG60: 0 | CM60: 0 | CN60: Поправка: Мет.421/пр 04.08.20 Пр.10 Т.3 п. 1.2 Наименование: Производство ремонтно-строительных работ осуществляется в помещениях эксплуатируемого объекта капитального строительства без остановки рабочего процесса, при этом: в зоне производства ремонтно-строительных работ имеются действующее технологическое или лабораторное оборудование, мебель и иные загромождающие помещения предметы | CO60: 0 | CP60: =(P60+Q60+S60) -> 448.69 | CQ60: =AC60*BC60 -> 85.05 | CR60: =AD60*BB60 -> 0 | CS60: =AE60 -> 0 | CT60: =AF60 -> 363.636 | CU60: =AG60 -> 0 | CV60: =AH60 -> 37.8 | CW60: =AI60 -> 0 | CX60: =AJ60 -> 0 | CY60: =(((S60+R60)*AT60)/100) -> 345.458 | CZ60: =(((S60+R60)*AU60)/100) -> 192.7292 | DE60: )*1,35 | DF60: )*1,35 | DG60: )*1,35 | DI60: )*1,35 | DJ60: )*1,35 | DN60: 0 | DO60: 0 | DP60: 1 | DQ60: 1 | DU60: 1013 | DV60: ШТ | DW60: ШТ | DX60: 1 | EE60: 37164037 | EF60: 3 | EG60: Монтажные работы | EH60: 0 | EJ60: 2 | EK60: 110004 | EL60: Оборудование связи: монтаж радиотелевизионного и электронного оборудования | EM60: мФЕР-10 | EO60: Поправка: Мет.421/пр 04.08.20 Пр.10 Т.3 п. 1.2 | EQ60: 512 | ER60: 354.41 | ES60: 85.05 | ET60: 0 | EU60: 0 | EV60: 269.36 | EW60: 28 | EX60: 0 | EY60: 0 | FQ60: 0 | FR60: =ROUND(IF(AND(BH60=3,BI60=3),P60,0),2) -> 0 | FS60: 0 | FX60: 95 | FY60: 53 | GD60: 1 | GF60: 2078725315 | GG60: 2 | GH60: 1 | GI60: -2 | GJ60: 0 | GK60: 0 | GL60: =ROUND(IF(AND(BH60=3,BI60=3,FS60<>0),P60,0),2) -> 0 | GM60: =ROUND(O60+X60+Y60,2)+GX60 -> 986.88 | GN60: =IF(OR(BI60=0,BI60=1),ROUND(O60+X60+Y60,2),0) -> 0 | GO60: =IF(BI60=2,ROUND(O60+X60+Y60,2),0) -> 986.88 | GP60: =IF(BI60=4,ROUND(O60+X60+Y60,2)+GX60,0) -> 0 | GR60: 0 | GS60: 3 | GT60: 0 | GV60: =ROUND((GT60),6) -> 0 | GW60: 1 | GX60: =ROUND(HC60*I60,2) -> 0 | HA60: 0 | HB60: 0 | HC60: =GV60*GW60 -> 0 | HN60: Пр/812-051.2-1 | HO60: Пр/774-051.2 | HP60: Оборудование связи: монтаж радиотелевизионного и электронного оборудования | HQ60: Оборудование связи: монтаж радиотелевизионного и электронного оборудования | IK60: 0
A61: 17 | B61: 1 | C61: =ROW(SmtRes!A82) -> 82 | D61: =ROW(EtalonRes!A82) -> 82 | E61: 15 | F61: м10-04-112-02 | G61: Шкаф или панель коммутации связи и сигнализации на стене или в нише, количество пар: 100 | H61: ШТ | I61: 1 | J61: 0 | K61: 1 | O61: =ROUND(CP61,2) -> 448.69 | P61: =ROUND(CQ61*I61,2) -> 85.05 | Q61: =ROUND(CR61*I61,2) -> 0 | R61: =ROUND(CS61*I61,2) -> 0 | S61: =ROUND(CT61*I61,2) -> 363.64 | T61: =ROUND(CU61*I61,2) -> 0 | U61: =CV61*I61 -> 37.8 | V61: =CW61*I61 -> 0 | W61: =ROUND(CX61*I61,2) -> 0 | X61: =ROUND(CY61,2) -> 345.46 | Y61: =ROUND(CZ61,2) -> 192.73 | AA61: 41727979 | AB61: =ROUND((AC61+AD61+AF61),6) -> 448.686 | AC61: =ROUND((ES61),6) -> 85.05 | AD61: =ROUND(((((ET61*ROUND(1.35,7)))-((EU61*ROUND(1.35,7))))+AE61),6) -> 0 | AE61: =ROUND(((EU61*ROUND(1.35,7))),6) -> 0 | AF61: =ROUND(((EV61*ROUND(1.35,7))),6) -> 363.636 | AG61: =ROUND((AP61),6) -> 0 | AH61: =((EW61*ROUND(1.35,7))) -> 37.8 | AI61: =((EX61*ROUND(1.35,7))) -> 0 | AJ61: =(AS61) -> 0 | AK61: 354.41 | AL61: 85.05 | AM61: 0 | AN61: 0 | AO61: 269.36 | AP61: 0 | AQ61: 28 | AR61: 0 | AS61: 0 | AT61: 95 | AU61: 53 | AV61: 1 | AW61: 1 | AZ61: 1 | BA61: 1 | BB61: 1 | BC61: 1 | BH61: 0 | BI61: 2 | BJ61: ФЕРм-2001, м10-04-112-02, приказ Минстроя России № 876/пр от 26.12.2019 | BM61: 110004 | BN61: 0 | BO61: Письмо Минстроя России от 15.12.2021 №55265-ИФ/09 | BP61: 1 | BQ61: 3 | BR61: 0 | BS61: 1 | BT61: 1 | BU61: 1 | BV61: 1 | BW61: 1 | BX61: 1 | BZ61: 95 | CA61: 53 | CE61: 0 | CF61: 0 | CG61: 0 | CM61: 0 | CN61: Поправка: Мет.421/пр 04.08.20 Пр.10 Т.3 п. 1.2 Наименование: Производство ремонтно-строительных работ осуществляется в помещениях эксплуатируемого объекта капитального строительства без остановки рабочего процесса, при этом: в зоне производства ремонтно-строительных работ имеются действующее технологическое или лабораторное оборудование, мебель и иные загромождающие помещения предметы | CO61: 0 | CP61: =(P61+Q61+S61) -> 448.69 | CQ61: =AC61*BC61 -> 85.05 | CR61: =AD61*BB61 -> 0 | CS61: =AE61 -> 0 | CT61: =AF61 -> 363.636 | CU61: =AG61 -> 0 | CV61: =AH61 -> 37.8 | CW61: =AI61 -> 0 | CX61: =AJ61 -> 0 | CY61: =(((S61+R61)*AT61)/100) -> 345.458 | CZ61: =(((S61+R61)*AU61)/100) -> 192.7292 | DE61: )*1,35 | DF61: )*1,35 | DG61: )*1,35 | DI61: )*1,35 | DJ61: )*1,35 | DN61: 0 | DO61: 0 | DP61: 1 | DQ61: 1 | DU61: 1013 | DV61: ШТ | DW61: ШТ | DX61: 1 | EE61: 37164037 | EF61: 3 | EG61: Монтажные работы | EH61: 0 | EJ61: 2 | EK61: 110004 | EL61: Оборудование связи: монтаж радиотелевизионного и электронного оборудования | EM61: мФЕР-10 | EO61: Поправка: Мет.421/пр 04.08.20 Пр.10 Т.3 п. 1.2 | EQ61: 512 | ER61: 354.41 | ES61: 85.05 | ET61: 0 | EU61: 0 | EV61: 269.36 | EW61: 28 | EX61: 0 | EY61: 0 | FQ61: 0 | FR61: =ROUND(IF(AND(BH61=3,BI61=3),P61,0),2) -> 0 | FS61: 0 | FX61: 95 | FY61: 53 | GD61: 1 | GF61: 2078725315 | GG61: 1 | GH61: 1 | GI61: 4 | GJ61: 0 | GK61: 0 | GL61: =ROUND(IF(AND(BH61=3,BI61=3,FS61<>0),P61,0),2) -> 0 | GM61: =ROUND(O61+X61+Y61,2)+GX61 -> 986.88 | GN61: =IF(OR(BI61=0,BI61=1),ROUND(O61+X61+Y61,2),0) -> 0 | GO61: =IF(BI61=2,ROUND(O61+X61+Y61,2),0) -> 986.88 | GP61: =IF(BI61=4,ROUND(O61+X61+Y61,2)+GX61,0) -> 0 | GR61: 0 | GS61: 3 | GT61: 0 | GV61: =ROUND((GT61),6) -> 0 | GW61: 1 | GX61: =ROUND(HC61*I61,2) -> 0 | HA61: 0 | HB61: 0 | HC61: =GV61*GW61 -> 0 | HN61: Пр/812-051.2-1 | HO61: Пр/774-051.2 | HP61: Оборудование связи: монтаж радиотелевизионного и электронного оборудования | HQ61: Оборудование связи: монтаж радиотелевизионного и электронного оборудования | IK61: 0
A62: 18 | B62: 1 | C62: 72 | E62: 15,1 | F62: 999-0005 | G62: Масса оборудования | H62: т | I62: =I60*J62 -> 0.004 | J62: 0.004 | K62: 0.004 | O62: =ROUND(CP62,2) -> 0 | P62: =ROUND(CQ62*I62,2) -> 0 | Q62: =ROUND(CR62*I62,2) -> 0 | R62: =ROUND(CS62*I62,2) -> 0 | S62: =ROUND(CT62*I62,2) -> 0 | T62: =ROUND(CU62*I62,2) -> 0 | U62: =CV62*I62 -> 0 | V62: =CW62*I62 -> 0 | W62: =ROUND(CX62*I62,2) -> 0 | X62: =ROUND(CY62,2) -> 0 | Y62: =ROUND(CZ62,2) -> 0 | AA62: 41727981 | AB62: =ROUND((AC62+AD62+AF62),6) -> 0 | AC62: =ROUND((ES62),6) -> 0 | AD62: =ROUND((((ET62)-(EU62))+AE62),6) -> 0 | AE62: =ROUND((EU62),6) -> 0 | AF62: =ROUND((EV62),6) -> 0 | AG62: =ROUND((AP62),6) -> 0 | AH62: =(EW62) -> 0 | AI62: =(EX62) -> 0 | AJ62: =(AS62) -> 0 | AK62: 0 | AL62: 0 | AM62: 0 | AN62: 0 | AO62: 0 | AP62: 0 | AQ62: 0 | AR62: 0 | AS62: 0 | AT62: 95 | AU62: 53 | AV62: 1 | AW62: 1 | AZ62: 1 | BA62: 1 | BB62: 1 | BC62: 1 | BH62: 3 | BI62: 2 | BM62: 110004 | BN62: 0 | BP62: 0 | BQ62: 3 | BR62: 0 | BS62: 1 | BT62: 1 | BU62: 1 | BV62: 1 | BW62: 1 | BX62: 1 | BZ62: 95 | CA62: 53 | CE62: 0 | CF62: 0 | CG62: 0 | CM62: 0 | CO62: 0 | CP62: =(P62+Q62+S62) -> 0 | CQ62: =AC62*BC62 -> 0 | CR62: =AD62*BB62 -> 0 | CS62: =AE62 -> 0 | CT62: =AF62 -> 0 | CU62: =AG62 -> 0 | CV62: =AH62 -> 0 | CW62: =AI62 -> 0 | CX62: =AJ62 -> 0 | CY62: =(((S62+R62)*AT62)/100) -> 0 | CZ62: =(((S62+R62)*AU62)/100) -> 0 | DN62: 0 | DO62: 0 | DP62: 1 | DQ62: 1 | DU62: 1009 | DV62: т | DW62: т | DX62: 1000 | EE62: 37164037 | EF62: 3 | EG62: Монтажные работы | EH62: 0 | EJ62: 2 | EK62: 110004 | EL62: Оборудование связи: монтаж радиотелевизионного и электронного оборудования | EM62: мФЕР-10 | EQ62: 0 | ER62: 0 | ES62: 0 | ET62: 0 | EU62: 0 | EV62: 0 | EW62: 0 | EX62: 0 | FQ62: 0 | FR62: =ROUND(IF(AND(BH62=3,BI62=3),P62,0),2) -> 0 | FS62: 0 | FX62: 95 | FY62: 53 | GD62: 1 | GF62: 1392189009 | GG62: 2 | GH62: 1 | GI62: -2 | GJ62: 0 | GK62: 0 | GL62: =ROUND(IF(AND(BH62=3,BI62=3,FS62<>0),P62,0),2) -> 0 | GM62: =ROUND(O62+X62+Y62,2)+GX62 -> 0 | GN62: =IF(OR(BI62=0,BI62=1),ROUND(O62+X62+Y62,2),0) -> 0 | GO62: =IF(BI62=2,ROUND(O62+X62+Y62,2),0) -> 0 | GP62: =IF(BI62=4,ROUND(O62+X62+Y62,2)+GX62,0) -> 0 | GR62: 0 | GS62: 3 | GT62: 0 | GV62: =ROUND((GT62),6) -> 0 | GW62: 1 | GX62: =ROUND(HC62*I62,2) -> 0 | HA62: 0 | HB62: 0 | HC62: =GV62*GW62 -> 0 | HN62: Пр/812-051.2-1 | HO62: Пр/774-051.2 | HP62: Оборудование связи: монтаж радиотелевизионного и электронного оборудования | HQ62: Оборудование связи: монтаж радиотелевизионного и электронного оборудования | IK62: 0
A63: 18 | B63: 1 | C63: 81 | E63: 15,1 | F63: 999-0005 | G63: Масса оборудования | H63: т | I63: =I61*J63 -> 0.004 | J63: 0.004 | K63: 0.004 | O63: =ROUND(CP63,2) -> 0 | P63: =ROUND(CQ63*I63,2) -> 0 | Q63: =ROUND(CR63*I63,2) -> 0 | R63: =ROUND(CS63*I63,2) -> 0 | S63: =ROUND(CT63*I63,2) -> 0 | T63: =ROUND(CU63*I63,2) -> 0 | U63: =CV63*I63 -> 0 | V63: =CW63*I63 -> 0 | W63: =ROUND(CX63*I63,2) -> 0 | X63: =ROUND(CY63,2) -> 0 | Y63: =ROUND(CZ63,2) -> 0 | AA63: 41727979 | AB63: =ROUND((AC63+AD63+AF63),6) -> 0 | AC63: =ROUND((ES63),6) -> 0 | AD63: =ROUND((((ET63)-(EU63))+AE63),6) -> 0 | AE63: =ROUND((EU63),6) -> 0 | AF63: =ROUND((EV63),6) -> 0 | AG63: =ROUND((AP63),6) -> 0 | AH63: =(EW63) -> 0 | AI63: =(EX63) -> 0 | AJ63: =(AS63) -> 0 | AK63: 0 | AL63: 0 | AM63: 0 | AN63: 0 | AO63: 0 | AP63: 0 | AQ63: 0 | AR63: 0 | AS63: 0 | AT63: 95 | AU63: 53 | AV63: 1 | AW63: 1 | AZ63: 1 | BA63: 1 | BB63: 1 | BC63: 1 | BH63: 3 | BI63: 2 | BM63: 110004 | BN63: 0 | BO63: Письмо Минстроя России от 15.12.2021 №55265-ИФ/09 | BP63: 1 | BQ63: 3 | BR63: 0 | BS63: 1 | BT63: 1 | BU63: 1 | BV63: 1 | BW63: 1 | BX63: 1 | BZ63: 95 | CA63: 53 | CE63: 0 | CF63: 0 | CG63: 0 | CM63: 0 | CO63: 0 | CP63: =(P63+Q63+S63) -> 0 | CQ63: =AC63*BC63 -> 0 | CR63: =AD63*BB63 -> 0 | CS63: =AE63 -> 0 | CT63: =AF63 -> 0 | CU63: =AG63 -> 0 | CV63: =AH63 -> 0 | CW63: =AI63 -> 0 | CX63: =AJ63 -> 0 | CY63: =(((S63+R63)*AT63)/100) -> 0 | CZ63: =(((S63+R63)*AU63)/100) -> 0 | DN63: 0 | DO63: 0 | DP63: 1 | DQ63: 1 | DU63: 1009 | DV63: т | DW63: т | DX63: 1000 | EE63: 37164037 | EF63: 3 | EG63: Монтажные работы | EH63: 0 | EJ63: 2 | EK63: 110004 | EL63: Оборудование связи: монтаж радиотелевизионного и электронного оборудования | EM63: мФЕР-10 | EQ63: 0 | ER63: 0 | ES63: 0 | ET63: 0 | EU63: 0 | EV63: 0 | EW63: 0 | EX63: 0 | FQ63: 0 | FR63: =ROUND(IF(AND(BH63=3,BI63=3),P63,0),2) -> 0 | FS63: 0 | FX63: 95 | FY63: 53 | GD63: 1 | GF63: 1392189009 | GG63: 1 | GH63: 1 | GI63: 4 | GJ63: 0 | GK63: 0 | GL63: =ROUND(IF(AND(BH63=3,BI63=3,FS63<>0),P63,0),2) -> 0 | GM63: =ROUND(O63+X63+Y63,2)+GX63 -> 0 | GN63: =IF(OR(BI63=0,BI63=1),ROUND(O63+X63+Y63,2),0) -> 0 | GO63: =IF(BI63=2,ROUND(O63+X63+Y63,2),0) -> 0 | GP63: =IF(BI63=4,ROUND(O63+X63+Y63,2)+GX63,0) -> 0 | GR63: 0 | GS63: 3 | GT63: 0 | GV63: =ROUND((GT63),6) -> 0 | GW63: 1 | GX63: =ROUND(HC63*I63,2) -> 0 | HA63: 0 | HB63: 0 | HC63: =GV63*GW63 -> 0 | HN63: Пр/812-051.2-1 | HO63: Пр/774-051.2 | HP63: Оборудование связи: монтаж радиотелевизионного и электронного оборудования | HQ63: Оборудование связи: монтаж радиотелевизионного и электронного оборудования | IK63: 0
A64: 17 | B64: 1 | E64: 16 | F64: Цена поставщика | G64: Шкаф пожарной сигнализации ШПС-12 | H64: ШТ | I64: 1 | J64: 0 | K64: 1 | O64: =ROUND(CP64,2) -> 14981 | P64: =ROUND(ROUND(CQ64*I64,0)/BC64,2) -> 14981 | Q64: =ROUND(CR64*I64,2) -> 0 | R64: =ROUND(CS64*I64,2) -> 0 | S64: =ROUND(CT64*I64,2) -> 0 | T64: =ROUND(CU64*I64,2) -> 0 | U64: =CV64*I64 -> 0 | V64: =CW64*I64 -> 0 | W64: =ROUND(CX64*I64,2) -> 0 | X64: =ROUND(CY64,2) -> 0 | Y64: =ROUND(CZ64,2) -> 0 | AA64: 41727981 | AB64: =ROUND((AC64+AD64+AF64),6) -> 14981.45 | AC64: =ROUND((ES64),6) -> 14981.45 | AD64: =ROUND((((ET64)-(EU64))+AE64),6) -> 0 | AE64: =ROUND((EU64),6) -> 0 | AF64: =ROUND((EV64),6) -> 0 | AG64: =ROUND((AP64),6) -> 0 | AH64: =(EW64) -> 0 | AI64: =(EX64) -> 0 | AJ64: =(AS64) -> 0 | AK64: 14981.45 | AL64: 14981.45 | AM64: 0 | AN64: 0 | AO64: 0 | AP64: 0 | AQ64: 0 | AR64: 0 | AS64: 0 | AT64: 0 | AU64: 0 | AV64: 1 | AW64: 1 | AZ64: 1 | BA64: 1 | BB64: 1 | BC64: 1 | BH64: 3 | BI64: 2 | BM64: 1100 | BN64: 0 | BP64: 0 | BQ64: 8 | BR64: 0 | BS64: 1 | BT64: 1 | BU64: 1 | BV64: 1 | BW64: 1 | BX64: 1 | BZ64: 0 | CA64: 0 | CE64: 0 | CF64: 0 | CG64: 0 | CM64: 0 | CO64: 0 | CP64: =(P64+Q64+S64) -> 14981 | CQ64: =AC64 -> 14981.45 | CR64: =AD64*BB64 -> 0 | CS64: =AE64 -> 0 | CT64: =AF64 -> 0 | CU64: =AG64 -> 0 | CV64: =AH64 -> 0 | CW64: =AI64 -> 0 | CX64: =AJ64 -> 0 | CY64: =(((S64+R64)*AT64)/100) -> 0 | CZ64: =(((S64+R64)*AU64)/100) -> 0 | DN64: 0 | DO64: 0 | DP64: 1 | DQ64: 1 | DU64: 1013 | DV64: ШТ | DW64: ШТ | DX64: 1 | EE64: 37164457 | EF64: 8 | EG64: Материалы строительные | EH64: 0 | EJ64: 1 | EK64: 1100 | EL64: Материалы, изделия и конструкции | EM64: материалы (03) | EQ64: 0 | ER64: 0 | ES64: 14981.45 | ET64: 0 | EU64: 0 | EV64: 0 | EW64: 0 | EX64: 0 | EY64: 0 | EZ64: 5 | FC64: 1 | FD64: 18 | FF64: 17977.74 | FQ64: 0 | FR64: =ROUND(IF(AND(BH64=3,BI64=3),P64,0),2) -> 0 | FS64: 0 | FX64: 0 | FY64: 0 | GA64: [17 977,74 / 1,2] | GD64: 1 | GF64: 1699797988 | GG64: 2 | GH64: 3 | GI64: -2 | GJ64: 0 | GK64: 0 | GL64: =ROUND(IF(AND(BH64=3,BI64=3,FS64<>0),P64,0),2) -> 0 | GM64: =ROUND(O64+X64+Y64,2)+GX64 -> 14981 | GN64: =IF(OR(BI64=0,BI64=1),ROUND(O64+X64+Y64,2),0) -> 0 | GO64: =IF(BI64=2,ROUND(O64+X64+Y64,2),0) -> 14981 | GP64: =IF(BI64=4,ROUND(O64+X64+Y64,2)+GX64,0) -> 0 | GR64: 1 | GS64: 1 | GT64: 0 | GV64: =ROUND((GT64),6) -> 0 | GW64: 1 | GX64: =ROUND(HC64*I64,2) -> 0 | HA64: 0 | HB64: 0 | HC64: =GV64*GW64 -> 0 | HE64: 0 | HF64: 0 | HG64: =ROUND(AC64*I64,0) -> 14981 | IK64: 0
A65: 17 | B65: 1 | E65: 16 | F65: Цена поставщика | G65: Шкаф пожарной сигнализации ШПС-12 | H65: ШТ | I65: 1 | J65: 0 | K65: 1 | O65: =ROUND(CP65,2) -> 1462.83 | P65: =ROUND(ROUND(CQ65*I65,0)/BC65,2) -> 1462.83 | Q65: =ROUND(CR65*I65,2) -> 0 | R65: =ROUND(CS65*I65,2) -> 0 | S65: =ROUND(CT65*I65,2) -> 0 | T65: =ROUND(CU65*I65,2) -> 0 | U65: =CV65*I65 -> 0 | V65: =CW65*I65 -> 0 | W65: =ROUND(CX65*I65,2) -> 0 | X65: =ROUND(CY65,2) -> 0 | Y65: =ROUND(CZ65,2) -> 0 | AA65: 41727979 | AB65: =ROUND((AC65+AD65+AF65),6) -> 15739.51 | AC65: =ROUND((ES65),6) -> 15739.51 | AD65: =ROUND((((ET65)-(EU65))+AE65),6) -> 0 | AE65: =ROUND((EU65),6) -> 0 | AF65: =ROUND((EV65),6) -> 0 | AG65: =ROUND((AP65),6) -> 0 | AH65: =(EW65) -> 0 | AI65: =(EX65) -> 0 | AJ65: =(AS65) -> 0 | AK65: 15739.51 | AL65: 15739.51 | AM65: 0 | AN65: 0 | AO65: 0 | AP65: 0 | AQ65: 0 | AR65: 0 | AS65: 0 | AT65: 0 | AU65: 0 | AV65: 1 | AW65: 1 | AZ65: 10.76 | BA65: 1 | BB65: 1 | BC65: 10.76 | BH65: 3 | BI65: 2 | BM65: 1100 | BN65: 0 | BO65: Письмо Минстроя России от 15.12.2021 №55265-ИФ/09 | BP65: 1 | BQ65: 8 | BR65: 0 | BS65: 1 | BT65: 1 | BU65: 1 | BV65: 1 | BW65: 1 | BX65: 1 | BZ65: 0 | CA65: 0 | CE65: 0 | CF65: 0 | CG65: 0 | CM65: 0 | CO65: 0 | CP65: =(P65+Q65+S65) -> 1462.83 | CQ65: =AC65 -> 15739.51 | CR65: =AD65*BB65 -> 0 | CS65: =AE65 -> 0 | CT65: =AF65 -> 0 | CU65: =AG65 -> 0 | CV65: =AH65 -> 0 | CW65: =AI65 -> 0 | CX65: =AJ65 -> 0 | CY65: =(((S65+R65)*AT65)/100) -> 0 | CZ65: =(((S65+R65)*AU65)/100) -> 0 | DN65: 0 | DO65: 0 | DP65: 1 | DQ65: 1 | DU65: 1013 | DV65: ШТ | DW65: ШТ | DX65: 1 | EE65: 37164457 | EF65: 8 | EG65: Материалы строительные | EH65: 0 | EJ65: 1 | EK65: 1100 | EL65: Материалы, изделия и конструкции | EM65: материалы (03) | EQ65: 0 | ER65: 15739.51 | ES65: 15739.51 | ET65: 0 | EU65: 0 | EV65: 0 | EW65: 0 | EX65: 0 | EY65: 0 | EZ65: 5 | FC65: 1 | FD65: 18 | FF65: 17977.74 | FQ65: 0 | FR65: =ROUND(IF(AND(BH65=3,BI65=3),P65,0),2) -> 0 | FS65: 0 | FX65: 0 | FY65: 0 | GA65: [17 977,74 / 1,2] + 3% Трансп + 2% Заг.скл | GD65: 1 | GF65: 1699797988 | GG65: 1 | GH65: 3 | GI65: 4 | GJ65: 0 | GK65: 0 | GL65: =ROUND(IF(AND(BH65=3,BI65=3,FS65<>0),P65,0),2) -> 0 | GM65: =ROUND(O65+X65+Y65,2)+GX65 -> 1462.83 | GN65: =IF(OR(BI65=0,BI65=1),ROUND(O65+X65+Y65,2),0) -> 0 | GO65: =IF(BI65=2,ROUND(O65+X65+Y65,2),0) -> 1462.83 | GP65: =IF(BI65=4,ROUND(O65+X65+Y65,2)+GX65,0) -> 0 | GR65: 1 | GS65: 1 | GT65: 0 | GV65: =ROUND((GT65),6) -> 0 | GW65: 1 | GX65: =ROUND(HC65*I65,2) -> 0 | HA65: 0 | HB65: 0 | HC65: =GV65*GW65 -> 0 | HE65: 3 | HF65: 2 | HG65: =ROUND(AC65*I65,0) -> 15740 | IK65: 0
A66: 17 | B66: 1 | C66: =ROW(SmtRes!A88) -> 88 | D66: =ROW(EtalonRes!A88) -> 88 | E66: 17 | F66: м08-01-121-01 | G66: Аккумулятор кислотный стационарный, тип: С-1, СК-1 | H66: ШТ | I66: 2 | J66: 0 | K66: 2 | O66: =ROUND(CP66,2) -> 94.81 | P66: =ROUND(CQ66*I66,2) -> 41.3 | Q66: =ROUND(CR66*I66,2) -> 0 | R66: =ROUND(CS66*I66,2) -> 0 | S66: =ROUND(CT66*I66,2) -> 53.51 | T66: =ROUND(CU66*I66,2) -> 0 | U66: =CV66*I66 -> 5.562 | V66: =CW66*I66 -> 0 | W66: =ROUND(CX66*I66,2) -> 0 | X66: =ROUND(CY66,2) -> 51.9 | Y66: =ROUND(CZ66,2) -> 27.29 | AA66: 41727981 | AB66: =ROUND((AC66+AD66+AF66),6) -> 47.407 | AC66: =ROUND((ES66),6) -> 20.65 | AD66: =ROUND(((((ET66*ROUND(1.35,7)))-((EU66*ROUND(1.35,7))))+AE66),6) -> 0 | AE66: =ROUND(((EU66*ROUND(1.35,7))),6) -> 0 | AF66: =ROUND(((EV66*ROUND(1.35,7))),6) -> 26.757 | AG66: =ROUND((AP66),6) -> 0 | AH66: =((EW66*ROUND(1.35,7))) -> 2.781 | AI66: =((EX66*ROUND(1.35,7))) -> 0 | AJ66: =(AS66) -> 0 | AK66: 40.47 | AL66: 20.65 | AM66: 0 | AN66: 0 | AO66: 19.82 | AP66: 0 | AQ66: 2.06 | AR66: 0 | AS66: 0 | AT66: 97 | AU66: 51 | AV66: 1 | AW66: 1 | AZ66: 1 | BA66: 1 | BB66: 1 | BC66: 1 | BH66: 0 | BI66: 2 | BJ66: ФЕРм-2001, м08-01-121-01, приказ Минстроя России № 876/пр от 26.12.2019 | BM66: 108001 | BN66: 0 | BP66: 0 | BQ66: 3 | BR66: 0 | BS66: 1 | BT66: 1 | BU66: 1 | BV66: 1 | BW66: 1 | BX66: 1 | BZ66: 97 | CA66: 51 | CE66: 0 | CF66: 0 | CG66: 0 | CM66: 0 | CN66: Поправка: Мет.421/пр 04.08.20 Пр.10 Т.3 п. 1.2 Наименование: Производство ремонтно-строительных работ осуществляется в помещениях эксплуатируемого объекта капитального строительства без остановки рабочего процесса, при этом: в зоне производства ремонтно-строительных работ имеются действующее технологическое или лабораторное оборудование, мебель и иные загромождающие помещения предметы | CO66: 0 | CP66: =(P66+Q66+S66) -> 94.81 | CQ66: =AC66*BC66 -> 20.65 | CR66: =AD66*BB66 -> 0 | CS66: =AE66 -> 0 | CT66: =AF66 -> 26.757 | CU66: =AG66 -> 0 | CV66: =AH66 -> 2.781 | CW66: =AI66 -> 0 | CX66: =AJ66 -> 0 | CY66: =(((S66+R66)*AT66)/100) -> 51.9047 | CZ66: =(((S66+R66)*AU66)/100) -> 27.2901 | DE66: )*1,35 | DF66: )*1,35 | DG66: )*1,35 | DI66: )*1,35 | DJ66: )*1,35 | DN66: 0 | DO66: 0 | DP66: 1 | DQ66: 1 | DU66: 1013 | DV66: ШТ | DW66: ШТ | DX66: 1 | EE66: 37164029 | EF66: 3 | EG66: Монтажные работы | EH66: 0 | EJ66: 2 | EK66: 108001 | EL66: Электротехнические установки: на других объектах | EM66: мФЕР-08 | EO66: Поправка: Мет.421/пр 04.08.20 Пр.10 Т.3 п. 1.2 | EQ66: 512 | ER66: 40.47 | ES66: 20.65 | ET66: 0 | EU66: 0 | EV66: 19.82 | EW66: 2.06 | EX66: 0 | EY66: 0 | FQ66: 0 | FR66: =ROUND(IF(AND(BH66=3,BI66=3),P66,0),2) -> 0 | FS66: 0 | FX66: 97 | FY66: 51 | GD66: 1 | GF66: -18258135 | GG66: 2 | GH66: 1 | GI66: -2 | GJ66: 0 | GK66: 0 | GL66: =ROUND(IF(AND(BH66=3,BI66=3,FS66<>0),P66,0),2) -> 0 | GM66: =ROUND(O66+X66+Y66,2)+GX66 -> 174 | GN66: =IF(OR(BI66=0,BI66=1),ROUND(O66+X66+Y66,2),0) -> 0 | GO66: =IF(BI66=2,ROUND(O66+X66+Y66,2),0) -> 174 | GP66: =IF(BI66=4,ROUND(O66+X66+Y66,2)+GX66,0) -> 0 | GR66: 0 | GS66: 3 | GT66: 0 | GV66: =ROUND((GT66),6) -> 0 | GW66: 1 | GX66: =ROUND(HC66*I66,2) -> 0 | HA66: 0 | HB66: 0 | HC66: =GV66*GW66 -> 0 | HN66: Пр/812-049.3-1 | HO66: Пр/774-049.3 | HP66: Электротехнические установки: на других объектах | HQ66: Электротехнические установки: на других объектах | IK66: 0
A67: 17 | B67: 1 | C67: =ROW(SmtRes!A94) -> 94 | D67: =ROW(EtalonRes!A94) -> 94 | E67: 17 | F67: м08-01-121-01 | G67: Аккумулятор кислотный стационарный, тип: С-1, СК-1 | H67: ШТ | I67: 2 | J67: 0 | K67: 2 | O67: =ROUND(CP67,2) -> 94.81 | P67: =ROUND(CQ67*I67,2) -> 41.3 | Q67: =ROUND(CR67*I67,2) -> 0 | R67: =ROUND(CS67*I67,2) -> 0 | S67: =ROUND(CT67*I67,2) -> 53.51 | T67: =ROUND(CU67*I67,2) -> 0 | U67: =CV67*I67 -> 5.562 | V67: =CW67*I67 -> 0 | W67: =ROUND(CX67*I67,2) -> 0 | X67: =ROUND(CY67,2) -> 51.9 | Y67: =ROUND(CZ67,2) -> 27.29 | AA67: 41727979 | AB67: =ROUND((AC67+AD67+AF67),6) -> 47.407 | AC67: =ROUND((ES67),6) -> 20.65 | AD67: =ROUND(((((ET67*ROUND(1.35,7)))-((EU67*ROUND(1.35,7))))+AE67),6) -> 0 | AE67: =ROUND(((EU67*ROUND(1.35,7))),6) -> 0 | AF67: =ROUND(((EV67*ROUND(1.35,7))),6) -> 26.757 | AG67: =ROUND((AP67),6) -> 0 | AH67: =((EW67*ROUND(1.35,7))) -> 2.781 | AI67: =((EX67*ROUND(1.35,7))) -> 0 | AJ67: =(AS67) -> 0 | AK67: 40.47 | AL67: 20.65 | AM67: 0 | AN67: 0 | AO67: 19.82 | AP67: 0 | AQ67: 2.06 | AR67: 0 | AS67: 0 | AT67: 97 | AU67: 51 | AV67: 1 | AW67: 1 | AZ67: 1 | BA67: 1 | BB67: 1 | BC67: 1 | BH67: 0 | BI67: 2 | BJ67: ФЕРм-2001, м08-01-121-01, приказ Минстроя России № 876/пр от 26.12.2019 | BM67: 108001 | BN67: 0 | BO67: Письмо Минстроя России от 15.12.2021 №55265-ИФ/09 | BP67: 1 | BQ67: 3 | BR67: 0 | BS67: 1 | BT67: 1 | BU67: 1 | BV67: 1 | BW67: 1 | BX67: 1 | BZ67: 97 | CA67: 51 | CE67: 0 | CF67: 0 | CG67: 0 | CM67: 0 | CN67: Поправка: Мет.421/пр 04.08.20 Пр.10 Т.3 п. 1.2 Наименование: Производство ремонтно-строительных работ осуществляется в помещениях эксплуатируемого объекта капитального строительства без остановки рабочего процесса, при этом: в зоне производства ремонтно-строительных работ имеются действующее технологическое или лабораторное оборудование, мебель и иные загромождающие помещения предметы | CO67: 0 | CP67: =(P67+Q67+S67) -> 94.81 | CQ67: =AC67*BC67 -> 20.65 | CR67: =AD67*BB67 -> 0 | CS67: =AE67 -> 0 | CT67: =AF67 -> 26.757 | CU67: =AG67 -> 0 | CV67: =AH67 -> 2.781 | CW67: =AI67 -> 0 | CX67: =AJ67 -> 0 | CY67: =(((S67+R67)*AT67)/100) -> 51.9047 | CZ67: =(((S67+R67)*AU67)/100) -> 27.2901 | DE67: )*1,35 | DF67: )*1,35 | DG67: )*1,35 | DI67: )*1,35 | DJ67: )*1,35 | DN67: 0 | DO67: 0 | DP67: 1 | DQ67: 1 | DU67: 1013 | DV67: ШТ | DW67: ШТ | DX67: 1 | EE67: 37164029 | EF67: 3 | EG67: Монтажные работы | EH67: 0 | EJ67: 2 | EK67: 108001 | EL67: Электротехнические установки: на других объектах | EM67: мФЕР-08 | EO67: Поправка: Мет.421/пр 04.08.20 Пр.10 Т.3 п. 1.2 | EQ67: 512 | ER67: 40.47 | ES67: 20.65 | ET67: 0 | EU67: 0 | EV67: 19.82 | EW67: 2.06 | EX67: 0 | EY67: 0 | FQ67: 0 | FR67: =ROUND(IF(AND(BH67=3,BI67=3),P67,0),2) -> 0 | FS67: 0 | FX67: 97 | FY67: 51 | GD67: 1 | GF67: -18258135 | GG67: 1 | GH67: 1 | GI67: 4 | GJ67: 0 | GK67: 0 | GL67: =ROUND(IF(AND(BH67=3,BI67=3,FS67<>0),P67,0),2) -> 0 | GM67: =ROUND(O67+X67+Y67,2)+GX67 -> 174 | GN67: =IF(OR(BI67=0,BI67=1),ROUND(O67+X67+Y67,2),0) -> 0 | GO67: =IF(BI67=2,ROUND(O67+X67+Y67,2),0) -> 174 | GP67: =IF(BI67=4,ROUND(O67+X67+Y67,2)+GX67,0) -> 0 | GR67: 0 | GS67: 3 | GT67: 0 | GV67: =ROUND((GT67),6) -> 0 | GW67: 1 | GX67: =ROUND(HC67*I67,2) -> 0 | HA67: 0 | HB67: 0 | HC67: =GV67*GW67 -> 0 | HN67: Пр/812-049.3-1 | HO67: Пр/774-049.3 | HP67: Электротехнические установки: на других объектах | HQ67: Электротехнические установки: на других объектах | IK67: 0
A68: 17 | B68: 1 | E68: 18 | F68: 62.4.01.01-0006 | G68: Батарея аккумуляторная, тип АКБ-17, 12В/ емкость 17 А/ч | H68: ШТ | I68: 2 | J68: 0 | K68: 2 | O68: =ROUND(CP68,2) -> 461.02 | P68: =ROUND(CQ68*I68,2) -> 461.02 | Q68: =ROUND(CR68*I68,2) -> 0 | R68: =ROUND(CS68*I68,2) -> 0 | S68: =ROUND(CT68*I68,2) -> 0 | T68: =ROUND(CU68*I68,2) -> 0 | U68: =CV68*I68 -> 0 | V68: =CW68*I68 -> 0 | W68: =ROUND(CX68*I68,2) -> 0 | X68: =ROUND(CY68,2) -> 0 | Y68: =ROUND(CZ68,2) -> 0 | AA68: 41727981 | AB68: =ROUND((AC68+AD68+AF68),6) -> 230.51 | AC68: =ROUND((ES68),6) -> 230.51 | AD68: =ROUND((((ET68)-(EU68))+AE68),6) -> 0 | AE68: =ROUND((EU68),6) -> 0 | AF68: =ROUND((EV68),6) -> 0 | AG68: =ROUND((AP68),6) -> 0 | AH68: =(EW68) -> 0 | AI68: =(EX68) -> 0 | AJ68: =(AS68) -> 0 | AK68: 230.51 | AL68: 230.51 | AM68: 0 | AN68: 0 | AO68: 0 | AP68: 0 | AQ68: 0 | AR68: 0 | AS68: 0 | AT68: 0 | AU68: 0 | AV68: 1 | AW68: 1 | AZ68: 1 | BA68: 1 | BB68: 1 | BC68: 1 | BH68: 3 | BI68: 3 | BJ68: ФССЦ-2001, 62.4.01.01-0006, приказ Минстроя России № 876/пр от 26.12.2019 | BM68: 600001 | BN68: 0 | BP68: 0 | BQ68: 5 | BR68: 0 | BS68: 1 | BT68: 1 | BU68: 1 | BV68: 1 | BW68: 1 | BX68: 1 | BZ68: 0 | CA68: 0 | CE68: 0 | CF68: 0 | CG68: 0 | CM68: 0 | CO68: 0 | CP68: =(P68+Q68+S68) -> 461.02 | CQ68: =AC68*BC68 -> 230.51 | CR68: =AD68*BB68 -> 0 | CS68: =AE68 -> 0 | CT68: =AF68 -> 0 | CU68: =AG68 -> 0 | CV68: =AH68 -> 0 | CW68: =AI68 -> 0 | CX68: =AJ68 -> 0 | CY68: =(((S68+R68)*AT68)/100) -> 0 | CZ68: =(((S68+R68)*AU68)/100) -> 0 | DN68: 0 | DO68: 0 | DP68: 1 | DQ68: 1 | DU68: 1013 | DV68: ШТ | DW68: ШТ | DX68: 1 | EE68: 37164125 | EF68: 5 | EG68: оборудование | EH68: 0 | EJ68: 3 | EK68: 600001 | EL68: Оборудование по ценникам | EM68: ОБОРУД. | EQ68: 0 | ER68: 230.51 | ES68: 230.51 | ET68: 0 | EU68: 0 | EV68: 0 | EW68: 0 | EX68: 0 | EY68: 0 | FQ68: 0 | FR68: =ROUND(IF(AND(BH68=3,BI68=3),P68,0),2) -> 461.02 | FS68: 0 | FX68: 0 | FY68: 0 | GD68: 1 | GF68: -683784142 | GG68: 2 | GH68: 1 | GI68: -2 | GJ68: 0 | GK68: 0 | GL68: =ROUND(IF(AND(BH68=3,BI68=3,FS68<>0),P68,0),2) -> 0 | GM68: =ROUND(O68+X68+Y68,2)+GX68 -> 461.02 | GN68: =IF(OR(BI68=0,BI68=1),ROUND(O68+X68+Y68,2),0) -> 0 | GO68: =IF(BI68=2,ROUND(O68+X68+Y68,2),0) -> 0 | GP68: =IF(BI68=4,ROUND(O68+X68+Y68,2)+GX68,0) -> 0 | GR68: 0 | GS68: 3 | GT68: 0 | GV68: =ROUND((GT68),6) -> 0 | GW68: 1 | GX68: =ROUND(HC68*I68,2) -> 0 | HA68: 0 | HB68: 0 | HC68: =GV68*GW68 -> 0 | IK68: 0
A69: 17 | B69: 1 | E69: 18 | F69: 62.4.01.01-0006 | G69: Батарея аккумуляторная, тип АКБ-17, 12В/ емкость 17 А/ч | H69: ШТ | I69: 2 | J69: 0 | K69: 2 | O69: =ROUND(CP69,2) -> 461.02 | P69: =ROUND(CQ69*I69,2) -> 461.02 | Q69: =ROUND(CR69*I69,2) -> 0 | R69: =ROUND(CS69*I69,2) -> 0 | S69: =ROUND(CT69*I69,2) -> 0 | T69: =ROUND(CU69*I69,2) -> 0 | U69: =CV69*I69 -> 0 | V69: =CW69*I69 -> 0 | W69: =ROUND(CX69*I69,2) -> 0 | X69: =ROUND(CY69,2) -> 0 | Y69: =ROUND(CZ69,2) -> 0 | AA69: 41727979 | AB69: =ROUND((AC69+AD69+AF69),6) -> 230.51 | AC69: =ROUND((ES69),6) -> 230.51 | AD69: =ROUND((((ET69)-(EU69))+AE69),6) -> 0 | AE69: =ROUND((EU69),6) -> 0 | AF69: =ROUND((EV69),6) -> 0 | AG69: =ROUND((AP69),6) -> 0 | AH69: =(EW69) -> 0 | AI69: =(EX69) -> 0 | AJ69: =(AS69) -> 0 | AK69: 230.51 | AL69: 230.51 | AM69: 0 | AN69: 0 | AO69: 0 | AP69: 0 | AQ69: 0 | AR69: 0 | AS69: 0 | AT69: 0 | AU69: 0 | AV69: 1 | AW69: 1 | AZ69: 1 | BA69: 1 | BB69: 1 | BC69: 1 | BH69: 3 | BI69: 3 | BJ69: ФССЦ-2001, 62.4.01.01-0006, приказ Минстроя России № 876/пр от 26.12.2019 | BM69: 600001 | BN69: 0 | BO69: Письмо Минстроя России от 22.11.2021 №50719-ИФ/09 | BP69: 1 | BQ69: 5 | BR69: 0 | BS69: 1 | BT69: 1 | BU69: 1 | BV69: 1 | BW69: 1 | BX69: 1 | BZ69: 0 | CA69: 0 | CE69: 0 | CF69: 0 | CG69: 0 | CM69: 0 | CO69: 0 | CP69: =(P69+Q69+S69) -> 461.02 | CQ69: =AC69*BC69 -> 230.51 | CR69: =AD69*BB69 -> 0 | CS69: =AE69 -> 0 | CT69: =AF69 -> 0 | CU69: =AG69 -> 0 | CV69: =AH69 -> 0 | CW69: =AI69 -> 0 | CX69: =AJ69 -> 0 | CY69: =(((S69+R69)*AT69)/100) -> 0 | CZ69: =(((S69+R69)*AU69)/100) -> 0 | DN69: 0 | DO69: 0 | DP69: 1 | DQ69: 1 | DU69: 1013 | DV69: ШТ | DW69: ШТ | DX69: 1 | EE69: 37164125 | EF69: 5 | EG69: оборудование | EH69: 0 | EJ69: 3 | EK69: 600001 | EL69: Оборудование по ценникам | EM69: ОБОРУД. | EQ69: 0 | ER69: 230.51 | ES69: 230.51 | ET69: 0 | EU69: 0 | EV69: 0 | EW69: 0 | EX69: 0 | EY69: 0 | FQ69: 0 | FR69: =ROUND(IF(AND(BH69=3,BI69=3),P69,0),2) -> 461.02 | FS69: 0 | FX69: 0 | FY69: 0 | GD69: 1 | GF69: -683784142 | GG69: 1 | GH69: 1 | GI69: 4 | GJ69: 0 | GK69: 0 | GL69: =ROUND(IF(AND(BH69=3,BI69=3,FS69<>0),P69,0),2) -> 0 | GM69: =ROUND(O69+X69+Y69,2)+GX69 -> 461.02 | GN69: =IF(OR(BI69=0,BI69=1),ROUND(O69+X69+Y69,2),0) -> 0 | GO69: =IF(BI69=2,ROUND(O69+X69+Y69,2),0) -> 0 | GP69: =IF(BI69=4,ROUND(O69+X69+Y69,2)+GX69,0) -> 0 | GR69: 0 | GS69: 3 | GT69: 0 | GV69: =ROUND((GT69),6) -> 0 | GW69: 1 | GX69: =ROUND(HC69*I69,2) -> 0 | HA69: 0 | HB69: 0 | HC69: =GV69*GW69 -> 0 | IK69: 0
A70: 17 | B70: 1 | C70: =ROW(SmtRes!A99) -> 99 | D70: =ROW(EtalonRes!A99) -> 99 | E70: 19 | F70: м10-08-001-01 | G70: Приборы ПС приемно-контрольные, пусковые, концентратор: блок базовый на 10 лучей | H70: ШТ | I70: 6 | J70: 0 | K70: 6 | O70: =ROUND(CP70,2) -> 639.96 | P70: =ROUND(CQ70*I70,2) -> 53.28 | Q70: =ROUND(CR70*I70,2) -> 0 | R70: =ROUND(CS70*I70,2) -> 0 | S70: =ROUND(CT70*I70,2) -> 586.68 | T70: =ROUND(CU70*I70,2) -> 0 | U70: =CV70*I70 -> 58.32 | V70: =CW70*I70 -> 0 | W70: =ROUND(CX70*I70,2) -> 0 | X70: =ROUND(CY70,2) -> 528.01 | Y70: =ROUND(CZ70,2) -> 269.87 | AA70: 41727981 | AB70: =ROUND((AC70+AD70+AF70),6) -> 106.6605 | AC70: =ROUND((ES70),6) -> 8.88 | AD70: =ROUND(((((ET70*ROUND(1.35,7)))-((EU70*ROUND(1.35,7))))+AE70),6) -> 0 | AE70: =ROUND(((EU70*ROUND(1.35,7))),6) -> 0 | AF70: =ROUND(((EV70*ROUND(1.35,7))),6) -> 97.7805 | AG70: =ROUND((AP70),6) -> 0 | AH70: =((EW70*ROUND(1.35,7))) -> 9.72 | AI70: =((EX70*ROUND(1.35,7))) -> 0 | AJ70: =(AS70) -> 0 | AK70: 81.31 | AL70: 8.88 | AM70: 0 | AN70: 0 | AO70: 72.43 | AP70: 0 | AQ70: 7.2 | AR70: 0 | AS70: 0 | AT70: 90 | AU70: 46 | AV70: 1 | AW70: 1 | AZ70: 1 | BA70: 1 | BB70: 1 | BC70: 1 | BH70: 0 | BI70: 2 | BJ70: ФЕРм-2001, м10-08-001-01, приказ Минстроя России № 876/пр от 26.12.2019 | BM70: 110011 | BN70: 0 | BP70: 0 | BQ70: 3 | BR70: 0 | BS70: 1 | BT70: 1 | BU70: 1 | BV70: 1 | BW70: 1 | BX70: 1 | BZ70: 90 | CA70: 46 | CE70: 0 | CF70: 0 | CG70: 0 | CM70: 0 | CN70: Поправка: Мет.421/пр 04.08.20 Пр.10 Т.3 п. 1.2 Наименование: Производство ремонтно-строительных работ осуществляется в помещениях эксплуатируемого объекта капитального строительства без остановки рабочего процесса, при этом: в зоне производства ремонтно-строительных работ имеются действующее технологическое или лабораторное оборудование, мебель и иные загромождающие помещения предметы | CO70: 0 | CP70: =(P70+Q70+S70) -> 639.96 | CQ70: =AC70*BC70 -> 8.88 | CR70: =AD70*BB70 -> 0 | CS70: =AE70 -> 0 | CT70: =AF70 -> 97.7805 | CU70: =AG70 -> 0 | CV70: =AH70 -> 9.72 | CW70: =AI70 -> 0 | CX70: =AJ70 -> 0 | CY70: =(((S70+R70)*AT70)/100) -> 528.012 | CZ70: =(((S70+R70)*AU70)/100) -> 269.8728 | DE70: )*1,35 | DF70: )*1,35 | DG70: )*1,35 | DI70: )*1,35 | DJ70: )*1,35 | DN70: 0 | DO70: 0 | DP70: 1 | DQ70: 1 | DU70: 1013 | DV70: ШТ | DW70: ШТ | DX70: 1 | EE70: 37164119 | EF70: 3 | EG70: Монтажные работы | EH70: 0 | EJ70: 2 | EK70: 110011 | EL70: Оборудование связи: прокладка и монтаж сетей связи | EM70: мФЕР-10 | EO70: Поправка: Мет.421/пр 04.08.20 Пр.10 Т.3 п. 1.2 | EQ70: 512 | ER70: 81.31 | ES70: 8.88 | ET70: 0 | EU70: 0 | EV70: 72.43 | EW70: 7.2 | EX70: 0 | EY70: 0 | FQ70: 0 | FR70: =ROUND(IF(AND(BH70=3,BI70=3),P70,0),2) -> 0 | FS70: 0 | FX70: 90 | FY70: 46 | GD70: 1 | GF70: -993574563 | GG70: 2 | GH70: 1 | GI70: -2 | GJ70: 0 | GK70: 0 | GL70: =ROUND(IF(AND(BH70=3,BI70=3,FS70<>0),P70,0),2) -> 0 | GM70: =ROUND(O70+X70+Y70,2)+GX70 -> 1437.84 | GN70: =IF(OR(BI70=0,BI70=1),ROUND(O70+X70+Y70,2),0) -> 0 | GO70: =IF(BI70=2,ROUND(O70+X70+Y70,2),0) -> 1437.84 | GP70: =IF(BI70=4,ROUND(O70+X70+Y70,2)+GX70,0) -> 0 | GR70: 0 | GS70: 3 | GT70: 0 | GV70: =ROUND((GT70),6) -> 0 | GW70: 1 | GX70: =ROUND(HC70*I70,2) -> 0 | HA70: 0 | HB70: 0 | HC70: =GV70*GW70 -> 0 | HN70: Пр/812-051.1-1 | HO70: Пр/774-051.1 | HP70: Оборудование связи: прокладка и монтаж сетей связи | HQ70: Оборудование связи: прокладка и монтаж сетей связи | IK70: 0
A71: 17 | B71: 1 | C71: =ROW(SmtRes!A104) -> 104 | D71: =ROW(EtalonRes!A104) -> 104 | E71: 19 | F71: м10-08-001-01 | G71: Приборы ПС приемно-контрольные, пусковые, концентратор: блок базовый на 10 лучей | H71: ШТ | I71: 6 | J71: 0 | K71: 6 | O71: =ROUND(CP71,2) -> 639.96 | P71: =ROUND(CQ71*I71,2) -> 53.28 | Q71: =ROUND(CR71*I71,2) -> 0 | R71: =ROUND(CS71*I71,2) -> 0 | S71: =ROUND(CT71*I71,2) -> 586.68 | T71: =ROUND(CU71*I71,2) -> 0 | U71: =CV71*I71 -> 58.32 | V71: =CW71*I71 -> 0 | W71: =ROUND(CX71*I71,2) -> 0 | X71: =ROUND(CY71,2) -> 528.01 | Y71: =ROUND(CZ71,2) -> 269.87 | AA71: 41727979 | AB71: =ROUND((AC71+AD71+AF71),6) -> 106.6605 | AC71: =ROUND((ES71),6) -> 8.88 | AD71: =ROUND(((((ET71*ROUND(1.35,7)))-((EU71*ROUND(1.35,7))))+AE71),6) -> 0 | AE71: =ROUND(((EU71*ROUND(1.35,7))),6) -> 0 | AF71: =ROUND(((EV71*ROUND(1.35,7))),6) -> 97.7805 | AG71: =ROUND((AP71),6) -> 0 | AH71: =((EW71*ROUND(1.35,7))) -> 9.72 | AI71: =((EX71*ROUND(1.35,7))) -> 0 | AJ71: =(AS71) -> 0 | AK71: 81.31 | AL71: 8.88 | AM71: 0 | AN71: 0 | AO71: 72.43 | AP71: 0 | AQ71: 7.2 | AR71: 0 | AS71: 0 | AT71: 90 | AU71: 46 | AV71: 1 | AW71: 1 | AZ71: 1 | BA71: 1 | BB71: 1 | BC71: 1 | BH71: 0 | BI71: 2 | BJ71: ФЕРм-2001, м10-08-001-01, приказ Минстроя России № 876/пр от 26.12.2019 | BM71: 110011 | BN71: 0 | BO71: Письмо Минстроя России от 15.12.2021 №55265-ИФ/09 | BP71: 1 | BQ71: 3 | BR71: 0 | BS71: 1 | BT71: 1 | BU71: 1 | BV71: 1 | BW71: 1 | BX71: 1 | BZ71: 90 | CA71: 46 | CE71: 0 | CF71: 0 | CG71: 0 | CM71: 0 | CN71: Поправка: Мет.421/пр 04.08.20 Пр.10 Т.3 п. 1.2 Наименование: Производство ремонтно-строительных работ осуществляется в помещениях эксплуатируемого объекта капитального строительства без остановки рабочего процесса, при этом: в зоне производства ремонтно-строительных работ имеются действующее технологическое или лабораторное оборудование, мебель и иные загромождающие помещения предметы | CO71: 0 | CP71: =(P71+Q71+S71) -> 639.96 | CQ71: =AC71*BC71 -> 8.88 | CR71: =AD71*BB71 -> 0 | CS71: =AE71 -> 0 | CT71: =AF71 -> 97.7805 | CU71: =AG71 -> 0 | CV71: =AH71 -> 9.72 | CW71: =AI71 -> 0 | CX71: =AJ71 -> 0 | CY71: =(((S71+R71)*AT71)/100) -> 528.012 | CZ71: =(((S71+R71)*AU71)/100) -> 269.8728 | DE71: )*1,35 | DF71: )*1,35 | DG71: )*1,35 | DI71: )*1,35 | DJ71: )*1,35 | DN71: 0 | DO71: 0 | DP71: 1 | DQ71: 1 | DU71: 1013 | DV71: ШТ | DW71: ШТ | DX71: 1 | EE71: 37164119 | EF71: 3 | EG71: Монтажные работы | EH71: 0 | EJ71: 2 | EK71: 110011 | EL71: Оборудование связи: прокладка и монтаж сетей связи | EM71: мФЕР-10 | EO71: Поправка: Мет.421/пр 04.08.20 Пр.10 Т.3 п. 1.2 | EQ71: 512 | ER71: 81.31 | ES71: 8.88 | ET71: 0 | EU71: 0 | EV71: 72.43 | EW71: 7.2 | EX71: 0 | EY71: 0 | FQ71: 0 | FR71: =ROUND(IF(AND(BH71=3,BI71=3),P71,0),2) -> 0 | FS71: 0 | FX71: 90 | FY71: 46 | GD71: 1 | GF71: -993574563 | GG71: 1 | GH71: 1 | GI71: 4 | GJ71: 0 | GK71: 0 | GL71: =ROUND(IF(AND(BH71=3,BI71=3,FS71<>0),P71,0),2) -> 0 | GM71: =ROUND(O71+X71+Y71,2)+GX71 -> 1437.84 | GN71: =IF(OR(BI71=0,BI71=1),ROUND(O71+X71+Y71,2),0) -> 0 | GO71: =IF(BI71=2,ROUND(O71+X71+Y71,2),0) -> 1437.84 | GP71: =IF(BI71=4,ROUND(O71+X71+Y71,2)+GX71,0) -> 0 | GR71: 0 | GS71: 3 | GT71: 0 | GV71: =ROUND((GT71),6) -> 0 | GW71: 1 | GX71: =ROUND(HC71*I71,2) -> 0 | HA71: 0 | HB71: 0 | HC71: =GV71*GW71 -> 0 | HN71: Пр/812-051.1-1 | HO71: Пр/774-051.1 | HP71: Оборудование связи: прокладка и монтаж сетей связи | HQ71: Оборудование связи: прокладка и монтаж сетей связи | IK71: 0
A72: 17 | B72: 1 | E72: 20 | F72: 61.2.07.02-0034 | G72: Блок контрольно-пусковой, марка "С2000-КПБ" | H72: ШТ | I72: 6 | J72: 0 | K72: 6 | O72: =ROUND(CP72,2) -> 1463.1 | P72: =ROUND(CQ72*I72,2) -> 1463.1 | Q72: =ROUND(CR72*I72,2) -> 0 | R72: =ROUND(CS72*I72,2) -> 0 | S72: =ROUND(CT72*I72,2) -> 0 | T72: =ROUND(CU72*I72,2) -> 0 | U72: =CV72*I72 -> 0 | V72: =CW72*I72 -> 0 | W72: =ROUND(CX72*I72,2) -> 0 | X72: =ROUND(CY72,2) -> 0 | Y72: =ROUND(CZ72,2) -> 0 | AA72: 41727981 | AB72: =ROUND((AC72+AD72+AF72),6) -> 243.85 | AC72: =ROUND((ES72),6) -> 243.85 | AD72: =ROUND((((ET72)-(EU72))+AE72),6) -> 0 | AE72: =ROUND((EU72),6) -> 0 | AF72: =ROUND((EV72),6) -> 0 | AG72: =ROUND((AP72),6) -> 0 | AH72: =(EW72) -> 0 | AI72: =(EX72) -> 0 | AJ72: =(AS72) -> 0 | AK72: 243.85 | AL72: 243.85 | AM72: 0 | AN72: 0 | AO72: 0 | AP72: 0 | AQ72: 0 | AR72: 0 | AS72: 0 | AT72: 0 | AU72: 0 | AV72: 1 | AW72: 1 | AZ72: 1 | BA72: 1 | BB72: 1 | BC72: 1 | BH72: 3 | BI72: 3 | BJ72: ФССЦ-2001, 61.2.07.02-0034, приказ Минстроя России № 876/пр от 26.12.2019 | BM72: 600001 | BN72: 0 | BP72: 0 | BQ72: 5 | BR72: 0 | BS72: 1 | BT72: 1 | BU72: 1 | BV72: 1 | BW72: 1 | BX72: 1 | BZ72: 0 | CA72: 0 | CE72: 0 | CF72: 0 | CG72: 0 | CM72: 0 | CO72: 0 | CP72: =(P72+Q72+S72) -> 1463.1 | CQ72: =AC72*BC72 -> 243.85 | CR72: =AD72*BB72 -> 0 | CS72: =AE72 -> 0 | CT72: =AF72 -> 0 | CU72: =AG72 -> 0 | CV72: =AH72 -> 0 | CW72: =AI72 -> 0 | CX72: =AJ72 -> 0 | CY72: =(((S72+R72)*AT72)/100) -> 0 | CZ72: =(((S72+R72)*AU72)/100) -> 0 | DN72: 0 | DO72: 0 | DP72: 1 | DQ72: 1 | DU72: 1013 | DV72: ШТ | DW72: ШТ | DX72: 1 | EE72: 37164125 | EF72: 5 | EG72: оборудование | EH72: 0 | EJ72: 3 | EK72: 600001 | EL72: Оборудование по ценникам | EM72: ОБОРУД. | EQ72: 0 | ER72: 243.85 | ES72: 243.85 | ET72: 0 | EU72: 0 | EV72: 0 | EW72: 0 | EX72: 0 | EY72: 0 | FQ72: 0 | FR72: =ROUND(IF(AND(BH72=3,BI72=3),P72,0),2) -> 1463.1 | FS72: 0 | FX72: 0 | FY72: 0 | GD72: 1 | GF72: -2052445194 | GG72: 2 | GH72: 1 | GI72: -2 | GJ72: 0 | GK72: 0 | GL72: =ROUND(IF(AND(BH72=3,BI72=3,FS72<>0),P72,0),2) -> 0 | GM72: =ROUND(O72+X72+Y72,2)+GX72 -> 1463.1 | GN72: =IF(OR(BI72=0,BI72=1),ROUND(O72+X72+Y72,2),0) -> 0 | GO72: =IF(BI72=2,ROUND(O72+X72+Y72,2),0) -> 0 | GP72: =IF(BI72=4,ROUND(O72+X72+Y72,2)+GX72,0) -> 0 | GR72: 0 | GS72: 3 | GT72: 0 | GV72: =ROUND((GT72),6) -> 0 | GW72: 1 | GX72: =ROUND(HC72*I72,2) -> 0 | HA72: 0 | HB72: 0 | HC72: =GV72*GW72 -> 0 | IK72: 0
A73: 17 | B73: 1 | E73: 20 | F73: 61.2.07.02-0034 | G73: Блок контрольно-пусковой, марка "С2000-КПБ" | H73: ШТ | I73: 6 | J73: 0 | K73: 6 | O73: =ROUND(CP73,2) -> 1463.1 | P73: =ROUND(CQ73*I73,2) -> 1463.1 | Q73: =ROUND(CR73*I73,2) -> 0 | R73: =ROUND(CS73*I73,2) -> 0 | S73: =ROUND(CT73*I73,2) -> 0 | T73: =ROUND(CU73*I73,2) -> 0 | U73: =CV73*I73 -> 0 | V73: =CW73*I73 -> 0 | W73: =ROUND(CX73*I73,2) -> 0 | X73: =ROUND(CY73,2) -> 0 | Y73: =ROUND(CZ73,2) -> 0 | AA73: 41727979 | AB73: =ROUND((AC73+AD73+AF73),6) -> 243.85 | AC73: =ROUND((ES73),6) -> 243.85 | AD73: =ROUND((((ET73)-(EU73))+AE73),6) -> 0 | AE73: =ROUND((EU73),6) -> 0 | AF73: =ROUND((EV73),6) -> 0 | AG73: =ROUND((AP73),6) -> 0 | AH73: =(EW73) -> 0 | AI73: =(EX73) -> 0 | AJ73: =(AS73) -> 0 | AK73: 243.85 | AL73: 243.85 | AM73: 0 | AN73: 0 | AO73: 0 | AP73: 0 | AQ73: 0 | AR73: 0 | AS73: 0 | AT73: 0 | AU73: 0 | AV73: 1 | AW73: 1 | AZ73: 1 | BA73: 1 | BB73: 1 | BC73: 1 | BH73: 3 | BI73: 3 | BJ73: ФССЦ-2001, 61.2.07.02-0034, приказ Минстроя России № 876/пр от 26.12.2019 | BM73: 600001 | BN73: 0 | BO73: Письмо Минстроя России от 22.11.2021 №50719-ИФ/09 | BP73: 1 | BQ73: 5 | BR73: 0 | BS73: 1 | BT73: 1 | BU73: 1 | BV73: 1 | BW73: 1 | BX73: 1 | BZ73: 0 | CA73: 0 | CE73: 0 | CF73: 0 | CG73: 0 | CM73: 0 | CO73: 0 | CP73: =(P73+Q73+S73) -> 1463.1 | CQ73: =AC73*BC73 -> 243.85 | CR73: =AD73*BB73 -> 0 | CS73: =AE73 -> 0 | CT73: =AF73 -> 0 | CU73: =AG73 -> 0 | CV73: =AH73 -> 0 | CW73: =AI73 -> 0 | CX73: =AJ73 -> 0 | CY73: =(((S73+R73)*AT73)/100) -> 0 | CZ73: =(((S73+R73)*AU73)/100) -> 0 | DN73: 0 | DO73: 0 | DP73: 1 | DQ73: 1 | DU73: 1013 | DV73: ШТ | DW73: ШТ | DX73: 1 | EE73: 37164125 | EF73: 5 | EG73: оборудование | EH73: 0 | EJ73: 3 | EK73: 600001 | EL73: Оборудование по ценникам | EM73: ОБОРУД. | EQ73: 0 | ER73: 243.85 | ES73: 243.85 | ET73: 0 | EU73: 0 | EV73: 0 | EW73: 0 | EX73: 0 | EY73: 0 | FQ73: 0 | FR73: =ROUND(IF(AND(BH73=3,BI73=3),P73,0),2) -> 1463.1 | FS73: 0 | FX73: 0 | FY73: 0 | GD73: 1 | GF73: -2052445194 | GG73: 1 | GH73: 1 | GI73: 4 | GJ73: 0 | GK73: 0 | GL73: =ROUND(IF(AND(BH73=3,BI73=3,FS73<>0),P73,0),2) -> 0 | GM73: =ROUND(O73+X73+Y73,2)+GX73 -> 1463.1 | GN73: =IF(OR(BI73=0,BI73=1),ROUND(O73+X73+Y73,2),0) -> 0 | GO73: =IF(BI73=2,ROUND(O73+X73+Y73,2),0) -> 0 | GP73: =IF(BI73=4,ROUND(O73+X73+Y73,2)+GX73,0) -> 0 | GR73: 0 | GS73: 3 | GT73: 0 | GV73: =ROUND((GT73),6) -> 0 | GW73: 1 | GX73: =ROUND(HC73*I73,2) -> 0 | HA73: 0 | HB73: 0 | HC73: =GV73*GW73 -> 0 | IK73: 0
A74: 17 | B74: 1 | C74: =ROW(SmtRes!A118) -> 118 | D74: =ROW(EtalonRes!A118) -> 118 | E74: 21 | F74: м08-03-531-02 | G74: Пускатель ручной общего назначения на ток до 25 А отдельно стоящий, устанавливаемый на конструкции: на стене или колонне | H74: ШТ | I74: 4 | J74: 0 | K74: 4 | O74: =ROUND(CP74,2) -> 236.6 | P74: =ROUND(CQ74*I74,2) -> 124.76 | Q74: =ROUND(CR74*I74,2) -> 4.7 | R74: =ROUND(CS74*I74,2) -> 0 | S74: =ROUND(CT74*I74,2) -> 107.14 | T74: =ROUND(CU74*I74,2) -> 0 | U74: =CV74*I74 -> 10.8 | V74: =CW74*I74 -> 0 | W74: =ROUND(CX74*I74,2) -> 0 | X74: =ROUND(CY74,2) -> 103.93 | Y74: =ROUND(CZ74,2) -> 54.64 | AA74: 41727981 | AB74: =ROUND((AC74+AD74+AF74),6) -> 59.1485 | AC74: =ROUND((ES74),6) -> 31.19 | AD74: =ROUND(((((ET74*ROUND(1.35,7)))-((EU74*ROUND(1.35,7))))+AE74),6) -> 1.1745 | AE74: =ROUND(((EU74*ROUND(1.35,7))),6) -> 0 | AF74: =ROUND(((EV74*ROUND(1.35,7))),6) -> 26.784 | AG74: =ROUND((AP74),6) -> 0 | AH74: =((EW74*ROUND(1.35,7))) -> 2.7 | AI74: =((EX74*ROUND(1.35,7))) -> 0 | AJ74: =(AS74) -> 0 | AK74: 51.9 | AL74: 31.19 | AM74: 0.87 | AN74: 0 | AO74: 19.84 | AP74: 0 | AQ74: 2 | AR74: 0 | AS74: 0 | AT74: 97 | AU74: 51 | AV74: 1 | AW74: 1 | AZ74: 1 | BA74: 1 | BB74: 1 | BC74: 1 | BH74: 0 | BI74: 2 | BJ74: ФЕРм-2001, м08-03-531-02, приказ Минстроя России № 876/пр от 26.12.2019 | BM74: 108001 | BN74: 0 | BP74: 0 | BQ74: 3 | BR74: 0 | BS74: 1 | BT74: 1 | BU74: 1 | BV74: 1 | BW74: 1 | BX74: 1 | BZ74: 97 | CA74: 51 | CE74: 0 | CF74: 0 | CG74: 0 | CM74: 0 | CN74: Поправка: Мет.421/пр 04.08.20 Пр.10 Т.3 п. 1.2 Наименование: Производство ремонтно-строительных работ осуществляется в помещениях эксплуатируемого объекта капитального строительства без остановки рабочего процесса, при этом: в зоне производства ремонтно-строительных работ имеются действующее технологическое или лабораторное оборудование, мебель и иные загромождающие помещения предметы | CO74: 0 | CP74: =(P74+Q74+S74) -> 236.6 | CQ74: =AC74*BC74 -> 31.19 | CR74: =AD74*BB74 -> 1.1745 | CS74: =AE74 -> 0 | CT74: =AF74 -> 26.784 | CU74: =AG74 -> 0 | CV74: =AH74 -> 2.7 | CW74: =AI74 -> 0 | CX74: =AJ74 -> 0 | CY74: =(((S74+R74)*AT74)/100) -> 103.9258 | CZ74: =(((S74+R74)*AU74)/100) -> 54.6414 | DE74: )*1,35 | DF74: )*1,35 | DG74: )*1,35 | DI74: )*1,35 | DJ74: )*1,35 | DN74: 0 | DO74: 0 | DP74: 1 | DQ74: 1 | DU74: 1013 | DV74: ШТ | DW74: ШТ | DX74: 1 | EE74: 37164029 | EF74: 3 | EG74: Монтажные работы | EH74: 0 | EJ74: 2 | EK74: 108001 | EL74: Электротехнические установки: на других объектах | EM74: мФЕР-08 | EO74: Поправка: Мет.421/пр 04.08.20 Пр.10 Т.3 п. 1.2 | EQ74: 512 | ER74: 51.9 | ES74: 31.19 | ET74: 0.87 | EU74: 0 | EV74: 19.84 | EW74: 2 | EX74: 0 | EY74: 0 | FQ74: 0 | FR74: =ROUND(IF(AND(BH74=3,BI74=3),P74,0),2) -> 0 | FS74: 0 | FX74: 97 | FY74: 51 | GD74: 1 | GF74: -1738173727 | GG74: 2 | GH74: 1 | GI74: -2 | GJ74: 0 | GK74: 0 | GL74: =ROUND(IF(AND(BH74=3,BI74=3,FS74<>0),P74,0),2) -> 0 | GM74: =ROUND(O74+X74+Y74,2)+GX74 -> 395.17 | GN74: =IF(OR(BI74=0,BI74=1),ROUND(O74+X74+Y74,2),0) -> 0 | GO74: =IF(BI74=2,ROUND(O74+X74+Y74,2),0) -> 395.17 | GP74: =IF(BI74=4,ROUND(O74+X74+Y74,2)+GX74,0) -> 0 | GR74: 0 | GS74: 3 | GT74: 0 | GV74: =ROUND((GT74),6) -> 0 | GW74: 1 | GX74: =ROUND(HC74*I74,2) -> 0 | HA74: 0 | HB74: 0 | HC74: =GV74*GW74 -> 0 | HN74: Пр/812-049.3-1 | HO74: Пр/774-049.3 | HP74: Электротехнические установки: на других объектах | HQ74: Электротехнические установки: на других объектах | IK74: 0
A75: 17 | B75: 1 | C75: =ROW(SmtRes!A132) -> 132 | D75: =ROW(EtalonRes!A132) -> 132 | E75: 21 | F75: м08-03-531-02 | G75: Пускатель ручной общего назначения на ток до 25 А отдельно стоящий, устанавливаемый на конструкции: на стене или колонне | H75: ШТ | I75: 4 | J75: 0 | K75: 4 | O75: =ROUND(CP75,2) -> 236.6 | P75: =ROUND(CQ75*I75,2) -> 124.76 | Q75: =ROUND(CR75*I75,2) -> 4.7 | R75: =ROUND(CS75*I75,2) -> 0 | S75: =ROUND(CT75*I75,2) -> 107.14 | T75: =ROUND(CU75*I75,2) -> 0 | U75: =CV75*I75 -> 10.8 | V75: =CW75*I75 -> 0 | W75: =ROUND(CX75*I75,2) -> 0 | X75: =ROUND(CY75,2) -> 103.93 | Y75: =ROUND(CZ75,2) -> 54.64 | AA75: 41727979 | AB75: =ROUND((AC75+AD75+AF75),6) -> 59.1485 | AC75: =ROUND((ES75),6) -> 31.19 | AD75: =ROUND(((((ET75*ROUND(1.35,7)))-((EU75*ROUND(1.35,7))))+AE75),6) -> 1.1745 | AE75: =ROUND(((EU75*ROUND(1.35,7))),6) -> 0 | AF75: =ROUND(((EV75*ROUND(1.35,7))),6) -> 26.784 | AG75: =ROUND((AP75),6) -> 0 | AH75: =((EW75*ROUND(1.35,7))) -> 2.7 | AI75: =((EX75*ROUND(1.35,7))) -> 0 | AJ75: =(AS75) -> 0 | AK75: 51.9 | AL75: 31.19 | AM75: 0.87 | AN75: 0 | AO75: 19.84 | AP75: 0 | AQ75: 2 | AR75: 0 | AS75: 0 | AT75: 97 | AU75: 51 | AV75: 1 | AW75: 1 | AZ75: 1 | BA75: 1 | BB75: 1 | BC75: 1 | BH75: 0 | BI75: 2 | BJ75: ФЕРм-2001, м08-03-531-02, приказ Минстроя России № 876/пр от 26.12.2019 | BM75: 108001 | BN75: 0 | BO75: Письмо Минстроя России от 15.12.2021 №55265-ИФ/09 | BP75: 1 | BQ75: 3 | BR75: 0 | BS75: 1 | BT75: 1 | BU75: 1 | BV75: 1 | BW75: 1 | BX75: 1 | BZ75: 97 | CA75: 51 | CE75: 0 | CF75: 0 | CG75: 0 | CM75: 0 | CN75: Поправка: Мет.421/пр 04.08.20 Пр.10 Т.3 п. 1.2 Наименование: Производство ремонтно-строительных работ осуществляется в помещениях эксплуатируемого объекта капитального строительства без остановки рабочего процесса, при этом: в зоне производства ремонтно-строительных работ имеются действующее технологическое или лабораторное оборудование, мебель и иные загромождающие помещения предметы | CO75: 0 | CP75: =(P75+Q75+S75) -> 236.6 | CQ75: =AC75*BC75 -> 31.19 | CR75: =AD75*BB75 -> 1.1745 | CS75: =AE75 -> 0 | CT75: =AF75 -> 26.784 | CU75: =AG75 -> 0 | CV75: =AH75 -> 2.7 | CW75: =AI75 -> 0 | CX75: =AJ75 -> 0 | CY75: =(((S75+R75)*AT75)/100) -> 103.9258 | CZ75: =(((S75+R75)*AU75)/100) -> 54.6414 | DE75: )*1,35 | DF75: )*1,35 | DG75: )*1,35 | DI75: )*1,35 | DJ75: )*1,35 | DN75: 0 | DO75: 0 | DP75: 1 | DQ75: 1 | DU75: 1013 | DV75: ШТ | DW75: ШТ | DX75: 1 | EE75: 37164029 | EF75: 3 | EG75: Монтажные работы | EH75: 0 | EJ75: 2 | EK75: 108001 | EL75: Электротехнические установки: на других объектах | EM75: мФЕР-08 | EO75: Поправка: Мет.421/пр 04.08.20 Пр.10 Т.3 п. 1.2 | EQ75: 512 | ER75: 51.9 | ES75: 31.19 | ET75: 0.87 | EU75: 0 | EV75: 19.84 | EW75: 2 | EX75: 0 | EY75: 0 | FQ75: 0 | FR75: =ROUND(IF(AND(BH75=3,BI75=3),P75,0),2) -> 0 | FS75: 0 | FX75: 97 | FY75: 51 | GD75: 1 | GF75: -1738173727 | GG75: 1 | GH75: 1 | GI75: 4 | GJ75: 0 | GK75: 0 | GL75: =ROUND(IF(AND(BH75=3,BI75=3,FS75<>0),P75,0),2) -> 0 | GM75: =ROUND(O75+X75+Y75,2)+GX75 -> 395.17 | GN75: =IF(OR(BI75=0,BI75=1),ROUND(O75+X75+Y75,2),0) -> 0 | GO75: =IF(BI75=2,ROUND(O75+X75+Y75,2),0) -> 395.17 | GP75: =IF(BI75=4,ROUND(O75+X75+Y75,2)+GX75,0) -> 0 | GR75: 0 | GS75: 3 | GT75: 0 | GV75: =ROUND((GT75),6) -> 0 | GW75: 1 | GX75: =ROUND(HC75*I75,2) -> 0 | HA75: 0 | HB75: 0 | HC75: =GV75*GW75 -> 0 | HN75: Пр/812-049.3-1 | HO75: Пр/774-049.3 | HP75: Электротехнические установки: на других объектах | HQ75: Электротехнические установки: на других объектах | IK75: 0
A76: 17 | B76: 1 | E76: 22 | F76: Цена поставщика | G76: Кнопка пуска желтая УДП 513-3АМ | H76: ШТ | I76: 4 | J76: 0 | K76: 4 | O76: =ROUND(CP76,2) -> 2434 | P76: =ROUND(ROUND(CQ76*I76,0)/BC76,2) -> 2434 | Q76: =ROUND(CR76*I76,2) -> 0 | R76: =ROUND(CS76*I76,2) -> 0 | S76: =ROUND(CT76*I76,2) -> 0 | T76: =ROUND(CU76*I76,2) -> 0 | U76: =CV76*I76 -> 0 | V76: =CW76*I76 -> 0 | W76: =ROUND(CX76*I76,2) -> 0 | X76: =ROUND(CY76,2) -> 0 | Y76: =ROUND(CZ76,2) -> 0 | AA76: 41727981 | AB76: =ROUND((AC76+AD76+AF76),6) -> 608.4 | AC76: =ROUND((ES76),6) -> 608.4 | AD76: =ROUND((((ET76)-(EU76))+AE76),6) -> 0 | AE76: =ROUND((EU76),6) -> 0 | AF76: =ROUND((EV76),6) -> 0 | AG76: =ROUND((AP76),6) -> 0 | AH76: =(EW76) -> 0 | AI76: =(EX76) -> 0 | AJ76: =(AS76) -> 0 | AK76: 608.4 | AL76: 608.4 | AM76: 0 | AN76: 0 | AO76: 0 | AP76: 0 | AQ76: 0 | AR76: 0 | AS76: 0 | AT76: 0 | AU76: 0 | AV76: 1 | AW76: 1 | AZ76: 1 | BA76: 1 | BB76: 1 | BC76: 1 | BH76: 3 | BI76: 3 | BM76: 1100 | BN76: 0 | BP76: 0 | BQ76: 8 | BR76: 0 | BS76: 1 | BT76: 1 | BU76: 1 | BV76: 1 | BW76: 1 | BX76: 1 | BZ76: 0 | CA76: 0 | CE76: 0 | CF76: 0 | CG76: 0 | CM76: 0 | CO76: 0 | CP76: =(P76+Q76+S76) -> 2434 | CQ76: =AC76 -> 608.4 | CR76: =AD76*BB76 -> 0 | CS76: =AE76 -> 0 | CT76: =AF76 -> 0 | CU76: =AG76 -> 0 | CV76: =AH76 -> 0 | CW76: =AI76 -> 0 | CX76: =AJ76 -> 0 | CY76: =(((S76+R76)*AT76)/100) -> 0 | CZ76: =(((S76+R76)*AU76)/100) -> 0 | DN76: 0 | DO76: 0 | DP76: 1 | DQ76: 1 | DU76: 1013 | DV76: ШТ | DW76: ШТ | DX76: 1 | EE76: 37164457 | EF76: 8 | EG76: Материалы строительные | EH76: 0 | EJ76: 1 | EK76: 1100 | EL76: Материалы, изделия и конструкции | EM76: материалы (03) | EQ76: 0 | ER76: 0 | ES76: 608.4 | ET76: 0 | EU76: 0 | EV76: 0 | EW76: 0 | EX76: 0 | EY76: 0 | EZ76: 5 | FC76: 1 | FD76: 18 | FF76: 730.08 | FQ76: 0 | FR76: =ROUND(IF(AND(BH76=3,BI76=3),P76,0),2) -> 2434 | FS76: 0 | FX76: 0 | FY76: 0 | GA76: [730,08 / 1,2] | GD76: 1 | GF76: -468245758 | GG76: 2 | GH76: 3 | GI76: -2 | GJ76: 0 | GK76: 0 | GL76: =ROUND(IF(AND(BH76=3,BI76=3,FS76<>0),P76,0),2) -> 0 | GM76: =ROUND(O76+X76+Y76,2)+GX76 -> 2434 | GN76: =IF(OR(BI76=0,BI76=1),ROUND(O76+X76+Y76,2),0) -> 0 | GO76: =IF(BI76=2,ROUND(O76+X76+Y76,2),0) -> 0 | GP76: =IF(BI76=4,ROUND(O76+X76+Y76,2)+GX76,0) -> 0 | GR76: 1 | GS76: 1 | GT76: 0 | GV76: =ROUND((GT76),6) -> 0 | GW76: 1 | GX76: =ROUND(HC76*I76,2) -> 0 | HA76: 0 | HB76: 0 | HC76: =GV76*GW76 -> 0 | HE76: 0 | HF76: 0 | HH76: =ROUND(AC76*I76,0) -> 2434 | IK76: 0
A77: 17 | B77: 1 | E77: 22 | F77: Цена поставщика | G77: Кнопка пуска желтая УДП 513-3АМ | H77: ШТ | I77: 4 | J77: 0 | K77: 4 | O77: =ROUND(CP77,2) -> 520.94 | P77: =ROUND(ROUND(CQ77*I77,0)/BC77,2) -> 520.94 | Q77: =ROUND(CR77*I77,2) -> 0 | R77: =ROUND(CS77*I77,2) -> 0 | S77: =ROUND(CT77*I77,2) -> 0 | T77: =ROUND(CU77*I77,2) -> 0 | U77: =CV77*I77 -> 0 | V77: =CW77*I77 -> 0 | W77: =ROUND(CX77*I77,2) -> 0 | X77: =ROUND(CY77,2) -> 0 | Y77: =ROUND(CZ77,2) -> 0 | AA77: 41727979 | AB77: =ROUND((AC77+AD77+AF77),6) -> 634.17 | AC77: =ROUND((ES77),6) -> 634.17 | AD77: =ROUND((((ET77)-(EU77))+AE77),6) -> 0 | AE77: =ROUND((EU77),6) -> 0 | AF77: =ROUND((EV77),6) -> 0 | AG77: =ROUND((AP77),6) -> 0 | AH77: =(EW77) -> 0 | AI77: =(EX77) -> 0 | AJ77: =(AS77) -> 0 | AK77: 634.17 | AL77: 634.17 | AM77: 0 | AN77: 0 | AO77: 0 | AP77: 0 | AQ77: 0 | AR77: 0 | AS77: 0 | AT77: 0 | AU77: 0 | AV77: 1 | AW77: 1 | AZ77: 4.87 | BA77: 1 | BB77: 1 | BC77: 4.87 | BH77: 3 | BI77: 3 | BM77: 1100 | BN77: 0 | BO77: Письмо Минстроя России от 22.11.2021 №50719-ИФ/09 | BP77: 1 | BQ77: 8 | BR77: 0 | BS77: 1 | BT77: 1 | BU77: 1 | BV77: 1 | BW77: 1 | BX77: 1 | BZ77: 0 | CA77: 0 | CE77: 0 | CF77: 0 | CG77: 0 | CM77: 0 | CO77: 0 | CP77: =(P77+Q77+S77) -> 520.94 | CQ77: =AC77 -> 634.17 | CR77: =AD77*BB77 -> 0 | CS77: =AE77 -> 0 | CT77: =AF77 -> 0 | CU77: =AG77 -> 0 | CV77: =AH77 -> 0 | CW77: =AI77 -> 0 | CX77: =AJ77 -> 0 | CY77: =(((S77+R77)*AT77)/100) -> 0 | CZ77: =(((S77+R77)*AU77)/100) -> 0 | DN77: 0 | DO77: 0 | DP77: 1 | DQ77: 1 | DU77: 1013 | DV77: ШТ | DW77: ШТ | DX77: 1 | EE77: 37164457 | EF77: 8 | EG77: Материалы строительные | EH77: 0 | EJ77: 1 | EK77: 1100 | EL77: Материалы, изделия и конструкции | EM77: материалы (03) | EQ77: 0 | ER77: 634.17 | ES77: 634.17 | ET77: 0 | EU77: 0 | EV77: 0 | EW77: 0 | EX77: 0 | EY77: 0 | EZ77: 5 | FC77: 1 | FD77: 18 | FF77: 730.08 | FQ77: 0 | FR77: =ROUND(IF(AND(BH77=3,BI77=3),P77,0),2) -> 520.94 | FS77: 0 | FX77: 0 | FY77: 0 | GA77: [730,08 / 1,2] + 3% Трансп + 1,2% Заг.скл | GD77: 1 | GF77: -468245758 | GG77: 1 | GH77: 3 | GI77: 4 | GJ77: 0 | GK77: 0 | GL77: =ROUND(IF(AND(BH77=3,BI77=3,FS77<>0),P77,0),2) -> 0 | GM77: =ROUND(O77+X77+Y77,2)+GX77 -> 520.94 | GN77: =IF(OR(BI77=0,BI77=1),ROUND(O77+X77+Y77,2),0) -> 0 | GO77: =IF(BI77=2,ROUND(O77+X77+Y77,2),0) -> 0 | GP77: =IF(BI77=4,ROUND(O77+X77+Y77,2)+GX77,0) -> 0 | GR77: 1 | GS77: 1 | GT77: 0 | GV77: =ROUND((GT77),6) -> 0 | GW77: 1 | GX77: =ROUND(HC77*I77,2) -> 0 | HA77: 0 | HB77: 0 | HC77: =GV77*GW77 -> 0 | HE77: 3 | HF77: 1,2 | HH77: =ROUND(AC77*I77,0) -> 2537 | IK77: 0
A78: 17 | B78: 1 | C78: =ROW(SmtRes!A139) -> 139 | D78: =ROW(EtalonRes!A139) -> 139 | E78: 23 | F78: м10-08-005-03 | G78: Провод двух- и трехжильный с разделительным основанием по стенам и потолкам, прокладываемый по основаниям: бетонным и металлическим | H78: 100 м | I78: =ROUND(375/100,7) -> 3.75 | J78: 0 | K78: =ROUND(375/100,7) -> 3.75 | O78: =ROUND(CP78,2) -> 5062.53 | P78: =ROUND(CQ78*I78,2) -> 3406.69 | Q78: =ROUND(CR78*I78,2) -> 0 | R78: =ROUND(CS78*I78,2) -> 0 | S78: =ROUND(CT78*I78,2) -> 1655.84 | T78: =ROUND(CU78*I78,2) -> 0 | U78: =CV78*I78 -> 172.125 | V78: =CW78*I78 -> 0 | W78: =ROUND(CX78*I78,2) -> 0 | X78: =ROUND(CY78,2) -> 1490.26 | Y78: =ROUND(CZ78,2) -> 761.69 | AA78: 41727981 | AB78: =ROUND((AC78+AD78+AF78),6) -> 1350.008 | AC78: =ROUND((ES78),6) -> 908.45 | AD78: =ROUND(((((ET78*ROUND(1.35,7)))-((EU78*ROUND(1.35,7))))+AE78),6) -> 0 | AE78: =ROUND(((EU78*ROUND(1.35,7))),6) -> 0 | AF78: =ROUND(((EV78*ROUND(1.35,7))),6) -> 441.558 | AG78: =ROUND((AP78),6) -> 0 | AH78: =((EW78*ROUND(1.35,7))) -> 45.9 | AI78: =((EX78*ROUND(1.35,7))) -> 0 | AJ78: =(AS78) -> 0 | AK78: 1235.53 | AL78: 908.45 | AM78: 0 | AN78: 0 | AO78: 327.08 | AP78: 0 | AQ78: 34 | AR78: 0 | AS78: 0 | AT78: 90 | AU78: 46 | AV78: 1 | AW78: 1 | AZ78: 1 | BA78: 1 | BB78: 1 | BC78: 1 | BH78: 0 | BI78: 2 | BJ78: ФЕРм-2001, м10-08-005-03, приказ Минстроя России № 876/пр от 26.12.2019 | BM78: 110011 | BN78: 0 | BP78: 0 | BQ78: 3 | BR78: 0 | BS78: 1 | BT78: 1 | BU78: 1 | BV78: 1 | BW78: 1 | BX78: 1 | BZ78: 90 | CA78: 46 | CE78: 0 | CF78: 0 | CG78: 0 | CM78: 0 | CN78: Поправка: Мет.421/пр 04.08.20 Пр.10 Т.3 п. 1.2 Наименование: Производство ремонтно-строительных работ осуществляется в помещениях эксплуатируемого объекта капитального строительства без остановки рабочего процесса, при этом: в зоне производства ремонтно-строительных работ имеются действующее технологическое или лабораторное оборудование, мебель и иные загромождающие помещения предметы | CO78: 0 | CP78: =(P78+Q78+S78) -> 5062.53 | CQ78: =AC78*BC78 -> 908.45 | CR78: =AD78*BB78 -> 0 | CS78: =AE78 -> 0 | CT78: =AF78 -> 441.558 | CU78: =AG78 -> 0 | CV78: =AH78 -> 45.9 | CW78: =AI78 -> 0 | CX78: =AJ78 -> 0 | CY78: =(((S78+R78)*AT78)/100) -> 1490.256 | CZ78: =(((S78+R78)*AU78)/100) -> 761.6864 | DE78: )*1,35 | DF78: )*1,35 | DG78: )*1,35 | DI78: )*1,35 | DJ78: )*1,35 | DN78: 0 | DO78: 0 | DP78: 1 | DQ78: 1 | DU78: 1003 | DV78: 100 м | DW78: 100 м | DX78: 100 | EE78: 37164119 | EF78: 3 | EG78: Монтажные работы | EH78: 0 | EJ78: 2 | EK78: 110011 | EL78: Оборудование связи: прокладка и монтаж сетей связи | EM78: мФЕР-10 | EO78: Поправка: Мет.421/пр 04.08.20 Пр.10 Т.3 п. 1.2 | EQ78: 512 | ER78: 1235.53 | ES78: 908.45 | ET78: 0 | EU78: 0 | EV78: 327.08 | EW78: 34 | EX78: 0 | EY78: 0 | FQ78: 0 | FR78: =ROUND(IF(AND(BH78=3,BI78=3),P78,0),2) -> 0 | FS78: 0 | FX78: 90 | FY78: 46 | GD78: 1 | GF78: -1146741038 | GG78: 2 | GH78: 1 | GI78: -2 | GJ78: 0 | GK78: 0 | GL78: =ROUND(IF(AND(BH78=3,BI78=3,FS78<>0),P78,0),2) -> 0 | GM78: =ROUND(O78+X78+Y78,2)+GX78 -> 7314.48 | GN78: =IF(OR(BI78=0,BI78=1),ROUND(O78+X78+Y78,2),0) -> 0 | GO78: =IF(BI78=2,ROUND(O78+X78+Y78,2),0) -> 7314.48 | GP78: =IF(BI78=4,ROUND(O78+X78+Y78,2)+GX78,0) -> 0 | GR78: 0 | GS78: 3 | GT78: 0 | GV78: =ROUND((GT78),6) -> 0 | GW78: 1 | GX78: =ROUND(HC78*I78,2) -> 0 | HA78: 0 | HB78: 0 | HC78: =GV78*GW78 -> 0 | HN78: Пр/812-051.1-1 | HO78: Пр/774-051.1 | HP78: Оборудование связи: прокладка и монтаж сетей связи | HQ78: Оборудование связи: прокладка и монтаж сетей связи | IK78: 0
A79: 17 | B79: 1 | C79: =ROW(SmtRes!A146) -> 146 | D79: =ROW(EtalonRes!A146) -> 146 | E79: 23 | F79: м10-08-005-03 | G79: Провод двух- и трехжильный с разделительным основанием по стенам и потолкам, прокладываемый по основаниям: бетонным и металлическим | H79: 100 м | I79: =ROUND(375/100,7) -> 3.75 | J79: 0 | K79: =ROUND(375/100,7) -> 3.75 | O79: =ROUND(CP79,2) -> 5062.53 | P79: =ROUND(CQ79*I79,2) -> 3406.69 | Q79: =ROUND(CR79*I79,2) -> 0 | R79: =ROUND(CS79*I79,2) -> 0 | S79: =ROUND(CT79*I79,2) -> 1655.84 | T79: =ROUND(CU79*I79,2) -> 0 | U79: =CV79*I79 -> 172.125 | V79: =CW79*I79 -> 0 | W79: =ROUND(CX79*I79,2) -> 0 | X79: =ROUND(CY79,2) -> 1490.26 | Y79: =ROUND(CZ79,2) -> 761.69 | AA79: 41727979 | AB79: =ROUND((AC79+AD79+AF79),6) -> 1350.008 | AC79: =ROUND((ES79),6) -> 908.45 | AD79: =ROUND(((((ET79*ROUND(1.35,7)))-((EU79*ROUND(1.35,7))))+AE79),6) -> 0 | AE79: =ROUND(((EU79*ROUND(1.35,7))),6) -> 0 | AF79: =ROUND(((EV79*ROUND(1.35,7))),6) -> 441.558 | AG79: =ROUND((AP79),6) -> 0 | AH79: =((EW79*ROUND(1.35,7))) -> 45.9 | AI79: =((EX79*ROUND(1.35,7))) -> 0 | AJ79: =(AS79) -> 0 | AK79: 1235.53 | AL79: 908.45 | AM79: 0 | AN79: 0 | AO79: 327.08 | AP79: 0 | AQ79: 34 | AR79: 0 | AS79: 0 | AT79: 90 | AU79: 46 | AV79: 1 | AW79: 1 | AZ79: 1 | BA79: 1 | BB79: 1 | BC79: 1 | BH79: 0 | BI79: 2 | BJ79: ФЕРм-2001, м10-08-005-03, приказ Минстроя России № 876/пр от 26.12.2019 | BM79: 110011 | BN79: 0 | BO79: Письмо Минстроя России от 15.12.2021 №55265-ИФ/09 | BP79: 1 | BQ79: 3 | BR79: 0 | BS79: 1 | BT79: 1 | BU79: 1 | BV79: 1 | BW79: 1 | BX79: 1 | BZ79: 90 | CA79: 46 | CE79: 0 | CF79: 0 | CG79: 0 | CM79: 0 | CN79: Поправка: Мет.421/пр 04.08.20 Пр.10 Т.3 п. 1.2 Наименование: Производство ремонтно-строительных работ осуществляется в помещениях эксплуатируемого объекта капитального строительства без остановки рабочего процесса, при этом: в зоне производства ремонтно-строительных работ имеются действующее технологическое или лабораторное оборудование, мебель и иные загромождающие помещения предметы | CO79: 0 | CP79: =(P79+Q79+S79) -> 5062.53 | CQ79: =AC79*BC79 -> 908.45 | CR79: =AD79*BB79 -> 0 | CS79: =AE79 -> 0 | CT79: =AF79 -> 441.558 | CU79: =AG79 -> 0 | CV79: =AH79 -> 45.9 | CW79: =AI79 -> 0 | CX79: =AJ79 -> 0 | CY79: =(((S79+R79)*AT79)/100) -> 1490.256 | CZ79: =(((S79+R79)*AU79)/100) -> 761.6864 | DE79: )*1,35 | DF79: )*1,35 | DG79: )*1,35 | DI79: )*1,35 | DJ79: )*1,35 | DN79: 0 | DO79: 0 | DP79: 1 | DQ79: 1 | DU79: 1003 | DV79: 100 м | DW79: 100 м | DX79: 100 | EE79: 37164119 | EF79: 3 | EG79: Монтажные работы | EH79: 0 | EJ79: 2 | EK79: 110011 | EL79: Оборудование связи: прокладка и монтаж сетей связи | EM79: мФЕР-10 | EO79: Поправка: Мет.421/пр 04.08.20 Пр.10 Т.3 п. 1.2 | EQ79: 512 | ER79: 1235.53 | ES79: 908.45 | ET79: 0 | EU79: 0 | EV79: 327.08 | EW79: 34 | EX79: 0 | EY79: 0 | FQ79: 0 | FR79: =ROUND(IF(AND(BH79=3,BI79=3),P79,0),2) -> 0 | FS79: 0 | FX79: 90 | FY79: 46 | GD79: 1 | GF79: -1146741038 | GG79: 1 | GH79: 1 | GI79: 4 | GJ79: 0 | GK79: 0 | GL79: =ROUND(IF(AND(BH79=3,BI79=3,FS79<>0),P79,0),2) -> 0 | GM79: =ROUND(O79+X79+Y79,2)+GX79 -> 7314.48 | GN79: =IF(OR(BI79=0,BI79=1),ROUND(O79+X79+Y79,2),0) -> 0 | GO79: =IF(BI79=2,ROUND(O79+X79+Y79,2),0) -> 7314.48 | GP79: =IF(BI79=4,ROUND(O79+X79+Y79,2)+GX79,0) -> 0 | GR79: 0 | GS79: 3 | GT79: 0 | GV79: =ROUND((GT79),6) -> 0 | GW79: 1 | GX79: =ROUND(HC79*I79,2) -> 0 | HA79: 0 | HB79: 0 | HC79: =GV79*GW79 -> 0 | HN79: Пр/812-051.1-1 | HO79: Пр/774-051.1 | HP79: Оборудование связи: прокладка и монтаж сетей связи | HQ79: Оборудование связи: прокладка и монтаж сетей связи | IK79: 0
A80: 17 | B80: 1 | E80: 24 | F80: Цена поставщика | G80: Кабель для цифрового линейного обнаружения тепла TC 155( в т.ч.зип 50м) | H80: м | I80: 425 | J80: 0 | K80: 425 | O80: =ROUND(CP80,2) -> 143225 | P80: =ROUND(ROUND(CQ80*I80,0)/BC80,2) -> 143225 | Q80: =ROUND(CR80*I80,2) -> 0 | R80: =ROUND(CS80*I80,2) -> 0 | S80: =ROUND(CT80*I80,2) -> 0 | T80: =ROUND(CU80*I80,2) -> 0 | U80: =CV80*I80 -> 0 | V80: =CW80*I80 -> 0 | W80: =ROUND(CX80*I80,2) -> 0 | X80: =ROUND(CY80,2) -> 0 | Y80: =ROUND(CZ80,2) -> 0 | AA80: 41727981 | AB80: =ROUND((AC80+AD80+AF80),6) -> 337 | AC80: =ROUND((ES80),6) -> 337 | AD80: =ROUND((((ET80)-(EU80))+AE80),6) -> 0 | AE80: =ROUND((EU80),6) -> 0 | AF80: =ROUND((EV80),6) -> 0 | AG80: =ROUND((AP80),6) -> 0 | AH80: =(EW80) -> 0 | AI80: =(EX80) -> 0 | AJ80: =(AS80) -> 0 | AK80: 337 | AL80: 337 | AM80: 0 | AN80: 0 | AO80: 0 | AP80: 0 | AQ80: 0 | AR80: 0 | AS80: 0 | AT80: 0 | AU80: 0 | AV80: 1 | AW80: 1 | AZ80: 1 | BA80: 1 | BB80: 1 | BC80: 1 | BH80: 3 | BI80: 3 | BM80: 1100 | BN80: 0 | BP80: 0 | BQ80: 8 | BR80: 0 | BS80: 1 | BT80: 1 | BU80: 1 | BV80: 1 | BW80: 1 | BX80: 1 | BZ80: 0 | CA80: 0 | CE80: 0 | CF80: 0 | CG80: 0 | CM80: 0 | CO80: 0 | CP80: =(P80+Q80+S80) -> 143225 | CQ80: =AC80 -> 337 | CR80: =AD80*BB80 -> 0 | CS80: =AE80 -> 0 | CT80: =AF80 -> 0 | CU80: =AG80 -> 0 | CV80: =AH80 -> 0 | CW80: =AI80 -> 0 | CX80: =AJ80 -> 0 | CY80: =(((S80+R80)*AT80)/100) -> 0 | CZ80: =(((S80+R80)*AU80)/100) -> 0 | DN80: 0 | DO80: 0 | DP80: 1 | DQ80: 1 | DU80: 1003 | DV80: м | DW80: м | DX80: 1 | EE80: 37164457 | EF80: 8 | EG80: Материалы строительные | EH80: 0 | EJ80: 1 | EK80: 1100 | EL80: Материалы, изделия и конструкции | EM80: материалы (03) | EQ80: 0 | ER80: 0 | ES80: 337 | ET80: 0 | EU80: 0 | EV80: 0 | EW80: 0 | EX80: 0 | EY80: 0 | EZ80: 5 | FC80: 1 | FD80: 18 | FF80: 404.4 | FQ80: 0 | FR80: =ROUND(IF(AND(BH80=3,BI80=3),P80,0),2) -> 143225 | FS80: 0 | FX80: 0 | FY80: 0 | GA80: [404,4 / 1,2] | GD80: 1 | GF80: -676543307 | GG80: 2 | GH80: 3 | GI80: -2 | GJ80: 0 | GK80: 0 | GL80: =ROUND(IF(AND(BH80=3,BI80=3,FS80<>0),P80,0),2) -> 0 | GM80: =ROUND(O80+X80+Y80,2)+GX80 -> 143225 | GN80: =IF(OR(BI80=0,BI80=1),ROUND(O80+X80+Y80,2),0) -> 0 | GO80: =IF(BI80=2,ROUND(O80+X80+Y80,2),0) -> 0 | GP80: =IF(BI80=4,ROUND(O80+X80+Y80,2)+GX80,0) -> 0 | GR80: 1 | GS80: 1 | GT80: 0 | GV80: =ROUND((GT80),6) -> 0 | GW80: 1 | GX80: =ROUND(HC80*I80,2) -> 0 | HA80: 0 | HB80: 0 | HC80: =GV80*GW80 -> 0 | HE80: 0 | HF80: 0 | HH80: =ROUND(AC80*I80,0) -> 143225 | IK80: 0
A81: 17 | B81: 1 | E81: 24 | F81: Цена поставщика | G81: Кабель для цифрового линейного обнаружения тепла TC 155( в т.ч.зип 50м) | H81: м | I81: 425 | J81: 0 | K81: 425 | O81: =ROUND(CP81,2) -> 30655.85 | P81: =ROUND(ROUND(CQ81*I81,0)/BC81,2) -> 30655.85 | Q81: =ROUND(CR81*I81,2) -> 0 | R81: =ROUND(CS81*I81,2) -> 0 | S81: =ROUND(CT81*I81,2) -> 0 | T81: =ROUND(CU81*I81,2) -> 0 | U81: =CV81*I81 -> 0 | V81: =CW81*I81 -> 0 | W81: =ROUND(CX81*I81,2) -> 0 | X81: =ROUND(CY81,2) -> 0 | Y81: =ROUND(CZ81,2) -> 0 | AA81: 41727979 | AB81: =ROUND((AC81+AD81+AF81),6) -> 351.28 | AC81: =ROUND((ES81),6) -> 351.28 | AD81: =ROUND((((ET81)-(EU81))+AE81),6) -> 0 | AE81: =ROUND((EU81),6) -> 0 | AF81: =ROUND((EV81),6) -> 0 | AG81: =ROUND((AP81),6) -> 0 | AH81: =(EW81) -> 0 | AI81: =(EX81) -> 0 | AJ81: =(AS81) -> 0 | AK81: 351.28 | AL81: 351.28 | AM81: 0 | AN81: 0 | AO81: 0 | AP81: 0 | AQ81: 0 | AR81: 0 | AS81: 0 | AT81: 0 | AU81: 0 | AV81: 1 | AW81: 1 | AZ81: 4.87 | BA81: 1 | BB81: 1 | BC81: 4.87 | BH81: 3 | BI81: 3 | BM81: 1100 | BN81: 0 | BO81: Письмо Минстроя России от 22.11.2021 №50719-ИФ/09 | BP81: 1 | BQ81: 8 | BR81: 0 | BS81: 1 | BT81: 1 | BU81: 1 | BV81: 1 | BW81: 1 | BX81: 1 | BZ81: 0 | CA81: 0 | CE81: 0 | CF81: 0 | CG81: 0 | CM81: 0 | CO81: 0 | CP81: =(P81+Q81+S81) -> 30655.85 | CQ81: =AC81 -> 351.28 | CR81: =AD81*BB81 -> 0 | CS81: =AE81 -> 0 | CT81: =AF81 -> 0 | CU81: =AG81 -> 0 | CV81: =AH81 -> 0 | CW81: =AI81 -> 0 | CX81: =AJ81 -> 0 | CY81: =(((S81+R81)*AT81)/100) -> 0 | CZ81: =(((S81+R81)*AU81)/100) -> 0 | DN81: 0 | DO81: 0 | DP81: 1 | DQ81: 1 | DU81: 1003 | DV81: м | DW81: м | DX81: 1 | EE81: 37164457 | EF81: 8 | EG81: Материалы строительные | EH81: 0 | EJ81: 1 | EK81: 1100 | EL81: Материалы, изделия и конструкции | EM81: материалы (03) | EQ81: 0 | ER81: 351.28 | ES81: 351.28 | ET81: 0 | EU81: 0 | EV81: 0 | EW81: 0 | EX81: 0 | EY81: 0 | EZ81: 5 | FC81: 1 | FD81: 18 | FF81: 404.4 | FQ81: 0 | FR81: =ROUND(IF(AND(BH81=3,BI81=3),P81,0),2) -> 30655.85 | FS81: 0 | FX81: 0 | FY81: 0 | GA81: [404,4 / 1,2] + 3% Трансп + 1,2% Заг.скл | GD81: 1 | GF81: -676543307 | GG81: 1 | GH81: 3 | GI81: 4 | GJ81: 0 | GK81: 0 | GL81: =ROUND(IF(AND(BH81=3,BI81=3,FS81<>0),P81,0),2) -> 0 | GM81: =ROUND(O81+X81+Y81,2)+GX81 -> 30655.85 | GN81: =IF(OR(BI81=0,BI81=1),ROUND(O81+X81+Y81,2),0) -> 0 | GO81: =IF(BI81=2,ROUND(O81+X81+Y81,2),0) -> 0 | GP81: =IF(BI81=4,ROUND(O81+X81+Y81,2)+GX81,0) -> 0 | GR81: 1 | GS81: 1 | GT81: 0 | GV81: =ROUND((GT81),6) -> 0 | GW81: 1 | GX81: =ROUND(HC81*I81,2) -> 0 | HA81: 0 | HB81: 0 | HC81: =GV81*GW81 -> 0 | HE81: 3 | HF81: 1,2 | HH81: =ROUND(AC81*I81,0) -> 149294 | IK81: 0
A82: 17 | B82: 1 | C82: =ROW(SmtRes!A152) -> 152 | D82: =ROW(EtalonRes!A152) -> 152 | E82: 25 | F82: м10-08-001-11 | G82: Устройства промежуточные на количество лучей: 10 | H82: ШТ | I82: 6 | J82: 0 | K82: 6 | O82: =ROUND(CP82,2) -> 388.77 | P82: =ROUND(CQ82*I82,2) -> 36.66 | Q82: =ROUND(CR82*I82,2) -> 0 | R82: =ROUND(CS82*I82,2) -> 0 | S82: =ROUND(CT82*I82,2) -> 352.11 | T82: =ROUND(CU82*I82,2) -> 0 | U82: =CV82*I82 -> 34.02 | V82: =CW82*I82 -> 0 | W82: =ROUND(CX82*I82,2) -> 0 | X82: =ROUND(CY82,2) -> 316.9 | Y82: =ROUND(CZ82,2) -> 161.97 | AA82: 41727981 | AB82: =ROUND((AC82+AD82+AF82),6) -> 64.7945 | AC82: =ROUND((ES82),6) -> 6.11 | AD82: =ROUND(((((ET82*ROUND(1.35,7)))-((EU82*ROUND(1.35,7))))+AE82),6) -> 0 | AE82: =ROUND(((EU82*ROUND(1.35,7))),6) -> 0 | AF82: =ROUND(((EV82*ROUND(1.35,7))),6) -> 58.6845 | AG82: =ROUND((AP82),6) -> 0 | AH82: =((EW82*ROUND(1.35,7))) -> 5.67 | AI82: =((EX82*ROUND(1.35,7))) -> 0 | AJ82: =(AS82) -> 0 | AK82: 49.58 | AL82: 6.11 | AM82: 0 | AN82: 0 | AO82: 43.47 | AP82: 0 | AQ82: 4.2 | AR82: 0 | AS82: 0 | AT82: 90 | AU82: 46 | AV82: 1 | AW82: 1 | AZ82: 1 | BA82: 1 | BB82: 1 | BC82: 1 | BH82: 0 | BI82: 2 | BJ82: ФЕРм-2001, м10-08-001-11, приказ Минстроя России № 876/пр от 26.12.2019 | BM82: 110011 | BN82: 0 | BP82: 0 | BQ82: 3 | BR82: 0 | BS82: 1 | BT82: 1 | BU82: 1 | BV82: 1 | BW82: 1 | BX82: 1 | BZ82: 90 | CA82: 46 | CE82: 0 | CF82: 0 | CG82: 0 | CM82: 0 | CN82: Поправка: Мет.421/пр 04.08.20 Пр.10 Т.3 п. 1.2 Наименование: Производство ремонтно-строительных работ осуществляется в помещениях эксплуатируемого объекта капитального строительства без остановки рабочего процесса, при этом: в зоне производства ремонтно-строительных работ имеются действующее технологическое или лабораторное оборудование, мебель и иные загромождающие помещения предметы | CO82: 0 | CP82: =(P82+Q82+S82) -> 388.77 | CQ82: =AC82*BC82 -> 6.11 | CR82: =AD82*BB82 -> 0 | CS82: =AE82 -> 0 | CT82: =AF82 -> 58.6845 | CU82: =AG82 -> 0 | CV82: =AH82 -> 5.67 | CW82: =AI82 -> 0 | CX82: =AJ82 -> 0 | CY82: =(((S82+R82)*AT82)/100) -> 316.899 | CZ82: =(((S82+R82)*AU82)/100) -> 161.9706 | DE82: )*1,35 | DF82: )*1,35 | DG82: )*1,35 | DI82: )*1,35 | DJ82: )*1,35 | DN82: 0 | DO82: 0 | DP82: 1 | DQ82: 1 | DU82: 1013 | DV82: ШТ | DW82: ШТ | DX82: 1 | EE82: 37164119 | EF82: 3 | EG82: Монтажные работы | EH82: 0 | EJ82: 2 | EK82: 110011 | EL82: Оборудование связи: прокладка и монтаж сетей связи | EM82: мФЕР-10 | EO82: Поправка: Мет.421/пр 04.08.20 Пр.10 Т.3 п. 1.2 | EQ82: 512 | ER82: 49.58 | ES82: 6.11 | ET82: 0 | EU82: 0 | EV82: 43.47 | EW82: 4.2 | EX82: 0 | EY82: 0 | FQ82: 0 | FR82: =ROUND(IF(AND(BH82=3,BI82=3),P82,0),2) -> 0 | FS82: 0 | FX82: 90 | FY82: 46 | GD82: 1 | GF82: 402334230 | GG82: 2 | GH82: 1 | GI82: -2 | GJ82: 0 | GK82: 0 | GL82: =ROUND(IF(AND(BH82=3,BI82=3,FS82<>0),P82,0),2) -> 0 | GM82: =ROUND(O82+X82+Y82,2)+GX82 -> 867.64 | GN82: =IF(OR(BI82=0,BI82=1),ROUND(O82+X82+Y82,2),0) -> 0 | GO82: =IF(BI82=2,ROUND(O82+X82+Y82,2),0) -> 867.64 | GP82: =IF(BI82=4,ROUND(O82+X82+Y82,2)+GX82,0) -> 0 | GR82: 0 | GS82: 3 | GT82: 0 | GV82: =ROUND((GT82),6) -> 0 | GW82: 1 | GX82: =ROUND(HC82*I82,2) -> 0 | HA82: 0 | HB82: 0 | HC82: =GV82*GW82 -> 0 | HN82: Пр/812-051.1-1 | HO82: Пр/774-051.1 | HP82: Оборудование связи: прокладка и монтаж сетей связи | HQ82: Оборудование связи: прокладка и монтаж сетей связи | IK82: 0
A83: 17 | B83: 1 | C83: =ROW(SmtRes!A158) -> 158 | D83: =ROW(EtalonRes!A158) -> 158 | E83: 25 | F83: м10-08-001-11 | G83: Устройства промежуточные на количество лучей: 10 | H83: ШТ | I83: 6 | J83: 0 | K83: 6 | O83: =ROUND(CP83,2) -> 388.77 | P83: =ROUND(CQ83*I83,2) -> 36.66 | Q83: =ROUND(CR83*I83,2) -> 0 | R83: =ROUND(CS83*I83,2) -> 0 | S83: =ROUND(CT83*I83,2) -> 352.11 | T83: =ROUND(CU83*I83,2) -> 0 | U83: =CV83*I83 -> 34.02 | V83: =CW83*I83 -> 0 | W83: =ROUND(CX83*I83,2) -> 0 | X83: =ROUND(CY83,2) -> 316.9 | Y83: =ROUND(CZ83,2) -> 161.97 | AA83: 41727979 | AB83: =ROUND((AC83+AD83+AF83),6) -> 64.7945 | AC83: =ROUND((ES83),6) -> 6.11 | AD83: =ROUND(((((ET83*ROUND(1.35,7)))-((EU83*ROUND(1.35,7))))+AE83),6) -> 0 | AE83: =ROUND(((EU83*ROUND(1.35,7))),6) -> 0 | AF83: =ROUND(((EV83*ROUND(1.35,7))),6) -> 58.6845 | AG83: =ROUND((AP83),6) -> 0 | AH83: =((EW83*ROUND(1.35,7))) -> 5.67 | AI83: =((EX83*ROUND(1.35,7))) -> 0 | AJ83: =(AS83) -> 0 | AK83: 49.58 | AL83: 6.11 | AM83: 0 | AN83: 0 | AO83: 43.47 | AP83: 0 | AQ83: 4.2 | AR83: 0 | AS83: 0 | AT83: 90 | AU83: 46 | AV83: 1 | AW83: 1 | AZ83: 1 | BA83: 1 | BB83: 1 | BC83: 1 | BH83: 0 | BI83: 2 | BJ83: ФЕРм-2001, м10-08-001-11, приказ Минстроя России № 876/пр от 26.12.2019 | BM83: 110011 | BN83: 0 | BO83: Письмо Минстроя России от 15.12.2021 №55265-ИФ/09 | BP83: 1 | BQ83: 3 | BR83: 0 | BS83: 1 | BT83: 1 | BU83: 1 | BV83: 1 | BW83: 1 | BX83: 1 | BZ83: 90 | CA83: 46 | CE83: 0 | CF83: 0 | CG83: 0 | CM83: 0 | CN83: Поправка: Мет.421/пр 04.08.20 Пр.10 Т.3 п. 1.2 Наименование: Производство ремонтно-строительных работ осуществляется в помещениях эксплуатируемого объекта капитального строительства без остановки рабочего процесса, при этом: в зоне производства ремонтно-строительных работ имеются действующее технологическое или лабораторное оборудование, мебель и иные загромождающие помещения предметы | CO83: 0 | CP83: =(P83+Q83+S83) -> 388.77 | CQ83: =AC83*BC83 -> 6.11 | CR83: =AD83*BB83 -> 0 | CS83: =AE83 -> 0 | CT83: =AF83 -> 58.6845 | CU83: =AG83 -> 0 | CV83: =AH83 -> 5.67 | CW83: =AI83 -> 0 | CX83: =AJ83 -> 0 | CY83: =(((S83+R83)*AT83)/100) -> 316.899 | CZ83: =(((S83+R83)*AU83)/100) -> 161.9706 | DE83: )*1,35 | DF83: )*1,35 | DG83: )*1,35 | DI83: )*1,35 | DJ83: )*1,35 | DN83: 0 | DO83: 0 | DP83: 1 | DQ83: 1 | DU83: 1013 | DV83: ШТ | DW83: ШТ | DX83: 1 | EE83: 37164119 | EF83: 3 | EG83: Монтажные работы | EH83: 0 | EJ83: 2 | EK83: 110011 | EL83: Оборудование связи: прокладка и монтаж сетей связи | EM83: мФЕР-10 | EO83: Поправка: Мет.421/пр 04.08.20 Пр.10 Т.3 п. 1.2 | EQ83: 512 | ER83: 49.58 | ES83: 6.11 | ET83: 0 | EU83: 0 | EV83: 43.47 | EW83: 4.2 | EX83: 0 | EY83: 0 | FQ83: 0 | FR83: =ROUND(IF(AND(BH83=3,BI83=3),P83,0),2) -> 0 | FS83: 0 | FX83: 90 | FY83: 46 | GD83: 1 | GF83: 402334230 | GG83: 1 | GH83: 1 | GI83: 4 | GJ83: 0 | GK83: 0 | GL83: =ROUND(IF(AND(BH83=3,BI83=3,FS83<>0),P83,0),2) -> 0 | GM83: =ROUND(O83+X83+Y83,2)+GX83 -> 867.64 | GN83: =IF(OR(BI83=0,BI83=1),ROUND(O83+X83+Y83,2),0) -> 0 | GO83: =IF(BI83=2,ROUND(O83+X83+Y83,2),0) -> 867.64 | GP83: =IF(BI83=4,ROUND(O83+X83+Y83,2)+GX83,0) -> 0 | GR83: 0 | GS83: 3 | GT83: 0 | GV83: =ROUND((GT83),6) -> 0 | GW83: 1 | GX83: =ROUND(HC83*I83,2) -> 0 | HA83: 0 | HB83: 0 | HC83: =GV83*GW83 -> 0 | HN83: Пр/812-051.1-1 | HO83: Пр/774-051.1 | HP83: Оборудование связи: прокладка и монтаж сетей связи | HQ83: Оборудование связи: прокладка и монтаж сетей связи | IK83: 0
A84: 17 | B84: 1 | E84: 26 | F84: Цена поставщика | G84: Адресный расширитель С2000 АР8 | H84: ШТ | I84: 6 | J84: 0 | K84: 6 | O84: =ROUND(CP84,2) -> 9656 | P84: =ROUND(ROUND(CQ84*I84,0)/BC84,2) -> 9656 | Q84: =ROUND(CR84*I84,2) -> 0 | R84: =ROUND(CS84*I84,2) -> 0 | S84: =ROUND(CT84*I84,2) -> 0 | T84: =ROUND(CU84*I84,2) -> 0 | U84: =CV84*I84 -> 0 | V84: =CW84*I84 -> 0 | W84: =ROUND(CX84*I84,2) -> 0 | X84: =ROUND(CY84,2) -> 0 | Y84: =ROUND(CZ84,2) -> 0 | AA84: 41727981 | AB84: =ROUND((AC84+AD84+AF84),6) -> 1609.4 | AC84: =ROUND((ES84),6) -> 1609.4 | AD84: =ROUND((((ET84)-(EU84))+AE84),6) -> 0 | AE84: =ROUND((EU84),6) -> 0 | AF84: =ROUND((EV84),6) -> 0 | AG84: =ROUND((AP84),6) -> 0 | AH84: =(EW84) -> 0 | AI84: =(EX84) -> 0 | AJ84: =(AS84) -> 0 | AK84: 1609.4 | AL84: 1609.4 | AM84: 0 | AN84: 0 | AO84: 0 | AP84: 0 | AQ84: 0 | AR84: 0 | AS84: 0 | AT84: 0 | AU84: 0 | AV84: 1 | AW84: 1 | AZ84: 1 | BA84: 1 | BB84: 1 | BC84: 1 | BH84: 3 | BI84: 3 | BM84: 1100 | BN84: 0 | BP84: 0 | BQ84: 8 | BR84: 0 | BS84: 1 | BT84: 1 | BU84: 1 | BV84: 1 | BW84: 1 | BX84: 1 | BZ84: 0 | CA84: 0 | CE84: 0 | CF84: 0 | CG84: 0 | CM84: 0 | CO84: 0 | CP84: =(P84+Q84+S84) -> 9656 | CQ84: =AC84 -> 1609.4 | CR84: =AD84*BB84 -> 0 | CS84: =AE84 -> 0 | CT84: =AF84 -> 0 | CU84: =AG84 -> 0 | CV84: =AH84 -> 0 | CW84: =AI84 -> 0 | CX84: =AJ84 -> 0 | CY84: =(((S84+R84)*AT84)/100) -> 0 | CZ84: =(((S84+R84)*AU84)/100) -> 0 | DN84: 0 | DO84: 0 | DP84: 1 | DQ84: 1 | DU84: 1013 | DV84: ШТ | DW84: ШТ | DX84: 1 | EE84: 37164457 | EF84: 8 | EG84: Материалы строительные | EH84: 0 | EJ84: 1 | EK84: 1100 | EL84: Материалы, изделия и конструкции | EM84: материалы (03) | EQ84: 0 | ER84: 0 | ES84: 1609.4 | ET84: 0 | EU84: 0 | EV84: 0 | EW84: 0 | EX84: 0 | EY84: 0 | EZ84: 5 | FC84: 1 | FD84: 18 | FF84: 1931.28 | FQ84: 0 | FR84: =ROUND(IF(AND(BH84=3,BI84=3),P84,0),2) -> 9656 | FS84: 0 | FX84: 0 | FY84: 0 | GA84: [1 931,28 / 1,2] | GD84: 1 | GF84: -1040052289 | GG84: 2 | GH84: 3 | GI84: -2 | GJ84: 0 | GK84: 0 | GL84: =ROUND(IF(AND(BH84=3,BI84=3,FS84<>0),P84,0),2) -> 0 | GM84: =ROUND(O84+X84+Y84,2)+GX84 -> 9656 | GN84: =IF(OR(BI84=0,BI84=1),ROUND(O84+X84+Y84,2),0) -> 0 | GO84: =IF(BI84=2,ROUND(O84+X84+Y84,2),0) -> 0 | GP84: =IF(BI84=4,ROUND(O84+X84+Y84,2)+GX84,0) -> 0 | GR84: 1 | GS84: 1 | GT84: 0 | GV84: =ROUND((GT84),6) -> 0 | GW84: 1 | GX84: =ROUND(HC84*I84,2) -> 0 | HA84: 0 | HB84: 0 | HC84: =GV84*GW84 -> 0 | HE84: 0 | HF84: 0 | HH84: =ROUND(AC84*I84,0) -> 9656 | IK84: 0
A85: 17 | B85: 1 | E85: 26 | F85: Цена поставщика | G85: Адресный расширитель С2000 АР8 | H85: ШТ | I85: 6 | J85: 0 | K85: 6 | O85: =ROUND(CP85,2) -> 2066.74 | P85: =ROUND(ROUND(CQ85*I85,0)/BC85,2) -> 2066.74 | Q85: =ROUND(CR85*I85,2) -> 0 | R85: =ROUND(CS85*I85,2) -> 0 | S85: =ROUND(CT85*I85,2) -> 0 | T85: =ROUND(CU85*I85,2) -> 0 | U85: =CV85*I85 -> 0 | V85: =CW85*I85 -> 0 | W85: =ROUND(CX85*I85,2) -> 0 | X85: =ROUND(CY85,2) -> 0 | Y85: =ROUND(CZ85,2) -> 0 | AA85: 41727979 | AB85: =ROUND((AC85+AD85+AF85),6) -> 1677.57 | AC85: =ROUND((ES85),6) -> 1677.57 | AD85: =ROUND((((ET85)-(EU85))+AE85),6) -> 0 | AE85: =ROUND((EU85),6) -> 0 | AF85: =ROUND((EV85),6) -> 0 | AG85: =ROUND((AP85),6) -> 0 | AH85: =(EW85) -> 0 | AI85: =(EX85) -> 0 | AJ85: =(AS85) -> 0 | AK85: 1677.57 | AL85: 1677.57 | AM85: 0 | AN85: 0 | AO85: 0 | AP85: 0 | AQ85: 0 | AR85: 0 | AS85: 0 | AT85: 0 | AU85: 0 | AV85: 1 | AW85: 1 | AZ85: 4.87 | BA85: 1 | BB85: 1 | BC85: 4.87 | BH85: 3 | BI85: 3 | BM85: 1100 | BN85: 0 | BO85: Письмо Минстроя России от 22.11.2021 №50719-ИФ/09 | BP85: 1 | BQ85: 8 | BR85: 0 | BS85: 1 | BT85: 1 | BU85: 1 | BV85: 1 | BW85: 1 | BX85: 1 | BZ85: 0 | CA85: 0 | CE85: 0 | CF85: 0 | CG85: 0 | CM85: 0 | CO85: 0 | CP85: =(P85+Q85+S85) -> 2066.74 | CQ85: =AC85 -> 1677.57 | CR85: =AD85*BB85 -> 0 | CS85: =AE85 -> 0 | CT85: =AF85 -> 0 | CU85: =AG85 -> 0 | CV85: =AH85 -> 0 | CW85: =AI85 -> 0 | CX85: =AJ85 -> 0 | CY85: =(((S85+R85)*AT85)/100) -> 0 | CZ85: =(((S85+R85)*AU85)/100) -> 0 | DN85: 0 | DO85: 0 | DP85: 1 | DQ85: 1 | DU85: 1013 | DV85: ШТ | DW85: ШТ | DX85: 1 | EE85: 37164457 | EF85: 8 | EG85: Материалы строительные | EH85: 0 | EJ85: 1 | EK85: 1100 | EL85: Материалы, изделия и конструкции | EM85: материалы (03) | EQ85: 0 | ER85: 1677.57 | ES85: 1677.57 | ET85: 0 | EU85: 0 | EV85: 0 | EW85: 0 | EX85: 0 | EY85: 0 | EZ85: 5 | FC85: 1 | FD85: 18 | FF85: 1931.28 | FQ85: 0 | FR85: =ROUND(IF(AND(BH85=3,BI85=3),P85,0),2) -> 2066.74 | FS85: 0 | FX85: 0 | FY85: 0 | GA85: [1 931,28 / 1,2] + 3% Трансп + 1,2% Заг.скл | GD85: 1 | GF85: -1040052289 | GG85: 1 | GH85: 3 | GI85: 4 | GJ85: 0 | GK85: 0 | GL85: =ROUND(IF(AND(BH85=3,BI85=3,FS85<>0),P85,0),2) -> 0 | GM85: =ROUND(O85+X85+Y85,2)+GX85 -> 2066.74 | GN85: =IF(OR(BI85=0,BI85=1),ROUND(O85+X85+Y85,2),0) -> 0 | GO85: =IF(BI85=2,ROUND(O85+X85+Y85,2),0) -> 0 | GP85: =IF(BI85=4,ROUND(O85+X85+Y85,2)+GX85,0) -> 0 | GR85: 1 | GS85: 1 | GT85: 0 | GV85: =ROUND((GT85),6) -> 0 | GW85: 1 | GX85: =ROUND(HC85*I85,2) -> 0 | HA85: 0 | HB85: 0 | HC85: =GV85*GW85 -> 0 | HE85: 3 | HF85: 1,2 | HH85: =ROUND(AC85*I85,0) -> 10065 | IK85: 0
A86: 17 | B86: 1 | C86: =ROW(SmtRes!A164) -> 164 | D86: =ROW(EtalonRes!A164) -> 164 | E86: 27 | F86: м10-08-001-09 | G86: Приборы приемно-контрольные объектовые на: 2 луча | H86: ШТ | I86: 6 | J86: 0 | K86: 6 | O86: =ROUND(CP86,2) -> 504.18 | P86: =ROUND(CQ86*I86,2) -> 26.28 | Q86: =ROUND(CR86*I86,2) -> 0 | R86: =ROUND(CS86*I86,2) -> 0 | S86: =ROUND(CT86*I86,2) -> 477.9 | T86: =ROUND(CU86*I86,2) -> 0 | U86: =CV86*I86 -> 46.17 | V86: =CW86*I86 -> 0 | W86: =ROUND(CX86*I86,2) -> 0 | X86: =ROUND(CY86,2) -> 430.11 | Y86: =ROUND(CZ86,2) -> 219.83 | AA86: 41727981 | AB86: =ROUND((AC86+AD86+AF86),6) -> 84.03 | AC86: =ROUND((ES86),6) -> 4.38 | AD86: =ROUND(((((ET86*ROUND(1.35,7)))-((EU86*ROUND(1.35,7))))+AE86),6) -> 0 | AE86: =ROUND(((EU86*ROUND(1.35,7))),6) -> 0 | AF86: =ROUND(((EV86*ROUND(1.35,7))),6) -> 79.65 | AG86: =ROUND((AP86),6) -> 0 | AH86: =((EW86*ROUND(1.35,7))) -> 7.695 | AI86: =((EX86*ROUND(1.35,7))) -> 0 | AJ86: =(AS86) -> 0 | AK86: 63.38 | AL86: 4.38 | AM86: 0 | AN86: 0 | AO86: 59 | AP86: 0 | AQ86: 5.7 | AR86: 0 | AS86: 0 | AT86: 90 | AU86: 46 | AV86: 1 | AW86: 1 | AZ86: 1 | BA86: 1 | BB86: 1 | BC86: 1 | BH86: 0 | BI86: 2 | BJ86: ФЕРм-2001, м10-08-001-09, приказ Минстроя России № 876/пр от 26.12.2019 | BM86: 110011 | BN86: 0 | BP86: 0 | BQ86: 3 | BR86: 0 | BS86: 1 | BT86: 1 | BU86: 1 | BV86: 1 | BW86: 1 | BX86: 1 | BZ86: 90 | CA86: 46 | CE86: 0 | CF86: 0 | CG86: 0 | CM86: 0 | CN86: Поправка: Мет.421/пр 04.08.20 Пр.10 Т.3 п. 1.2 Наименование: Производство ремонтно-строительных работ осуществляется в помещениях эксплуатируемого объекта капитального строительства без остановки рабочего процесса, при этом: в зоне производства ремонтно-строительных работ имеются действующее технологическое или лабораторное оборудование, мебель и иные загромождающие помещения предметы | CO86: 0 | CP86: =(P86+Q86+S86) -> 504.18 | CQ86: =AC86*BC86 -> 4.38 | CR86: =AD86*BB86 -> 0 | CS86: =AE86 -> 0 | CT86: =AF86 -> 79.65 | CU86: =AG86 -> 0 | CV86: =AH86 -> 7.695 | CW86: =AI86 -> 0 | CX86: =AJ86 -> 0 | CY86: =(((S86+R86)*AT86)/100) -> 430.11 | CZ86: =(((S86+R86)*AU86)/100) -> 219.834 | DE86: )*1,35 | DF86: )*1,35 | DG86: )*1,35 | DI86: )*1,35 | DJ86: )*1,35 | DN86: 0 | DO86: 0 | DP86: 1 | DQ86: 1 | DU86: 1013 | DV86: ШТ | DW86: ШТ | DX86: 1 | EE86: 37164119 | EF86: 3 | EG86: Монтажные работы | EH86: 0 | EJ86: 2 | EK86: 110011 | EL86: Оборудование связи: прокладка и монтаж сетей связи | EM86: мФЕР-10 | EO86: Поправка: Мет.421/пр 04.08.20 Пр.10 Т.3 п. 1.2 | EQ86: 512 | ER86: 63.38 | ES86: 4.38 | ET86: 0 | EU86: 0 | EV86: 59 | EW86: 5.7 | EX86: 0 | EY86: 0 | FQ86: 0 | FR86: =ROUND(IF(AND(BH86=3,BI86=3),P86,0),2) -> 0 | FS86: 0 | FX86: 90 | FY86: 46 | GD86: 1 | GF86: -858029561 | GG86: 2 | GH86: 1 | GI86: -2 | GJ86: 0 | GK86: 0 | GL86: =ROUND(IF(AND(BH86=3,BI86=3,FS86<>0),P86,0),2) -> 0 | GM86: =ROUND(O86+X86+Y86,2)+GX86 -> 1154.12 | GN86: =IF(OR(BI86=0,BI86=1),ROUND(O86+X86+Y86,2),0) -> 0 | GO86: =IF(BI86=2,ROUND(O86+X86+Y86,2),0) -> 1154.12 | GP86: =IF(BI86=4,ROUND(O86+X86+Y86,2)+GX86,0) -> 0 | GR86: 0 | GS86: 3 | GT86: 0 | GV86: =ROUND((GT86),6) -> 0 | GW86: 1 | GX86: =ROUND(HC86*I86,2) -> 0 | HA86: 0 | HB86: 0 | HC86: =GV86*GW86 -> 0 | HN86: Пр/812-051.1-1 | HO86: Пр/774-051.1 | HP86: Оборудование связи: прокладка и монтаж сетей связи | HQ86: Оборудование связи: прокладка и монтаж сетей связи | IK86: 0
A87: 17 | B87: 1 | C87: =ROW(SmtRes!A170) -> 170 | D87: =ROW(EtalonRes!A170) -> 170 | E87: 27 | F87: м10-08-001-09 | G87: Приборы приемно-контрольные объектовые на: 2 луча | H87: ШТ | I87: 6 | J87: 0 | K87: 6 | O87: =ROUND(CP87,2) -> 504.18 | P87: =ROUND(CQ87*I87,2) -> 26.28 | Q87: =ROUND(CR87*I87,2) -> 0 | R87: =ROUND(CS87*I87,2) -> 0 | S87: =ROUND(CT87*I87,2) -> 477.9 | T87: =ROUND(CU87*I87,2) -> 0 | U87: =CV87*I87 -> 46.17 | V87: =CW87*I87 -> 0 | W87: =ROUND(CX87*I87,2) -> 0 | X87: =ROUND(CY87,2) -> 430.11 | Y87: =ROUND(CZ87,2) -> 219.83 | AA87: 41727979 | AB87: =ROUND((AC87+AD87+AF87),6) -> 84.03 | AC87: =ROUND((ES87),6) -> 4.38 | AD87: =ROUND(((((ET87*ROUND(1.35,7)))-((EU87*ROUND(1.35,7))))+AE87),6) -> 0 | AE87: =ROUND(((EU87*ROUND(1.35,7))),6) -> 0 | AF87: =ROUND(((EV87*ROUND(1.35,7))),6) -> 79.65 | AG87: =ROUND((AP87),6) -> 0 | AH87: =((EW87*ROUND(1.35,7))) -> 7.695 | AI87: =((EX87*ROUND(1.35,7))) -> 0 | AJ87: =(AS87) -> 0 | AK87: 63.38 | AL87: 4.38 | AM87: 0 | AN87: 0 | AO87: 59 | AP87: 0 | AQ87: 5.7 | AR87: 0 | AS87: 0 | AT87: 90 | AU87: 46 | AV87: 1 | AW87: 1 | AZ87: 1 | BA87: 1 | BB87: 1 | BC87: 1 | BH87: 0 | BI87: 2 | BJ87: ФЕРм-2001, м10-08-001-09, приказ Минстроя России № 876/пр от 26.12.2019 | BM87: 110011 | BN87: 0 | BO87: Письмо Минстроя России от 15.12.2021 №55265-ИФ/09 | BP87: 1 | BQ87: 3 | BR87: 0 | BS87: 1 | BT87: 1 | BU87: 1 | BV87: 1 | BW87: 1 | BX87: 1 | BZ87: 90 | CA87: 46 | CE87: 0 | CF87: 0 | CG87: 0 | CM87: 0 | CN87: Поправка: Мет.421/пр 04.08.20 Пр.10 Т.3 п. 1.2 Наименование: Производство ремонтно-строительных работ осуществляется в помещениях эксплуатируемого объекта капитального строительства без остановки рабочего процесса, при этом: в зоне производства ремонтно-строительных работ имеются действующее технологическое или лабораторное оборудование, мебель и иные загромождающие помещения предметы | CO87: 0 | CP87: =(P87+Q87+S87) -> 504.18 | CQ87: =AC87*BC87 -> 4.38 | CR87: =AD87*BB87 -> 0 | CS87: =AE87 -> 0 | CT87: =AF87 -> 79.65 | CU87: =AG87 -> 0 | CV87: =AH87 -> 7.695 | CW87: =AI87 -> 0 | CX87: =AJ87 -> 0 | CY87: =(((S87+R87)*AT87)/100) -> 430.11 | CZ87: =(((S87+R87)*AU87)/100) -> 219.834 | DE87: )*1,35 | DF87: )*1,35 | DG87: )*1,35 | DI87: )*1,35 | DJ87: )*1,35 | DN87: 0 | DO87: 0 | DP87: 1 | DQ87: 1 | DU87: 1013 | DV87: ШТ | DW87: ШТ | DX87: 1 | EE87: 37164119 | EF87: 3 | EG87: Монтажные работы | EH87: 0 | EJ87: 2 | EK87: 110011 | EL87: Оборудование связи: прокладка и монтаж сетей связи | EM87: мФЕР-10 | EO87: Поправка: Мет.421/пр 04.08.20 Пр.10 Т.3 п. 1.2 | EQ87: 512 | ER87: 63.38 | ES87: 4.38 | ET87: 0 | EU87: 0 | EV87: 59 | EW87: 5.7 | EX87: 0 | EY87: 0 | FQ87: 0 | FR87: =ROUND(IF(AND(BH87=3,BI87=3),P87,0),2) -> 0 | FS87: 0 | FX87: 90 | FY87: 46 | GD87: 1 | GF87: -858029561 | GG87: 1 | GH87: 1 | GI87: 4 | GJ87: 0 | GK87: 0 | GL87: =ROUND(IF(AND(BH87=3,BI87=3,FS87<>0),P87,0),2) -> 0 | GM87: =ROUND(O87+X87+Y87,2)+GX87 -> 1154.12 | GN87: =IF(OR(BI87=0,BI87=1),ROUND(O87+X87+Y87,2),0) -> 0 | GO87: =IF(BI87=2,ROUND(O87+X87+Y87,2),0) -> 1154.12 | GP87: =IF(BI87=4,ROUND(O87+X87+Y87,2)+GX87,0) -> 0 | GR87: 0 | GS87: 3 | GT87: 0 | GV87: =ROUND((GT87),6) -> 0 | GW87: 1 | GX87: =ROUND(HC87*I87,2) -> 0 | HA87: 0 | HB87: 0 | HC87: =GV87*GW87 -> 0 | HN87: Пр/812-051.1-1 | HO87: Пр/774-051.1 | HP87: Оборудование связи: прокладка и монтаж сетей связи | HQ87: Оборудование связи: прокладка и монтаж сетей связи | IK87: 0
A88: 17 | B88: 1 | E88: 28 | F88: Цена поставщика | G88: Интерфейсный модуль МИП-3 | H88: ШТ | I88: 6 | J88: 0 | K88: 6 | O88: =ROUND(CP88,2) -> 44760 | P88: =ROUND(ROUND(CQ88*I88,0)/BC88,2) -> 44760 | Q88: =ROUND(CR88*I88,2) -> 0 | R88: =ROUND(CS88*I88,2) -> 0 | S88: =ROUND(CT88*I88,2) -> 0 | T88: =ROUND(CU88*I88,2) -> 0 | U88: =CV88*I88 -> 0 | V88: =CW88*I88 -> 0 | W88: =ROUND(CX88*I88,2) -> 0 | X88: =ROUND(CY88,2) -> 0 | Y88: =ROUND(CZ88,2) -> 0 | AA88: 41727981 | AB88: =ROUND((AC88+AD88+AF88),6) -> 7460 | AC88: =ROUND((ES88),6) -> 7460 | AD88: =ROUND((((ET88)-(EU88))+AE88),6) -> 0 | AE88: =ROUND((EU88),6) -> 0 | AF88: =ROUND((EV88),6) -> 0 | AG88: =ROUND((AP88),6) -> 0 | AH88: =(EW88) -> 0 | AI88: =(EX88) -> 0 | AJ88: =(AS88) -> 0 | AK88: 7460 | AL88: 7460 | AM88: 0 | AN88: 0 | AO88: 0 | AP88: 0 | AQ88: 0 | AR88: 0 | AS88: 0 | AT88: 0 | AU88: 0 | AV88: 1 | AW88: 1 | AZ88: 1 | BA88: 1 | BB88: 1 | BC88: 1 | BH88: 3 | BI88: 3 | BM88: 1100 | BN88: 0 | BP88: 0 | BQ88: 8 | BR88: 0 | BS88: 1 | BT88: 1 | BU88: 1 | BV88: 1 | BW88: 1 | BX88: 1 | BZ88: 0 | CA88: 0 | CE88: 0 | CF88: 0 | CG88: 0 | CM88: 0 | CO88: 0 | CP88: =(P88+Q88+S88) -> 44760 | CQ88: =AC88 -> 7460 | CR88: =AD88*BB88 -> 0 | CS88: =AE88 -> 0 | CT88: =AF88 -> 0 | CU88: =AG88 -> 0 | CV88: =AH88 -> 0 | CW88: =AI88 -> 0 | CX88: =AJ88 -> 0 | CY88: =(((S88+R88)*AT88)/100) -> 0 | CZ88: =(((S88+R88)*AU88)/100) -> 0 | DN88: 0 | DO88: 0 | DP88: 1 | DQ88: 1 | DU88: 1013 | DV88: ШТ | DW88: ШТ | DX88: 1 | EE88: 37164457 | EF88: 8 | EG88: Материалы строительные | EH88: 0 | EJ88: 1 | EK88: 1100 | EL88: Материалы, изделия и конструкции | EM88: материалы (03) | EQ88: 0 | ER88: 0 | ES88: 7460 | ET88: 0 | EU88: 0 | EV88: 0 | EW88: 0 | EX88: 0 | EY88: 0 | EZ88: 5 | FC88: 1 | FD88: 18 | FF88: 8952 | FQ88: 0 | FR88: =ROUND(IF(AND(BH88=3,BI88=3),P88,0),2) -> 44760 | FS88: 0 | FX88: 0 | FY88: 0 | GA88: [8 952 / 1,2] | GD88: 1 | GF88: -2086042672 | GG88: 2 | GH88: 3 | GI88: -2 | GJ88: 0 | GK88: 0 | GL88: =ROUND(IF(AND(BH88=3,BI88=3,FS88<>0),P88,0),2) -> 0 | GM88: =ROUND(O88+X88+Y88,2)+GX88 -> 44760 | GN88: =IF(OR(BI88=0,BI88=1),ROUND(O88+X88+Y88,2),0) -> 0 | GO88: =IF(BI88=2,ROUND(O88+X88+Y88,2),0) -> 0 | GP88: =IF(BI88=4,ROUND(O88+X88+Y88,2)+GX88,0) -> 0 | GR88: 1 | GS88: 1 | GT88: 0 | GV88: =ROUND((GT88),6) -> 0 | GW88: 1 | GX88: =ROUND(HC88*I88,2) -> 0 | HA88: 0 | HB88: 0 | HC88: =GV88*GW88 -> 0 | HE88: 0 | HF88: 0 | HH88: =ROUND(AC88*I88,0) -> 44760 | IK88: 0
A89: 17 | B89: 1 | E89: 28 | F89: Цена поставщика | G89: Интерфейсный модуль МИП-3 | H89: ШТ | I89: 6 | J89: 0 | K89: 6 | O89: =ROUND(CP89,2) -> 9580.29 | P89: =ROUND(ROUND(CQ89*I89,0)/BC89,2) -> 9580.29 | Q89: =ROUND(CR89*I89,2) -> 0 | R89: =ROUND(CS89*I89,2) -> 0 | S89: =ROUND(CT89*I89,2) -> 0 | T89: =ROUND(CU89*I89,2) -> 0 | U89: =CV89*I89 -> 0 | V89: =CW89*I89 -> 0 | W89: =ROUND(CX89*I89,2) -> 0 | X89: =ROUND(CY89,2) -> 0 | Y89: =ROUND(CZ89,2) -> 0 | AA89: 41727979 | AB89: =ROUND((AC89+AD89+AF89),6) -> 7776.01 | AC89: =ROUND((ES89),6) -> 7776.01 | AD89: =ROUND((((ET89)-(EU89))+AE89),6) -> 0 | AE89: =ROUND((EU89),6) -> 0 | AF89: =ROUND((EV89),6) -> 0 | AG89: =ROUND((AP89),6) -> 0 | AH89: =(EW89) -> 0 | AI89: =(EX89) -> 0 | AJ89: =(AS89) -> 0 | AK89: 7776.01 | AL89: 7776.01 | AM89: 0 | AN89: 0 | AO89: 0 | AP89: 0 | AQ89: 0 | AR89: 0 | AS89: 0 | AT89: 0 | AU89: 0 | AV89: 1 | AW89: 1 | AZ89: 4.87 | BA89: 1 | BB89: 1 | BC89: 4.87 | BH89: 3 | BI89: 3 | BM89: 1100 | BN89: 0 | BO89: Письмо Минстроя России от 22.11.2021 №50719-ИФ/09 | BP89: 1 | BQ89: 8 | BR89: 0 | BS89: 1 | BT89: 1 | BU89: 1 | BV89: 1 | BW89: 1 | BX89: 1 | BZ89: 0 | CA89: 0 | CE89: 0 | CF89: 0 | CG89: 0 | CM89: 0 | CO89: 0 | CP89: =(P89+Q89+S89) -> 9580.29 | CQ89: =AC89 -> 7776.01 | CR89: =AD89*BB89 -> 0 | CS89: =AE89 -> 0 | CT89: =AF89 -> 0 | CU89: =AG89 -> 0 | CV89: =AH89 -> 0 | CW89: =AI89 -> 0 | CX89: =AJ89 -> 0 | CY89: =(((S89+R89)*AT89)/100) -> 0 | CZ89: =(((S89+R89)*AU89)/100) -> 0 | DN89: 0 | DO89: 0 | DP89: 1 | DQ89: 1 | DU89: 1013 | DV89: ШТ | DW89: ШТ | DX89: 1 | EE89: 37164457 | EF89: 8 | EG89: Материалы строительные | EH89: 0 | EJ89: 1 | EK89: 1100 | EL89: Материалы, изделия и конструкции | EM89: материалы (03) | EQ89: 0 | ER89: 7776.01 | ES89: 7776.01 | ET89: 0 | EU89: 0 | EV89: 0 | EW89: 0 | EX89: 0 | EY89: 0 | EZ89: 5 | FC89: 1 | FD89: 18 | FF89: 8952 | FQ89: 0 | FR89: =ROUND(IF(AND(BH89=3,BI89=3),P89,0),2) -> 9580.29 | FS89: 0 | FX89: 0 | FY89: 0 | GA89: [8 952 / 1,2] + 3% Трансп + 1,2% Заг.скл | GD89: 1 | GF89: -2086042672 | GG89: 1 | GH89: 3 | GI89: 4 | GJ89: 0 | GK89: 0 | GL89: =ROUND(IF(AND(BH89=3,BI89=3,FS89<>0),P89,0),2) -> 0 | GM89: =ROUND(O89+X89+Y89,2)+GX89 -> 9580.29 | GN89: =IF(OR(BI89=0,BI89=1),ROUND(O89+X89+Y89,2),0) -> 0 | GO89: =IF(BI89=2,ROUND(O89+X89+Y89,2),0) -> 0 | GP89: =IF(BI89=4,ROUND(O89+X89+Y89,2)+GX89,0) -> 0 | GR89: 1 | GS89: 1 | GT89: 0 | GV89: =ROUND((GT89),6) -> 0 | GW89: 1 | GX89: =ROUND(HC89*I89,2) -> 0 | HA89: 0 | HB89: 0 | HC89: =GV89*GW89 -> 0 | HE89: 3 | HF89: 1,2 | HH89: =ROUND(AC89*I89,0) -> 46656 | IK89: 0
